Workbook
Name _: #REF!
Name _: #REF!
Name _: #REF!
Name _: #REF!
Name _: #REF!
Name _: #REF!
Name _: #REF!
Name ___AFC1: [1]INV!$A$25:$D$28
Name ___AFC3: [1]INV!$F$25:$I$28
Name ___AFC5: [1]INV!$K$25:$N$28
Name ___BGC1: [1]INV!$A$5:$D$8
Name ___BGC3: [1]INV!$F$5:$I$8
Name ___BGC5: [1]INV!$K$5:$N$8
Name ___CAC1: [1]INV!$A$19:$D$22
Name ___CAC3: [1]INV!$F$19:$I$22
Name ___CAC5: [1]INV!$K$19:$N$22
Name ___EST1: #REF!
Name ___EST1: #REF!
Name ___EST1: #REF!
Name ___EST1: #REF!
Name ___EST1: #REF!
Name ___EST1: #REF!
Name ___EST10: #REF!
Name ___EST10: #REF!
Name ___EST10: #REF!
Name ___EST10: #REF!
Name ___EST10: #REF!
Name ___EST10: #REF!
Name ___EST11: #REF!
Name ___EST11: #REF!
Name ___EST11: #REF!
Name ___EST11: #REF!
Name ___EST11: #REF!
Name ___EST11: #REF!
Name ___EST12: #REF!
Name ___EST12: #REF!
Name ___EST12: #REF!
Name ___EST12: #REF!
Name ___EST12: #REF!
Name ___EST12: #REF!
Name ___EST13: #REF!
Name ___EST13: #REF!
Name ___EST13: #REF!
Name ___EST13: #REF!
Name ___EST13: #REF!
Name ___EST13: #REF!
Name ___EST14: #REF!
Name ___EST14: #REF!
Name ___EST14: #REF!
Name ___EST14: #REF!
Name ___EST14: #REF!
Name ___EST14: #REF!
Name ___EST15: #REF!
Name ___EST15: #REF!
Name ___EST15: #REF!
Name ___EST15: #REF!
Name ___EST15: #REF!
Name ___EST15: #REF!
Name ___EST16: #REF!
Name ___EST16: #REF!

Sheet Conformación
A1: FONDO FINANCIERO DE PROYECTOS DE DESARROLLO FONADE DEPARTAMENTO PARA LA PROSPERIDAD SOCIAL -DPS CONVENIO INTERADMINISTRATIVO Nº 212080 INTERVENTORÍA TÉCNICA, ADMINISTRATIVA Y DE CONTROL PRESUPUESTAL PARA LA CONSTRUCCIÓN DEL CENTRO INTEGRADO COMUNITARIO CISCO SAN JOSÉ – FASE I, MUNICIPIO DE MANIZALES – CALDAS CONVOCATORIA SIMPLIFICADA CSI 005-2018
A4: No. | B4: NOMBRE DEL OFERENTE | C4: REPRESENTANTE LEGAL | D4: INTEGRANTES | E4: Integrante 1 | F4: % Int. 1 | G4: Integrante 2 | H4: % Int. 2 | I4: INTEGRANTE 3 | J4: % Int. 3 | K4: INTEGRANTE 4 | L4: % Int. 4 | M4: INTEGRANTE 5 | N4: % Int. 5 | O4: Telefono | P4: FAX | Q4: Direccion | R4: Email | S4: Ciudad | T4: APOYO INDUSTRIA NACIONAL
A5: 1 | B5: CONSULTORIA ESTRUCTURAL Y DE CONSTRUCCION S.A.S. - CEYCO INGENIERIA SAS | C5: GUILLERMO ANDRÉS CAMACHO OBREGÓN | D5: (CONSULTORIA ESTRUCTURAL Y DE CONSTRUCCION S.A.S. - CEYCO INGENIERIA SAS 100% - 0% - 0%- 0%- 0%) | E5: CONSULTORIA ESTRUCTURAL Y DE CONSTRUCCION S.A.S. - CEYCO INGENIERIA SAS | F5: 1 | O5: 7580765 3174396245 | Q5: Calle 171#56 A-05 | R5: ceycoingenieria@gmail.com | S5: Bogotá | T5: OK
A6: 2 | B6: NELSY LIDIA CRUZ SUAREZ | C6: NELSY LIDIA CRUZ SUAREZ | D6: (NELSY LIDIA CRUZ SUAREZ 100% - 0% - 0%- 0%- 0%) | E6: NELSY LIDIA CRUZ SUAREZ | F6: 1 | O6: 3576038 | Q6: Calle 122 No. 18 C 26 Of 203 | R6: nelsy.cruz@nc-ing.com | S6: Bogotá | T6: OK
A7: 3 | B7: CONSTRUCTORA JAIME URIBE S.A.S | C7: LUCIA MARGARITA CHACON PEREZ | D7: (CONSTRUCTORA JAIME URIBE S.A.S 100% - 0% - 0%- 0%- 0%) | E7: CONSTRUCTORA JAIME URIBE S.A.S | F7: 1 | O7: 3208864085 | Q7: Calle 59 # 13-52 Ofic 402 | R7: licitaciones.constructorajuj@gmail.com | S7: Bogotá | T7: OK
A8: 4 | B8: CONSORCIO INTER SAN JOSE | C8: YOHAN FAHIR BERMUDEZ PARRA | D8: (YOHAN FAHIR BERMUDEZ PARRA 65% - FEDERICO GARCIA ARBELAEZ 35% - 0%- 0%- 0%) | E8: YOHAN FAHIR BERMUDEZ PARRA | F8: 0.65 | G8: FEDERICO GARCIA ARBELAEZ | H8: 0.35 | O8: 4567970 | P8: 4567970 | Q8: Carrera 71B No. 55 – 15 | R8: johanfahir@gmail.com | S8: Bogotá | T8: OK
A9: 5 | B9: CIVING INGENIEROS CONTRATISTAS S.A.S. | C9: FABIAN OMAR VALLEJO OBANDO | D9: (CIVING INGENIEROS CONTRATISTAS S.A.S. 100% - 0% - 0%- 0%- 0%) | E9: CIVING INGENIEROS CONTRATISTAS S.A.S. | F9: 1 | O9: 2491147 | Q9: Transversal 24 # 59-07 | R9: ccivinging@gmail.com | S9: Bogotá | T9: OK
A10: 6 | B10: CONSORCIO CSI005-C&P | C10: BLANCA INES BUITRAGO FARAH | D10: (PROMOTORA VALORES S.A.S. 50% - CONSULTAR CON PROFESIONALES Y CIA LTDA 50% - 0%- 0%- 0%) | E10: PROMOTORA VALORES S.A.S. | F10: 0.5 | G10: CONSULTAR CON PROFESIONALES Y CIA LTDA | H10: 0.5 | O10: 6206908 | Q10: Carrera 7 No. 124.35 oficina 302 | R10: promotoravalores@gmail.com | S10: Bogotá | T10: OK
A11: 7 | B11: CONSTRUCTODO INGENIEROS CONTRATISTAS LTDA. | C11: HENRY ALBERTO CASTRO REINA | D11: (CONSTRUCTODO INGENIEROS CONTRATISTAS LTDA. 100% - 0% - 0%- 0%- 0%) | E11: CONSTRUCTODO INGENIEROS CONTRATISTAS LTDA. | F11: 1 | O11: 7589566 | P11: 7589566 | Q11: AVENIDA CARACAS No 34-86 OFICINA 408 | R11: electrónico constructodoltda@gmail.com | S11: Bogotá | T11: OK
A12: 8 | B12: ORTEGA ROLDAN Y CIA LTDA | C12: JAIME ANTONIO ORTEGA RESTREPO | D12: (ORTEGA ROLDAN Y CIA LTDA 100% - 0% - 0%- 0%- 0%) | E12: ORTEGA ROLDAN Y CIA LTDA | F12: 1 | O12: 2180969 | Q12: Calle 93 No. 14-20 OF 506 | R12: ortegaroldanltda@gmail.com | S12: Bogotá | T12: OK
A13: 9 | B13: PROYECTISTAS ASOCIADOS S.A.S. | C13: OSCAR ANDRÉS PLAZAS ROLDÁN | D13: (PROYECTISTAS ASOCIADOS S.A.S. 100% - 0% - 0%- 0%- 0%) | E13: PROYECTISTAS ASOCIADOS S.A.S. | F13: 1 | O13: 3907134 3228533677 | Q13: Carrera 7 # 156-10 oficina 1604 | R13: contacto@proyectistasasociados.co | S13: Bogotá | T13: OK
A14: 10 | B14: INGENIERIA DE PROYECTOS S.A.S. | C14: PEDRO ANTONIO GUTIERREZ BUSTILLO | D14: (INGENIERIA DE PROYECTOS S.A.S. 100% - 0% - 0%- 0%- 0%) | E14: INGENIERIA DE PROYECTOS S.A.S. | F14: 1 | O14: 3562690 3562691 | Q14: Avenida 19 120-71 of 104 | R14: eduardo.rodriguez@ingeco.com.co | S14: Bogotá | T14: OK

Sheet K-Kr Constructor
A1: FONDO FINANCIERO DE PROYECTOS DE DESARROLLO FONADE DEPARTAMENTO PARA LA PROSPERIDAD SOCIAL -DPS CONVENIO INTERADMINISTRATIVO Nº 212080 INTERVENTORÍA TÉCNICA, ADMINISTRATIVA Y DE CONTROL PRESUPUESTAL PARA LA CONSTRUCCIÓN DEL CENTRO INTEGRADO COMUNITARIO CISCO SAN JOSÉ – FASE I, MUNICIPIO DE MANIZALES – CALDAS CONVOCATORIA SIMPLIFICADA CSI 005-2018
A2: REQUISITOS MINIMOS DE CARÁCTER TECNICO
A4: SMMLV AÑO ACTUAL | B4: 781242
A5: PRESUPUESTO | B5: 160070650
A6: POE (SMMLV) | B6: =+B5/B4 -> 204.89253
A7: 150% POE (SMMLV) - Puntaje K adicional | B7: =+B6*150% -> 307.3388 | C7: (cuando aplique)
A8: 150% POE ($) - Puntaje K adicional | B8: =+B7*B4 -> 2.4010597e+08 | C8: (cuando aplique)
A10: Capacidad de Organización (CO) | D10: Cálculo de la Experiencia (E )
D11: Experiencia (E) =
D14: Mayor a | E14: Menor o igual a | F14: Puntaje
D15: 0 | E15: 3 | F15: 60
D16: 3 | E16: 6 | F16: 80
A17: DÓLAR | B17: MINIMO EN USD | C17: MINIMO EN PESOS | D17: 6 | E17: 10 | F17: 100
A18: 1853.3 | B18: 125000 | C18: =+B18*A18 -> 231662500 | D18: 10 | E18: Mayores | F18: 120
A21: Cálculo de la Capacidad Financiera (CF) | D21: Cálculo de la Capacidad Técnica (CT)
A22: Índice de liquidez = | D22: Capacidad técnica (CT) se asigna con base en la siguiente tabla:
A24: Mayor o igual a | B24: Menor a | C24: Puntaje | D24: Desde | E24: Hasta | F24: Puntaje
A25: 0 | B25: 0.5 | C25: 20 | D25: 1 | E25: 5 | F25: 20
A26: 0.5 | B26: 0.75 | C26: 25 | D26: 6 | E26: 10 | F26: 30
A27: 0.75 | B27: 1 | C27: 30 | D27: 11 | E27: Mayores | F27: 40
A28: 1 | B28: 1.5 | C28: 35
A29: 1.5 | B29: Mayores | C29: 40
A31: OFERENTE | B31: =VLOOKUP(A32,Conformación!$A$5:$N$131,2,FALSE) -> CONSULTORIA ESTRUCTURAL Y DE CONSTRUCCION S.A.S. - CEYCO INGENIERIA SAS
A32: 1 | B32: =VLOOKUP(A32,Conformación!$A$5:$N$131,4,FALSE) -> (CONSULTORIA ESTRUCTURAL Y DE CONSTRUCCION S.A.S. - CEYCO INGENIERIA SAS 100% - 0% - 0%- 0%- 0%)
A35: DESCRIPCIÓN | B35: INTEGRANTE 1 | C35: INTEGRANTE 2 | D35: INTEGRANTE 3 | E35: INTEGRANTE 4 | F35: OBSERVACIONES
B36: =VLOOKUP(A32,Conformación!$A$5:$N$131,5,FALSE) -> CONSULTORIA ESTRUCTURAL Y DE CONSTRUCCION S.A.S. - CEYCO INGENIERIA SAS | C36: =VLOOKUP(A32,Conformación!$A$5:$N$131,7,FALSE) -> 0 | D36: =VLOOKUP(A32,Conformación!$A$5:$N$131,9,FALSE) -> 0 | E36: =VLOOKUP(A32,Conformación!$A$5:$N$131,11,FALSE) -> 0
B37: =VLOOKUP(A32,Conformación!$A$5:$N$131,6,FALSE) -> 1 | C37: =VLOOKUP(A32,Conformación!$A$5:$N$131,8,FALSE) -> 0 | D37: =VLOOKUP(A32,Conformación!$A$5:$N$131,10,FALSE) -> 0 | E37: =VLOOKUP(A32,Conformación!$A$5:$N$131,12,FALSE) -> 0
A38: Capacidad de Organización (CO) | B38: =B39 -> 0 | C38: =+C39 -> 0
A39: Mayor ingreso operacional | G39: FORMATO 18
A40: Puntos * experiencia (E ) | B40: =+IF(AND(B42>$D$15,B42<=$E$15),$F$15,IF(AND(B42>$D$16,B42<=$E$16),$F$16,IF(AND(B42>$D$17,B42<=$E$17),$F$17,IF(B42>$D$18,$F$18,"N/A")))) -> N/A | C40: =+IF(AND(C42>$D$15,C42<=$E$15),$F$15,IF(AND(C42>$D$16,C42<=$E$16),$F$16,IF(AND(C42>$D$17,C42<=$E$17),$F$17,IF(C42>$D$18,$F$18,"N/A")))) -> #DIV/0! | D40: =+IF(AND(D42>$D$15,D42<=$E$15),$F$15,IF(AND(D42>$D$16,D42<=$E$16),$F$16,IF(AND(D42>$D$17,D42<=$E$17),$F$17,IF(D42>$D$18,$F$18,"N/A")))) -> #DIV/0! | E40: =+IF(AND(E42>$D$15,E42<=$E$15),$F$15,IF(AND(E42>$D$16,E42<=$E$16),$F$16,IF(AND(E42>$D$17,E42<=$E$17),$F$17,IF(E42>$D$18,$F$18,"N/A")))) -> #DIV/0!
A41: Valor Total de los contratos (RUP) | G41: FORMATO 15 VALOR TOTAL
A42: Calculo de la Experiencia | B42: =+(B41/($B$5*B37)) -> 0 | C42: =+(C41/($B$5*C37)) -> #DIV/0! | D42: =+(D41/($B$5*D37)) -> #DIV/0! | E42: =+(E41/($B$5*E37)) -> #DIV/0!
A43: Puntos * capacidad Financiera (CF) | B43: =+IF(AND(B44>=$A$25,B44<$B$25),$C$25,IF(AND(B44>=$A$26,B44<$B$26),$C$26,IF(AND(B44>=$A$27,B44<$B$27),$C$27,IF(AND(B44>=$A$28,B44<$B$28),$C$28,IF(B44>=$A$29,$C$29,"N/A"))))) -> 20 | C43: =+IF(AND(C44>=$A$25,C44<$B$25),$C$25,IF(AND(C44>=$A$26,C44<$B$26),$C$26,IF(AND(C44>=$A$27,C44<$B$27),$C$27,IF(AND(C44>=$A$28,C44<$B$28),$C$28,IF(C44>=$A$29,$C$29,"N/A"))))) -> 20 | D43: =+IF(AND(D44>=$A$25,D44<$B$25),$C$25,IF(AND(D44>=$A$26,D44<$B$26),$C$26,IF(AND(D44>=$A$27,D44<$B$27),$C$27,IF(AND(D44>=$A$28,D44<$B$28),$C$28,IF(D44>=$A$29,$C$29,"N/A"))))) -> 20 | E43: =+IF(AND(E44>=$A$25,E44<$B$25),$C$25,IF(AND(E44>=$A$26,E44<$B$26),$C$26,IF(AND(E44>=$A$27,E44<$B$27),$C$27,IF(AND(E44>=$A$28,E44<$B$28),$C$28,IF(E44>=$A$29,$C$29,"N/A"))))) -> 20
A44: Indice de Liquidez | G44: RUP
A45: Puntos * Capacidad Técnica (CT) | B45: =+IF(AND(B46>=$D$25,B46<=$E$25),$F$25,IF(AND(B46>=$D$26,B46<=$E$26),$F$26,IF(B46>=$D$27,$F$27,"N/A"))) -> N/A | C45: =+IF(AND(C46>=$D$25,C46<=$E$25),$F$25,IF(AND(C46>=$D$26,C46<=$E$26),$F$26,IF(C46>=$D$27,$F$27,"N/A"))) -> N/A | D45: =+IF(AND(D46>=$D$25,D46<=$E$25),$F$25,IF(AND(D46>=$D$26,D46<=$E$26),$F$26,IF(D46>=$D$27,$F$27,"N/A"))) -> N/A | E45: =+IF(AND(E46>=$D$25,E46<=$E$25),$F$25,IF(AND(E46>=$D$26,E46<=$E$26),$F$26,IF(E46>=$D$27,$F$27,"N/A"))) -> N/A
A46: Numero de Profesionales | G46: FORMATO 16
A47: Saldo de contratos en ejecución (SCE) | B47: =+'Saldos de contratos (SCE)'!H21 -> #DIV/0! | C47: =+'Saldos de contratos (SCE)'!H40 -> #DIV/0! | D47: =+'Saldos de contratos (SCE)'!H59 -> #DIV/0! | E47: =+'Saldos de contratos (SCE)'!H78 -> #DIV/0!
A48: CAPACIDAD RESIDUAL DEL OFERENTE | B48: =+((B38*((B40+B43+B45)/100))-B47) -> #VALUE! | C48: =+((C38*((C40+C43+C45)/100))-C47) -> #DIV/0! | D48: =+((D38*((D40+D43+D45)/100))-D47) -> #DIV/0! | E48: =+((E38*((E40+E43+E45)/100))-E47) -> #DIV/0!
E49: =SUM(B48:C48) -> #VALUE! | F49: =+IF(E49>=$B$5,"CUMPLE KR",IF(E49<$B$5,"NO CUMPLE KR")) -> #VALUE! | G49: =+IF($E$49>$B$8,"60","REVISAR PUNTAJE") -> #VALUE! | H49: Asignación puntaje factor técnico - puntaje por capacidad residual adicional a la mínima exigida
A52: OFERENTE | B52: =VLOOKUP(A53,Conformación!$A$5:$N$131,2,FALSE) -> NELSY LIDIA CRUZ SUAREZ
A53: 2 | B53: =VLOOKUP(A53,Conformación!$A$5:$N$131,4,FALSE) -> (NELSY LIDIA CRUZ SUAREZ 100% - 0% - 0%- 0%- 0%)
A56: DESCRIPCIÓN | B56: INTEGRANTE 1 | C56: INTEGRANTE 2 | D56: INTEGRANTE 3 | E56: INTEGRANTE 4 | F56: OBSERVACIONES
B57: =VLOOKUP(A53,Conformación!$A$5:$N$131,5,FALSE) -> NELSY LIDIA CRUZ SUAREZ | C57: =VLOOKUP(A53,Conformación!$A$5:$N$131,7,FALSE) -> 0 | D57: =VLOOKUP(A53,Conformación!$A$5:$N$131,9,FALSE) -> 0 | E57: =VLOOKUP(A53,Conformación!$A$5:$N$131,11,FALSE) -> 0
B58: =VLOOKUP(A53,Conformación!$A$5:$N$131,6,FALSE) -> 1 | C58: =VLOOKUP(A53,Conformación!$A$5:$N$131,8,FALSE) -> 0 | D58: =VLOOKUP(A53,Conformación!$A$5:$N$131,10,FALSE) -> 0 | E58: =VLOOKUP(A53,Conformación!$A$5:$N$131,12,FALSE) -> 0
A59: Capacidad de Organización (CO) | B59: =B60 -> 0 | C59: =C60 -> 0 | D59: =D60 -> 0
A60: Mayor ingreso operacional | G60: FORMATO 18
A61: Puntos * experiencia (E ) | B61: =+IF(AND(B63>$D$15,B63<=$E$15),$F$15,IF(AND(B63>$D$16,B63<=$E$16),$F$16,IF(AND(B63>$D$17,B63<=$E$17),$F$17,IF(B63>$D$18,$F$18,"N/A")))) -> N/A | C61: =+IF(AND(C63>$D$15,C63<=$E$15),$F$15,IF(AND(C63>$D$16,C63<=$E$16),$F$16,IF(AND(C63>$D$17,C63<=$E$17),$F$17,IF(C63>$D$18,$F$18,"N/A")))) -> #DIV/0! | D61: =+IF(AND(D63>$D$15,D63<=$E$15),$F$15,IF(AND(D63>$D$16,D63<=$E$16),$F$16,IF(AND(D63>$D$17,D63<=$E$17),$F$17,IF(D63>$D$18,$F$18,"N/A")))) -> #DIV/0! | E61: =+IF(AND(E63>$D$15,E63<=$E$15),$F$15,IF(AND(E63>$D$16,E63<=$E$16),$F$16,IF(AND(E63>$D$17,E63<=$E$17),$F$17,IF(E63>$D$18,$F$18,"N/A")))) -> #DIV/0!
A62: Valor Total de los contratos (RUP) | G62: FORMATO 15 VALOR TOTAL
A63: Calculo de la Experiencia | B63: =+(B62/($B$5*B58)) -> 0 | C63: =+(C62/($B$5*C58)) -> #DIV/0! | D63: =+(D62/($B$5*D58)) -> #DIV/0! | E63: =+(E62/($B$5*E58)) -> #DIV/0!
A64: Puntos * capacidad Financiera (CF) | B64: =+IF(AND(B65>=$A$25,B65<$B$25),$C$25,IF(AND(B65>=$A$26,B65<$B$26),$C$26,IF(AND(B65>=$A$27,B65<$B$27),$C$27,IF(AND(B65>=$A$28,B65<$B$28),$C$28,IF(B65>=$A$29,$C$29,"N/A"))))) -> 20 | C64: =+IF(AND(C65>=$A$25,C65<$B$25),$C$25,IF(AND(C65>=$A$26,C65<$B$26),$C$26,IF(AND(C65>=$A$27,C65<$B$27),$C$27,IF(AND(C65>=$A$28,C65<$B$28),$C$28,IF(C65>=$A$29,$C$29,"N/A"))))) -> 20 | D64: =+IF(AND(D65>=$A$25,D65<$B$25),$C$25,IF(AND(D65>=$A$26,D65<$B$26),$C$26,IF(AND(D65>=$A$27,D65<$B$27),$C$27,IF(AND(D65>=$A$28,D65<$B$28),$C$28,IF(D65>=$A$29,$C$29,"N/A"))))) -> 20 | E64: =+IF(AND(E65>=$A$25,E65<$B$25),$C$25,IF(AND(E65>=$A$26,E65<$B$26),$C$26,IF(AND(E65>=$A$27,E65<$B$27),$C$27,IF(AND(E65>=$A$28,E65<$B$28),$C$28,IF(E65>=$A$29,$C$29,"N/A"))))) -> 20
A65: Indice de Liquidez | G65: RUP
A66: Puntos * Capacidad Técnica (CT) | B66: =+IF(AND(B67>=$D$25,B67<=$E$25),$F$25,IF(AND(B67>=$D$26,B67<=$E$26),$F$26,IF(B67>=$D$27,$F$27,"N/A"))) -> N/A | C66: =+IF(AND(C67>=$D$25,C67<=$E$25),$F$25,IF(AND(C67>=$D$26,C67<=$E$26),$F$26,IF(C67>=$D$27,$F$27,"N/A"))) -> N/A | D66: =+IF(AND(D67>=$D$25,D67<=$E$25),$F$25,IF(AND(D67>=$D$26,D67<=$E$26),$F$26,IF(D67>=$D$27,$F$27,"N/A"))) -> N/A | E66: =+IF(AND(E67>=$D$25,E67<=$E$25),$F$25,IF(AND(E67>=$D$26,E67<=$E$26),$F$26,IF(E67>=$D$27,$F$27,"N/A"))) -> N/A
A67: Numero de Profesionales | G67: FORMATO 16
A68: Saldo de contratos en ejecución (SCE) | B68: =+'Saldos de contratos (SCE)'!H101 -> 0 | C68: =+'Saldos de contratos (SCE)'!H120 -> #DIV/0! | D68: =+'Saldos de contratos (SCE)'!H139 -> #DIV/0! | E68: =+'Saldos de contratos (SCE)'!H336 -> 0
A69: CAPACIDAD RESIDUAL DEL OFERENTE | B69: =+((B59*((B61+B64+B66)/100))-B68) -> #VALUE! | C69: =+((C59*((C61+C64+C66)/100))-C68) -> #DIV/0! | D69: =+((D59*((D61+D64+D66)/100))-D68) -> #DIV/0! | E69: =+((E59*((E61+E64+E66)/100))-E68) -> #DIV/0!
E70: =SUM(B69:C69) -> #VALUE! | F70: =+IF(E70>=$B$5,"CUMPLE KR",IF(E70<$B$5,"NO CUMPLE KR")) -> #VALUE! | G70: =+IF($E$70>$B$8,"60","REVISAR PUNTAJE") -> #VALUE! | H70: Asignación puntaje factor técnico - puntaje por capacidad residual adicional a la mínima exigida
A73: OFERENTE | B73: =VLOOKUP(A74,Conformación!$A$5:$N$131,2,FALSE) -> CONSTRUCTORA JAIME URIBE S.A.S
A74: 3 | B74: =VLOOKUP(A74,Conformación!$A$5:$N$131,4,FALSE) -> (CONSTRUCTORA JAIME URIBE S.A.S 100% - 0% - 0%- 0%- 0%)
A77: DESCRIPCIÓN | B77: INTEGRANTE 1 | C77: INTEGRANTE 2 | D77: INTEGRANTE 3 | E77: INTEGRANTE 4 | F77: OBSERVACIONES
B78: =VLOOKUP(A74,Conformación!$A$5:$N$131,5,FALSE) -> CONSTRUCTORA JAIME URIBE S.A.S | C78: =VLOOKUP(A74,Conformación!$A$5:$N$131,7,FALSE) -> 0 | D78: =VLOOKUP(A74,Conformación!$A$5:$N$131,9,FALSE) -> 0 | E78: =VLOOKUP(A74,Conformación!$A$5:$N$131,11,FALSE) -> 0
B79: =VLOOKUP(A74,Conformación!$A$5:$N$131,6,FALSE) -> 1 | C79: =VLOOKUP(A74,Conformación!$A$5:$N$131,8,FALSE) -> 0 | D79: =VLOOKUP(A74,Conformación!$A$5:$N$131,10,FALSE) -> 0 | E79: =VLOOKUP(A74,Conformación!$A$5:$N$131,12,FALSE) -> 0
A80: Capacidad de Organización (CO) | B80: =B81 -> 0 | C80: =C81 -> 0 | D80: =D81 -> 0 | E80: =E81 -> 0
A81: Mayor ingreso operacional | G81: FORMATO 18
A82: Puntos * experiencia (E ) | B82: =+IF(AND(B84>$D$15,B84<=$E$15),$F$15,IF(AND(B84>$D$16,B84<=$E$16),$F$16,IF(AND(B84>$D$17,B84<=$E$17),$F$17,IF(B84>$D$18,$F$18,"N/A")))) -> N/A | C82: =+IF(AND(C84>$D$15,C84<=$E$15),$F$15,IF(AND(C84>$D$16,C84<=$E$16),$F$16,IF(AND(C84>$D$17,C84<=$E$17),$F$17,IF(C84>$D$18,$F$18,"N/A")))) -> #DIV/0! | D82: =+IF(AND(D84>$D$15,D84<=$E$15),$F$15,IF(AND(D84>$D$16,D84<=$E$16),$F$16,IF(AND(D84>$D$17,D84<=$E$17),$F$17,IF(D84>$D$18,$F$18,"N/A")))) -> #DIV/0! | E82: =+IF(AND(E84>$D$15,E84<=$E$15),$F$15,IF(AND(E84>$D$16,E84<=$E$16),$F$16,IF(AND(E84>$D$17,E84<=$E$17),$F$17,IF(E84>$D$18,$F$18,"N/A")))) -> #DIV/0!
A83: Valor Total de los contratos (RUP) | G83: FORMATO 15 VALOR TOTAL
A84: Calculo de la Experiencia | B84: =+(B83/($B$5*B79)) -> 0 | C84: =+(C83/($B$5*C79)) -> #DIV/0! | D84: =+(D83/($B$5*D79)) -> #DIV/0! | E84: =+(E83/($B$5*E79)) -> #DIV/0!
A85: Puntos * capacidad Financiera (CF) | B85: =+IF(AND(B86>=$A$25,B86<$B$25),$C$25,IF(AND(B86>=$A$26,B86<$B$26),$C$26,IF(AND(B86>=$A$27,B86<$B$27),$C$27,IF(AND(B86>=$A$28,B86<$B$28),$C$28,IF(B86>=$A$29,$C$29,"N/A"))))) -> 20 | C85: =+IF(AND(C86>=$A$25,C86<$B$25),$C$25,IF(AND(C86>=$A$26,C86<$B$26),$C$26,IF(AND(C86>=$A$27,C86<$B$27),$C$27,IF(AND(C86>=$A$28,C86<$B$28),$C$28,IF(C86>=$A$29,$C$29,"N/A"))))) -> 20 | D85: =+IF(AND(D86>=$A$25,D86<$B$25),$C$25,IF(AND(D86>=$A$26,D86<$B$26),$C$26,IF(AND(D86>=$A$27,D86<$B$27),$C$27,IF(AND(D86>=$A$28,D86<$B$28),$C$28,IF(D86>=$A$29,$C$29,"N/A"))))) -> 20 | E85: =+IF(AND(E86>=$A$25,E86<$B$25),$C$25,IF(AND(E86>=$A$26,E86<$B$26),$C$26,IF(AND(E86>=$A$27,E86<$B$27),$C$27,IF(AND(E86>=$A$28,E86<$B$28),$C$28,IF(E86>=$A$29,$C$29,"N/A"))))) -> 20
A86: Indice de Liquidez | G86: RUP
A87: Puntos * Capacidad Técnica (CT) | B87: =+IF(AND(B88>=$D$25,B88<=$E$25),$F$25,IF(AND(B88>=$D$26,B88<=$E$26),$F$26,IF(B88>=$D$27,$F$27,"N/A"))) -> N/A | C87: =+IF(AND(C88>=$D$25,C88<=$E$25),$F$25,IF(AND(C88>=$D$26,C88<=$E$26),$F$26,IF(C88>=$D$27,$F$27,"N/A"))) -> N/A | D87: =+IF(AND(D88>=$D$25,D88<=$E$25),$F$25,IF(AND(D88>=$D$26,D88<=$E$26),$F$26,IF(D88>=$D$27,$F$27,"N/A"))) -> N/A | E87: =+IF(AND(E88>=$D$25,E88<=$E$25),$F$25,IF(AND(E88>=$D$26,E88<=$E$26),$F$26,IF(E88>=$D$27,$F$27,"N/A"))) -> N/A
A88: Numero de Profesionales | G88: FORMATO 16
A89: Saldo de contratos en ejecución (SCE) | B89: =+'Saldos de contratos (SCE)'!H181 -> #DIV/0! | C89: =+'Saldos de contratos (SCE)'!H200 -> #DIV/0! | D89: =+'Saldos de contratos (SCE)'!H219 -> #DIV/0! | E89: =+'Saldos de contratos (SCE)'!H360 -> #DIV/0!
A90: CAPACIDAD RESIDUAL DEL OFERENTE | B90: =+((B80*((B82+B85+B87)/100))-B89) -> #VALUE! | C90: =+((C80*((C82+C85+C87)/100))-C89) -> #DIV/0! | D90: =+((D80*((D82+D85+D87)/100))-D89) -> #DIV/0! | E90: =+((E80*((E82+E85+E87)/100))-E89) -> #DIV/0!
E91: =SUM(B90) -> #VALUE! | F91: =+IF(E91>=$B$5,"CUMPLE KR",IF(E91<$B$5,"NO CUMPLE KR")) -> #VALUE! | G91: =+IF($E$91>$B$8,"60","REVISAR PUNTAJE") -> #VALUE! | H91: Asignación puntaje factor técnico - puntaje por capacidad residual adicional a la mínima exigida
A93: OFERENTE | B93: =VLOOKUP(A94,Conformación!$A$5:$N$131,2,FALSE) -> CONSORCIO INTER SAN JOSE
A94: 4 | B94: =VLOOKUP(A94,Conformación!$A$5:$N$131,4,FALSE) -> (YOHAN FAHIR BERMUDEZ PARRA 65% - FEDERICO GARCIA ARBELAEZ 35% - 0%- 0%- 0%)
A97: DESCRIPCIÓN | B97: INTEGRANTE 1 | C97: INTEGRANTE 2 | D97: INTEGRANTE 3 | E97: INTEGRANTE 4 | F97: OBSERVACIONES
B98: =VLOOKUP(A94,Conformación!$A$5:$N$131,5,FALSE) -> YOHAN FAHIR BERMUDEZ PARRA | C98: =VLOOKUP(A94,Conformación!$A$5:$N$131,7,FALSE) -> FEDERICO GARCIA ARBELAEZ | D98: =VLOOKUP(A94,Conformación!$A$5:$N$131,9,FALSE) -> 0 | E98: =VLOOKUP(A94,Conformación!$A$5:$N$131,11,FALSE) -> 0
B99: =VLOOKUP(A94,Conformación!$A$5:$N$131,6,FALSE) -> 0.65 | C99: =VLOOKUP(A94,Conformación!$A$5:$N$131,8,FALSE) -> 0.35 | D99: =VLOOKUP(A94,Conformación!$A$5:$N$131,10,FALSE) -> 0 | E99: =VLOOKUP(A94,Conformación!$A$5:$N$131,12,FALSE) -> 0
A100: Capacidad de Organización (CO) | B100: =B101 -> 0 | C100: =C101 -> 0 | D100: =D101 -> 0
A101: Mayor ingreso operacional | G101: FORMATO 18
A102: Puntos * experiencia (E ) | B102: =+IF(AND(B104>$D$15,B104<=$E$15),$F$15,IF(AND(B104>$D$16,B104<=$E$16),$F$16,IF(AND(B104>$D$17,B104<=$E$17),$F$17,IF(B104>$D$18,$F$18,"N/A")))) -> N/A | C102: =+IF(AND(C104>$D$15,C104<=$E$15),$F$15,IF(AND(C104>$D$16,C104<=$E$16),$F$16,IF(AND(C104>$D$17,C104<=$E$17),$F$17,IF(C104>$D$18,$F$18,"N/A")))) -> N/A | D102: =+IF(AND(D104>$D$15,D104<=$E$15),$F$15,IF(AND(D104>$D$16,D104<=$E$16),$F$16,IF(AND(D104>$D$17,D104<=$E$17),$F$17,IF(D104>$D$18,$F$18,"N/A")))) -> #DIV/0! | E102: =+IF(AND(E104>$D$15,E104<=$E$15),$F$15,IF(AND(E104>$D$16,E104<=$E$16),$F$16,IF(AND(E104>$D$17,E104<=$E$17),$F$17,IF(E104>$D$18,$F$18,"N/A")))) -> #DIV/0!
A103: Valor Total de los contratos (RUP) | G103: FORMATO 15 VALOR TOTAL
A104: Calculo de la Experiencia | B104: =+(B103/($B$5*B99)) -> 0 | C104: =+(C103/($B$5*C99)) -> 0 | D104: =+(D103/($B$5*D99)) -> #DIV/0! | E104: =+(E103/($B$5*E99)) -> #DIV/0!
A105: Puntos * capacidad Financiera (CF) | B105: =+IF(AND(B106>=$A$25,B106<$B$25),$C$25,IF(AND(B106>=$A$26,B106<$B$26),$C$26,IF(AND(B106>=$A$27,B106<$B$27),$C$27,IF(AND(B106>=$A$28,B106<$B$28),$C$28,IF(B106>=$A$29,$C$29,"N/A"))))) -> 20 | C105: =+IF(AND(C106>=$A$25,C106<$B$25),$C$25,IF(AND(C106>=$A$26,C106<$B$26),$C$26,IF(AND(C106>=$A$27,C106<$B$27),$C$27,IF(AND(C106>=$A$28,C106<$B$28),$C$28,IF(C106>=$A$29,$C$29,"N/A"))))) -> 20 | D105: =+IF(AND(D106>=$A$25,D106<$B$25),$C$25,IF(AND(D106>=$A$26,D106<$B$26),$C$26,IF(AND(D106>=$A$27,D106<$B$27),$C$27,IF(AND(D106>=$A$28,D106<$B$28),$C$28,IF(D106>=$A$29,$C$29,"N/A"))))) -> 20 | E105: =+IF(AND(E106>=$A$25,E106<$B$25),$C$25,IF(AND(E106>=$A$26,E106<$B$26),$C$26,IF(AND(E106>=$A$27,E106<$B$27),$C$27,IF(AND(E106>=$A$28,E106<$B$28),$C$28,IF(E106>=$A$29,$C$29,"N/A"))))) -> 20
A106: Indice de Liquidez | G106: RUP
A107: Puntos * Capacidad Técnica (CT) | B107: =+IF(AND(B108>=$D$25,B108<=$E$25),$F$25,IF(AND(B108>=$D$26,B108<=$E$26),$F$26,IF(B108>=$D$27,$F$27,"N/A"))) -> N/A | C107: =+IF(AND(C108>=$D$25,C108<=$E$25),$F$25,IF(AND(C108>=$D$26,C108<=$E$26),$F$26,IF(C108>=$D$27,$F$27,"N/A"))) -> N/A | D107: =+IF(AND(D108>=$D$25,D108<=$E$25),$F$25,IF(AND(D108>=$D$26,D108<=$E$26),$F$26,IF(D108>=$D$27,$F$27,"N/A"))) -> N/A | E107: =+IF(AND(E108>=$D$25,E108<=$E$25),$F$25,IF(AND(E108>=$D$26,E108<=$E$26),$F$26,IF(E108>=$D$27,$F$27,"N/A"))) -> N/A
A108: Numero de Profesionales | G108: FORMATO 16
A109: Saldo de contratos en ejecución (SCE) | B109: =+'Saldos de contratos (SCE)'!H261 -> #DIV/0! | C109: =+'Saldos de contratos (SCE)'!H280 -> #DIV/0! | D109: =+'Saldos de contratos (SCE)'!H299 -> #DIV/0! | E109: =+'Saldos de contratos (SCE)'!H383 -> 0
A110: CAPACIDAD RESIDUAL DEL OFERENTE | B110: =+((B100*((B102+B105+B107)/100))-B109) -> #VALUE! | C110: =+((C100*((C102+C105+C107)/100))-C109) -> #VALUE! | D110: =+((D100*((D102+D105+D107)/100))-D109) -> #DIV/0! | E110: =+((E100*((E102+E105+E107)/100))-E109) -> #DIV/0!
E111: =SUM(B110:C110) -> #VALUE! | F111: =+IF(E111>=$B$6,"CUMPLE KR",IF(E111<$B$6,"NO CUMPLE KR")) -> #VALUE! | G111: =+IF($E$111>$B$8,"60","REVISAR PUNTAJE") -> #VALUE! | H111: Asignación puntaje factor técnico - puntaje por capacidad residual adicional a la mínima exigida
A113: OFERENTE | B113: =VLOOKUP(A114,Conformación!$A$5:$N$131,2,FALSE) -> CIVING INGENIEROS CONTRATISTAS S.A.S.
A114: 5 | B114: =VLOOKUP(A114,Conformación!$A$5:$N$131,4,FALSE) -> (CIVING INGENIEROS CONTRATISTAS S.A.S. 100% - 0% - 0%- 0%- 0%)
A117: DESCRIPCIÓN | B117: INTEGRANTE 1 | C117: INTEGRANTE 2 | D117: INTEGRANTE 3 | E117: INTEGRANTE 4 | F117: OBSERVACIONES
B118: =VLOOKUP(A114,Conformación!$A$5:$N$131,5,FALSE) -> CIVING INGENIEROS CONTRATISTAS S.A.S. | C118: =VLOOKUP(A114,Conformación!$A$5:$N$131,7,FALSE) -> 0 | D118: =VLOOKUP(A114,Conformación!$A$5:$N$131,9,FALSE) -> 0 | E118: =VLOOKUP(A114,Conformación!$A$5:$N$131,11,FALSE) -> 0
B119: =VLOOKUP(A114,Conformación!$A$5:$N$131,6,FALSE) -> 1 | C119: =VLOOKUP(A114,Conformación!$A$5:$N$131,8,FALSE) -> 0 | D119: =VLOOKUP(A114,Conformación!$A$5:$N$131,10,FALSE) -> 0 | E119: =VLOOKUP(A114,Conformación!$A$5:$N$131,12,FALSE) -> 0
A120: Capacidad de Organización (CO) | B120: =B121 -> 0 | C120: =+C121 -> 0 | D120: =+D121 -> 0
A121: Mayor ingreso operacional | G121: FORMATO 18
A122: Puntos * experiencia (E ) | B122: =+IF(AND(B124>$D$15,B124<=$E$15),$F$15,IF(AND(B124>$D$16,B124<=$E$16),$F$16,IF(AND(B124>$D$17,B124<=$E$17),$F$17,IF(B124>$D$18,$F$18,"N/A")))) -> N/A | C122: =+IF(AND(C124>$D$15,C124<=$E$15),$F$15,IF(AND(C124>$D$16,C124<=$E$16),$F$16,IF(AND(C124>$D$17,C124<=$E$17),$F$17,IF(C124>$D$18,$F$18,"N/A")))) -> #DIV/0! | D122: =+IF(AND(D124>$D$15,D124<=$E$15),$F$15,IF(AND(D124>$D$16,D124<=$E$16),$F$16,IF(AND(D124>$D$17,D124<=$E$17),$F$17,IF(D124>$D$18,$F$18,"N/A")))) -> #DIV/0! | E122: =+IF(AND(E124>$D$15,E124<=$E$15),$F$15,IF(AND(E124>$D$16,E124<=$E$16),$F$16,IF(AND(E124>$D$17,E124<=$E$17),$F$17,IF(E124>$D$18,$F$18,"N/A")))) -> #DIV/0!
A123: Valor Total de los contratos (RUP) | G123: FORMATO 15 VALOR TOTAL
A124: Calculo de la Experiencia | B124: =+(B123/($B$5*B119)) -> 0 | C124: =+(C123/($B$5*C119)) -> #DIV/0! | D124: =+(D123/($B$5*D119)) -> #DIV/0! | E124: =+(E123/($B$5*E119)) -> #DIV/0!
...

Sheet Saldos de contratos (SCE)
A1: =+'K-Kr Constructor'!A1:F1 -> FONDO FINANCIERO DE PROYECTOS DE DESARROLLO FONADE DEPARTAMENTO PARA LA PROSPERIDAD SOCIAL -DPS CONVENIO INTERADMINISTRATIVO Nº 212080 INTERVENTORÍA TÉCNICA, ADMINISTRATIVA Y DE CONTROL PRESUPUESTAL PARA LA CONSTRUCCIÓN DEL CENTRO INTEGRADO COMUNITARIO CISCO SAN JOSÉ – FASE I, MUNICIPIO DE MANIZALES – CALDAS CONVOCATORIA SIMPLIFICADA CSI 005-2018
A3: OFERENTE | B3: =VLOOKUP(A4,Conformación!$A$5:$N$131,2,FALSE) -> CONSULTORIA ESTRUCTURAL Y DE CONSTRUCCION S.A.S. - CEYCO INGENIERIA SAS
A4: 1 | B4: =VLOOKUP(A4,Conformación!$A$5:$N$131,4,FALSE) -> (CONSULTORIA ESTRUCTURAL Y DE CONSTRUCCION S.A.S. - CEYCO INGENIERIA SAS 100% - 0% - 0%- 0%- 0%)
A6: INTEGRANTE 1
A7: =VLOOKUP(A4,Conformación!$A$5:$N$131,5,FALSE) -> CONSULTORIA ESTRUCTURAL Y DE CONSTRUCCION S.A.S. - CEYCO INGENIERIA SAS
A8: =VLOOKUP(A4,Conformación!$A$5:$N$131,6,FALSE) -> 1
A9: DESCRIPCIÓN | B9: CONTRATO 1 | C9: CONTRATO 2 | D9: CONTRATO 3 | E9: CONTRATO 4 | F9: CONTRATO 5 | G9: CONTRATO 6 | H9: CONTRATO 7
A10: Plazo (MESES) | B10: 0
A11: Plazo (DIAS) | B11: =+B10*30 -> 0 | C11: =+C10*30 -> 0
A12: Valor
A13: Fecha de inicio | B13: 0
A14: Fecha de suspensión | B14: 0 | C14: 0
A15: Porcentaje de participación: | B15: 0
A16: Fecha de presentación de la oferta objeto del Proceso de Contratación | B16: 0 | I16: FECHA DE CIERRE
A17: Días ejecutados | B17: =IF(B14=0,DAYS360(B13,B16),DAYS360(B13,B14)) -> 0
A18: Días por ejecutar | B18: =+(B10*30)-B17 -> 0
A19: Saldo diario del contrato en ejecución | B19: =+(B12/(B10*30)) -> #DIV/0! | C19: =+(C12/(C10*30)) -> #DIV/0! | D19: 0 | E19: 0 | F19: 0 | G19: 0 | H19: 0
A20: SALDO DEL CONTRATO EN EJECUCIÓN | B20: =+B19*B18*B15 -> #DIV/0! | C20: =+C19*C18*C15 -> #DIV/0! | D20: =+D19*D18*D15 -> 0 | E20: =+E19*E18*E15 -> 0 | F20: =+F19*F18*F15 -> 0 | G20: =+G19*G18*G15 -> 0 | H20: =+H19*H18*H15 -> 0
A21: TOTAL DE SALDOS DE CONTRATOS EN EJECUCIÓN | H21: =SUM(B20:H20) -> #DIV/0!
A23: Nota: En la casilla de los dias por ejecutar que superen los 360 dias. Se debe incluir 360 dias
A25: INTEGRANTE 2
A26: =VLOOKUP(A4,Conformación!$A$5:$N$131,7,FALSE) -> 0
A27: =VLOOKUP(A4,Conformación!$A$5:$N$131,8,FALSE) -> 0
A28: DESCRIPCIÓN | B28: CONTRATO 1 | C28: CONTRATO 2 | D28: CONTRATO 3 | E28: CONTRATO 4 | F28: CONTRATO 5 | G28: CONTRATO 6 | H28: CONTRATO 7
A29: Plazo (MESES) | B29: 0 | C29: 5
A30: Plazo (DIAS) | B30: =+B29*30 -> 0 | C30: =+C29*30 -> 150
A31: Valor | C31: 3628111376
A32: Fecha de inicio | B32: 0 | C32: 42871
A33: Fecha de suspensión | B33: 0 | C33: 0
A34: Porcentaje de participación: | B34: 0 | C34: 0.25
A35: Fecha de presentación de la oferta objeto del Proceso de Contratación | B35: 0 | C35: 42901 | I35: FECHA DE CIERRE
A36: Días ejecutados | B36: =IF(B33=0,DAYS360(B32,B35),DAYS360(B32,B33)) -> 0 | C36: =IF(C33=0,DAYS360(C32,C35),DAYS360(C32,C33)) -> 29
A37: Días por ejecutar | B37: =+(B29*30)-B36 -> 0 | C37: =+(C29*30)-C36 -> 121
A38: Saldo diario del contrato en ejecución | B38: =+(B31/(B29*30)) -> #DIV/0! | C38: =+(C31/(C29*30)) -> 24187409 | D38: =+(D31/(D29*30)) -> #DIV/0! | E38: =+(E31/(E29*30)) -> #DIV/0! | F38: =+(F31/(F29*30)) -> #DIV/0! | G38: =+(G31/(G29*30)) -> #DIV/0! | H38: =+(H31/(H29*30)) -> #DIV/0!
A39: SALDO DEL CONTRATO EN EJECUCIÓN | B39: =+B38*B37*B34 -> #DIV/0! | C39: =+C38*C37*C34 -> 7.3166913e+08 | D39: =+D38*D37*D34 -> #DIV/0! | E39: =+E38*E37*E34 -> #DIV/0! | F39: =+F38*F37*F34 -> #DIV/0! | G39: =+G38*G37*G34 -> #DIV/0! | H39: =+H38*H37*H34 -> #DIV/0!
A40: TOTAL DE SALDOS DE CONTRATOS EN EJECUCIÓN | H40: =SUM(B39) -> #DIV/0!
A42: Nota: En la casilla de los dias por ejecutar que superen los 360 dias. Se debe incluir 360 dias
A43: Si el número de días por ejecutar en un contrato es superior a 12 meses, es decir 360 días, el Saldo del Contrato en Ejecución solo tendrá en cuenta la proporción lineal de 12 meses
A44: INTEGRANTE 3
A45: =VLOOKUP(A4,Conformación!$A$5:$N$131,9,FALSE) -> 0
A46: =VLOOKUP(A4,Conformación!$A$5:$N$131,10,FALSE) -> 0
A47: DESCRIPCIÓN | B47: CONTRATO 1 | C47: CONTRATO 2 | D47: CONTRATO 3 | E47: CONTRATO 4 | F47: CONTRATO 5 | G47: CONTRATO 6 | H47: CONTRATO 7
A48: Plazo (MESES) | B48: 0
A49: Plazo (DIAS) | B49: =+B48*30 -> 0 | C49: =+C48*30 -> 0
A50: Valor
A51: Fecha de inicio | B51: 0
A52: Fecha de suspensión | B52: 0 | C52: 0
A53: Porcentaje de participación: | B53: 0
A54: Fecha de presentación de la oferta objeto del Proceso de Contratación | B54: 0 | I54: FECHA DE CIERRE
A55: Días ejecutados | B55: =IF(B52=0,DAYS360(B51,B54),DAYS360(B51,B52)) -> 0
A56: Días por ejecutar | B56: =+(B48*30)-B55 -> 0
A57: Saldo diario del contrato en ejecución | B57: =+(B50/(B48*30)) -> #DIV/0! | C57: =+(C50/(C48*30)) -> #DIV/0! | D57: =+(D50/(D48*30)) -> #DIV/0! | E57: =+(E50/(E48*30)) -> #DIV/0! | F57: =+(F50/(F48*30)) -> #DIV/0! | G57: =+(G50/(G48*30)) -> #DIV/0! | H57: =+(H50/(H48*30)) -> #DIV/0!
A58: SALDO DEL CONTRATO EN EJECUCIÓN | B58: =+B57*B56*B53 -> #DIV/0! | C58: =+C57*C56*C53 -> #DIV/0! | D58: =+D57*D56*D53 -> #DIV/0! | E58: =+E57*E56*E53 -> #DIV/0! | F58: =+F57*F56*F53 -> #DIV/0! | G58: =+G57*G56*G53 -> #DIV/0! | H58: =+H57*H56*H53 -> #DIV/0!
A59: TOTAL DE SALDOS DE CONTRATOS EN EJECUCIÓN | H59: =SUM(B58:H58) -> #DIV/0!
A61: Nota: En la casilla de los dias por ejecutar que superen los 360 dias. Se debe incluir 360 dias
A63: INTEGRANTE 4
A64: =VLOOKUP(A4,Conformación!$A$5:$N$131,11,FALSE) -> 0
A65: =VLOOKUP(A4,Conformación!$A$5:$N$131,12,FALSE) -> 0
A66: DESCRIPCIÓN | B66: CONTRATO 1 | C66: CONTRATO 2 | D66: CONTRATO 3 | E66: CONTRATO 4 | F66: CONTRATO 5 | G66: CONTRATO 6 | H66: CONTRATO 7
A67: Plazo (MESES) | B67: 0
A68: Plazo (DIAS) | B68: =+B67*30 -> 0 | C68: =+C67*30 -> 0
A69: Valor
A70: Fecha de inicio | B70: 0
A71: Fecha de suspensión | B71: 0 | C71: 0
A72: Porcentaje de participación: | B72: 0
A73: Fecha de presentación de la oferta objeto del Proceso de Contratación | B73: 0 | I73: FECHA DE CIERRE
A74: Días ejecutados | B74: =IF(B71=0,DAYS360(B70,B73),DAYS360(B70,B71)) -> 0
A75: Días por ejecutar | B75: =+(B67*30)-B74 -> 0
A76: Saldo diario del contrato en ejecución | B76: =+(B69/(B67*30)) -> #DIV/0! | C76: =+(C69/(C67*30)) -> #DIV/0! | D76: =+(D69/(D67*30)) -> #DIV/0! | E76: =+(E69/(E67*30)) -> #DIV/0! | F76: =+(F69/(F67*30)) -> #DIV/0! | G76: =+(G69/(G67*30)) -> #DIV/0! | H76: =+(H69/(H67*30)) -> #DIV/0!
A77: SALDO DEL CONTRATO EN EJECUCIÓN | B77: =+B76*B75*B72 -> #DIV/0! | C77: =+C76*C75*C72 -> #DIV/0! | D77: =+D76*D75*D72 -> #DIV/0! | E77: =+E76*E75*E72 -> #DIV/0! | F77: =+F76*F75*F72 -> #DIV/0! | G77: =+G76*G75*G72 -> #DIV/0! | H77: =+H76*H75*H72 -> #DIV/0!
A78: TOTAL DE SALDOS DE CONTRATOS EN EJECUCIÓN | H78: =SUM(B77:H77) -> #DIV/0!
A80: Nota: En la casilla de los dias por ejecutar que superen los 360 dias. Se debe incluir 360 dias
A83: OFERENTE | B83: =VLOOKUP(A84,Conformación!$A$5:$N$131,2,FALSE) -> NELSY LIDIA CRUZ SUAREZ
A84: 2 | B84: =VLOOKUP(A84,Conformación!$A$5:$N$131,4,FALSE) -> (NELSY LIDIA CRUZ SUAREZ 100% - 0% - 0%- 0%- 0%)
A86: INTEGRANTE 1
A87: =VLOOKUP(A84,Conformación!$A$5:$N$131,5,FALSE) -> NELSY LIDIA CRUZ SUAREZ
A88: =VLOOKUP(A84,Conformación!$A$5:$N$131,6,FALSE) -> 1
A89: DESCRIPCIÓN | B89: CONTRATO 1 | C89: CONTRATO 2 | D89: CONTRATO 3 | E89: CONTRATO 4 | F89: CONTRATO 5 | G89: CONTRATO 6 | H89: CONTRATO 7
A90: Plazo (MESES) | B90: 0
A91: Plazo (DIAS) | B91: =+B90*30 -> 0 | C91: =+C90*30 -> 0
A92: Valor
A93: Fecha de inicio | B93: 0
A94: Fecha de suspensión | B94: 0 | C94: 0
A95: Porcentaje de participación: | B95: 0
A96: Fecha de presentación de la oferta objeto del Proceso de Contratación | B96: 0 | I96: FECHA DE CIERRE
A97: Días ejecutados | B97: =IF(B94=0,DAYS360(B93,B96),DAYS360(B93,B94)) -> 0
A98: Días por ejecutar | B98: =+(B90*30)-B97 -> 0
A99: Saldo diario del contrato en ejecución | B99: =+(B92/(B90*30)) -> #DIV/0! | C99: =+(C92/(C90*30)) -> #DIV/0! | D99: =+(D92/(D90*30)) -> #DIV/0! | E99: =+(E92/(E90*30)) -> #DIV/0! | F99: =+(F92/(F90*30)) -> #DIV/0! | G99: =+(G92/(G90*30)) -> #DIV/0! | H99: =+(H92/(H90*30)) -> #DIV/0!
A100: SALDO DEL CONTRATO EN EJECUCIÓN | B100: =+B99*B98*B95 -> #DIV/0! | C100: =+C99*C98*C95 -> #DIV/0! | D100: =+D99*D98*D95 -> #DIV/0! | E100: =+E99*E98*E95 -> #DIV/0! | F100: =+F99*F98*F95 -> #DIV/0! | G100: =+G99*G98*G95 -> #DIV/0! | H100: =+H99*H98*H95 -> #DIV/0!
A101: TOTAL DE SALDOS DE CONTRATOS EN EJECUCIÓN
A103: Nota: En la casilla de los dias por ejecutar que superen los 360 dias. Se debe incluir 360 dias
A105: INTEGRANTE 2
A106: =VLOOKUP(A84,Conformación!$A$5:$N$131,7,FALSE) -> 0
A107: =VLOOKUP(A84,Conformación!$A$5:$N$131,8,FALSE) -> 0
A108: DESCRIPCIÓN | B108: CONTRATO 1 | C108: CONTRATO 2 | D108: CONTRATO 3 | E108: CONTRATO 4 | F108: CONTRATO 5 | G108: CONTRATO 6 | H108: CONTRATO 7
A109: Plazo (MESES) | B109: 0
A110: Plazo (DIAS) | B110: =+B109*30 -> 0 | C110: =+C109*30 -> 0
A111: Valor
A112: Fecha de inicio | B112: 0
A113: Fecha de suspensión | B113: 0 | C113: 0
...

Sheet Exp. oferente
A1: FONDO FINANCIERO DE PROYECTOS DE DESARROLLO FONADE DEPARTAMENTO PARA LA PROSPERIDAD SOCIAL -DPS CONVENIO INTERADMINISTRATIVO Nº 212080 INTERVENTORÍA TÉCNICA, ADMINISTRATIVA Y DE CONTROL PRESUPUESTAL PARA LA CONSTRUCCIÓN DEL CENTRO INTEGRADO COMUNITARIO CISCO SAN JOSÉ – FASE I, MUNICIPIO DE MANIZALES – CALDAS CONVOCATORIA SIMPLIFICADA CSI 005-2018
A3: EXPERIENCIA TÉCNICA DEL OFERENTE
A5: El oferente debe acreditar en su oferta, que cuenta con experiencia específica en:
A6: INTERVENTORÍA A LA CONSTRUCCIÓN Y/O AMPLIACIÓN DE EDIFICACIONES
A7: 1) La experiencia debe ser acreditada con la ejecución de MÁXIMO CINCO (05) contratos, cuya sumatoria del valor de sus contratos sea mayor o igual a 2.0 vez el valor del POE, expresado en SMMLV a la fecha de su terminación
A8: 2) Los contratos aportados deben incluir en su alcance u objeto, Interventoría a la construcción de una edificación institucional, con un valor mínimo de 1.0 veces el valor del POE, expresado en SMMLV a la fecha de su terminación.
J11: SMMLV
F12: Los contratos aportados deben incluir en su alcance u objeto, Interventoría a la construcción de una edificación institucional, con un valor mínimo de 1.0 veces el valor del POE, expresado en SMMLV a la fecha de su terminación | G12: 204.89253 | J12: 204.89253
H13: presup.of | I13: 160070650 | J13: SMMLV
H14: SMMLV 2018 | I14: 781242 | J14: 409.78506
B17: Oferente | C17: 1 | D17: CONSULTORIA ESTRUCTURAL Y DE CONSTRUCCION S.A.S. - CEYCO INGENIERIA SAS
D18: (CONSULTORIA ESTRUCTURAL Y DE CONSTRUCCION S.A.S. - CEYCO INGENIERIA SAS 100% - 0% - 0%- 0%- 0%)
A21: No | B21: PROPIETARIO O ENTIDAD CONTRATANTE | C21: APORTADA POR | D21: % en Cto | E21: CONSECUTIVO RUP | F21: OBJETO | G21: Fecha de Terminación | H21: Folio | I21: VALOR | J21: SMMLV | K21: OBSERVACIONES
A22: 1 | B22: UNIDAD DE SALUD DE IBAGUE E.S.E | C22: CONSULTORIA ESTRUCTURAL Y DE CONSTRUCCION S.A.S. - CEYCO INGENIERIA SAS | D22: 1 | E22: 5 | F22: Realizar la Interventoría técnica, administrativa y financiera de la construcción de la primera etapa de la unidad intermedia de Salud de los barrios del sur en el municipio de Ibagué, Departamento del Tolima | G22: 40515 | H22: N.A. | I22: 124782087 | J22: 242.29531 | K22: INSTITUCIONAL OK EN CERTIFICACION INDICA AREAS CUBIERTAS
A23: 2 | B23: MUNICIPIO DE EL RETORNO GUAVIARE | C23: CONSULTORIA ESTRUCTURAL Y DE CONSTRUCCION S.A.S. - CEYCO INGENIERIA SAS | D23: 0.99 | E23: 79 | F23: Interventoría técnica, administrativa y financiera para la construcción y dotación de un centro de desarrollo infantil en la inspección de la Libertad municipio de el RETORNO departamento del Guaviare | G23: 41936 | H23: N.A. | I23: 0 | J23: 0 | K23: NO CUMPLE LITERAL 2) 85,18 SMMLV
A24: 3 | B24: ALCALDIA MUNICIPAL DE ORTEGA | C24: CONSULTORIA ESTRUCTURAL Y DE CONSTRUCCION S.A.S. - CEYCO INGENIERIA SAS | D24: 1 | E24: 130 | F24: Contratar Interventoría técnica, administrativa, financiera, ambiental y jurídica a las obras que se generen en el cumplimiento del contrato de obra cuyo objeto es "Contratar la construcción de un polideportivo cubierto en el corregimiento Olaya herrera del municipio de Ortega, Tolima, en ejecución del convenio interadministrativo No. 695 de 2014 suscrito con Coldeportes | G24: 42449 | H24: N.A. | I24: 0 | J24: 0 | K24: NO CUMPLE LITERAL 2) NO CUMPLE EDIFICACIONES ES UN ESCENARIO DEPORTIVO 61,92 SMMLV
A25: 4 | B25: ALCALDÍA MUNICIPAL DE RIOBLANCO TOLIMA | C25: CONSULTORIA ESTRUCTURAL Y DE CONSTRUCCION S.A.S. - CEYCO INGENIERIA SAS | D25: 1 | E25: 136 | F25: Interventoría técnica, administrativa y financiera para la "construcción del centro de integración ciudadana en el sector urbano del municipio de rioblanco | G25: 42645 | H25: N.A. | I25: 0 | J25: 0 | K25: NO CUMPLE LITERAL 2) 60,05 SMMLV
A26: 5 | B26: UNIDAD DE SALUD DE IBAGUE E.S.E | C26: CONSULTORIA ESTRUCTURAL Y DE CONSTRUCCION S.A.S. - CEYCO INGENIERIA SAS | D26: 1 | E26: 22 | F26: Realizar la Interventoría técnica, administrativa y financiera de la construcción de la segunda etapa de la unidad intermedia de Salud de los barrios del sur en el municipio de Ibagué, Departamento del Tolima | G26: 41129 | H26: N.A. | I26: 132186100 | J26: 233.25587 | K26: INSTITUCIONAL OK (ACTIVIDADES DE OBRA pag. 63 archivo PERSONAL MINIMO REQUERIDO)
A27: 6 | J27: 0
A28: 7 | J28: 0
A29: 8 | J29: 0
A30: 9 | J30: 0
A31: 10 | J31: 0
I32: TOTAL | J32: 475.55118
G33: CUMPLE Los contratos aportados deben incluir en su alcance u objeto, Interventoría a la construcción de una edificación institucional, con un valor mínimo de 1.0 veces el valor del POE | K33: CUMPLE SUMATORIA DE TODOS 2,0 DEL POE
G34: CONSULTORIA ESTRUCTURAL Y DE CONSTRUCCION S.A.S. - CEYCO INGENIERIA SAS | H34: 1 | I34: 475.55118 | J34: V.Bo.
G35: 0 | H35: 0 | I35: 0
G36: 0 | H36: 0 | I36: 0
G37: 0 | H37: 0 | I37: 0
G38: 0 | H38: 0 | I38: 0
J39: 0
B41: Oferente | C41: 2 | D41: NELSY LIDIA CRUZ SUAREZ
D42: (NELSY LIDIA CRUZ SUAREZ 100% - 0% - 0%- 0%- 0%)
A45: No | B45: PROPIETARIO O ENTIDAD CONTRATANTE | C45: APORTADA POR | D45: % en Cto | E45: CONSECUTIVO RUP | F45: OBJETO | G45: Fecha de Terminación | H45: Folio | I45: VALOR | J45: SMMLV | K45: OBSERVACIONES
A46: 1 | B46: INCIPAL LTDA | C46: NELSY LIDIA CRUZ SUAREZ | D46: 1 | E46: 64 | F46: INTERVENTORÍA AL CONTRATO DE OBRA CUYO OBJETO ES LA CONSTRUCCIÓN DEL JARDÍN MANUELISTA - REGISTRO No. 3929 | G46: 42704 | H46: N.A. | I46: 620000000 | J46: 899.26231 | K46: INSTITUCIONAL OK
A47: 2 | B47: FUERZA AEREA COLOMBIANA | C47: NELSY LIDIA CRUZ SUAREZ | D47: 0.5 | E47: 77 | F47: INTERVENTORIA TÉCNICA FINANCIERA, ADMINISTRATIVA, JURÍDICA Y CONTABLE DEL PROYECTO AMPLIACIÓN, ADECUACIÓN Y DOTACIÓN DE EQUIPOS Y MUEBLES DEL ALMACÉN DE ARMAMENTO AÉREO Y LA TORRE DE SECADO DE PARACAÍDAS DEL COMANDO AÉREO DE COMBATE No 2 UBICADO EN LA CIUDAD DE VILLAVICENCIO- META. | G47: 42653 | H47: N.A. | J47: 0 | K47: NO CUMPLE LITERAL 2) 104,44 SMMLV ADICIONALMENTE, NO SE PUEDE EVIDENCIAR SI ES UNA EDIFICACION DE CONFORMIDAD CON LAS DEFINICIONES GENERALES DE TÉRMINOS APLICABLES A LOS PROCESOS DE FONADE
A48: 3 | J48: 0
A49: 4 | J49: 0
A50: 5 | J50: 0
A51: 6 | J51: 0
A52: 7 | J52: 0
A53: 8 | J53: 0
A54: 9 | J54: 0
I55: TOTAL | J55: 899.26231
G56: CUMPLE Los contratos aportados deben incluir en su alcance u objeto, Interventoría a la construcción de una edificación institucional, con un valor mínimo de 1.0 veces el valor del POE | K56: CUMPLE SUMATORIA DE TODOS 2,0 DEL POE
G57: NELSY LIDIA CRUZ SUAREZ | H57: 1 | I57: 899.26231 | J57: V.Bo.
G58: 0 | H58: 0 | I58: 0
G59: 0 | H59: 0 | I59: 0
G60: 0 | H60: 0 | I60: 0
G61: 0 | H61: 0 | I61: 0
J62: 0
B64: Oferente | C64: 3 | D64: CONSTRUCTORA JAIME URIBE S.A.S
D65: (CONSTRUCTORA JAIME URIBE S.A.S 100% - 0% - 0%- 0%- 0%)
A68: No | B68: PROPIETARIO O ENTIDAD CONTRATANTE | C68: APORTADA POR | D68: % en Cto | E68: CONSECUTIVO RUP | F68: OBJETO | G68: Fecha de Terminación | H68: Folio | I68: VALOR | J68: SMMLV | K68: OBSERVACIONES
A69: 1 | B69: SECRETARIA DE INFRAESTRUCTURA DE CARTAGENA | C69: CONSTRUCTORA JAIME URIBE S.A.S | D69: 0.93 | E69: 18 | F69: INTERVENTORIA DE LAS OBRAS DE CONSTRUCCION DE LA INSTITUCION EDUCATIVA FREDONIA | G69: 40798 | H69: N.A. | I69: 180673118 | J69: 313.71546 | K69: INSTITUCIONAL OK
A70: 2 | B70: SECRETARIA DE EDUCACION | C70: CONSTRUCTORA JAIME URIBE S.A.S | D70: 0.93 | E70: 32 | F70: INTERVENTORIA TECNICA, ADMINISTRATIVA Y FINANCIERA AL CONTRATO DE EJECUCION DE LAS OBRAS NECESARIAS Y COMPLEMENTARIAS PARA LA TERMINACION DEL EDIFICIO DEL COSTADO NORTE EN EL COLEGIO VENECIA, DE LA LOCALIDAD 6a DE TUNJUELITO | G70: 42021 | H70: N.A. | J70: 0 | K70: ACLARÓ NO CUMPLE NO SE PUEDE EVIDENCIAR CONSTRUCCION Y/O AMPLIACIÓN DE CONFORMIDAD CON LAS DEFINICIONES GENERALES DE TÉRMINOS APLICABLES A LOS PROCESOS DE FONADE
A71: 3 | J71: 0
A72: 4 | J72: 0
A73: 5 | J73: 0
A74: 6 | J74: 0
A75: 7 | J75: 0
A76: 8 | J76: 0
A77: 9 | J77: 0
J78: 313.71546
G79: NO CUMPLE | K79: NO CUMPLE SUMATORIA DE TODOS 2,0 DEL POE
G80: CONSTRUCTORA JAIME URIBE S.A.S | H80: 1 | I80: 313.71546 | J80: V.Bo.
G81: 0 | H81: 0 | I81: 0
G82: 0 | H82: 0 | I82: 0
G83: 0 | H83: 0 | I83: 0
G84: 0 | H84: 0 | I84: 0
J85: 0
B87: Oferente | C87: 4 | D87: CONSORCIO INTER SAN JOSE
D88: (YOHAN FAHIR BERMUDEZ PARRA 65% - FEDERICO GARCIA ARBELAEZ 35% - 0%- 0%- 0%)
A91: No | B91: PROPIETARIO O ENTIDAD CONTRATANTE | C91: APORTADA POR | D91: % en Cto | E91: CONSECUTIVO RUP | F91: OBJETO | G91: Fecha de Terminación | H91: Folio | I91: VALOR | J91: SMMLV | K91: OBSERVACIONES
A92: 1 | B92: SENA- SERVICIO NACIONAL DE APRENDIZAJE | C92: YOHAN FAHIR BERMUDEZ PARRA | D92: 1 | E92: 19 | F92: CONTRATAR LA INTERVENTORIA TECNICA ADMINISTRATIVA LEGAL Y FINANCIERA CONTABLE AL CONTRATO QUE TIENE POR OBJETO LA CONSTRUCCION DE LA AGENCIA PUBLICA DE EMPLEO Y SALA EMPRENDENTE SENA REGIONAL GUAINIA | G92: 42906 | H92: N.A. | J92: 0 | K92: NO CUMPLE LITERAL 2) 108,44 SMMLV
A93: 2 | B93: POLICIA NACIONAL | C93: YOHAN FAHIR BERMUDEZ PARRA | D93: 0.5 | E93: 8 | F93: INTERVENTORÍA PARA LA TERMINACIÓN CONSTRUCCIÓN Y DOTACIÓN DEL COLEGIO NUESTRA SEÑORA DE FÁTIMA DE LA CIUDAD DE BUCARAMANGA-SANTANDER | G93: 42109 | H93: N.A. | J93: 0 | K93: NO CUMPLE LITERAL 2) 92,65 SMMLV
A94: 3 | B94: E.S.E. HOSPITAL SAN RAFAEL DE CAROLINA DEL PRINCIPE | C94: FEDERICO GARCIA ARBELAEZ | D94: 1 | E94: 32 | F94: INTERVENTORIA TÉCNICA, ADMINISTRATIVA Y FINANCIERA A LA EJECUCIÓN DE LAS OBRAS DE CONSTRUCION DEL HOSPITAL LOCAL DE CAROLINA DEL PRINCIPE. | G94: 40675 | H94: N.A. | I94: 189000000 | J94: 352.87528 | K94: INSTITUCIONAL OK
A95: 4 | B95: ESTADERO PISCILAGO LENGUPA | C95: YOHAN FAHIR BERMUDEZ PARRA | D95: 1 | E95: 5 | F95: INTERVENTORIA A LA CONSTRUCCIÓN DE CASAS D EHOSPEDAJE, CASA PRINCIPAL, SALÓN DE JUEGOS, COCINAS, REDES HÚMEDAS Y SECAS ASI COMO PISCINA DEL ESTADERO PISCILAGO LENGUPA | G95: 41638 | H95: N.A. | J95: 0 | K95: NO CUMPLE LITERAL 2) 169,64 SMMLV
A96: 5 | C96: YOHAN FAHIR BERMUDEZ PARRA | J96: 0
A97: 6 | C97: YOHAN FAHIR BERMUDEZ PARRA | J97: 0
A98: 7 | C98: YOHAN FAHIR BERMUDEZ PARRA | J98: 0
A99: 8 | C99: YOHAN FAHIR BERMUDEZ PARRA | J99: 0
A100: 9 | C100: YOHAN FAHIR BERMUDEZ PARRA | J100: 0
J101: 352.87528
G102: NO CUMPLE | K102: NO CUMPLE SUMATORIA DE TODOS 2,0 DEL POE
G103: YOHAN FAHIR BERMUDEZ PARRA | H103: 0.65 | I103: 0
G104: FEDERICO GARCIA ARBELAEZ | H104: 0.35 | I104: 352.87528 | J104: V.Bo.
G105: 0 | H105: 0 | I105: 0
G106: 0 | H106: 0 | I106: 0
G107: 0 | H107: 0 | I107: 0
J108: 0
B110: Oferente | C110: 5 | D110: CIVING INGENIEROS CONTRATISTAS S.A.S.
D111: (CIVING INGENIEROS CONTRATISTAS S.A.S. 100% - 0% - 0%- 0%- 0%)
A114: No | B114: PROPIETARIO O ENTIDAD CONTRATANTE | C114: APORTADA POR | D114: % en Cto | E114: CONSECUTIVO RUP | F114: OBJETO | G114: Fecha de Terminación | H114: Folio | I114: VALOR | J114: SMMLV | K114: OBSERVACIONES
A115: 1 | B115: ALCADIA DE MEDELLIN | C115: CIVING INGENIEROS CONTRATISTAS S.A.S. | D115: 1 | E115: 64 | F115: INTERVENTORIA TÉCNICA, ADMINISTRATIVA, LEGAL Y AMBIENTAL PARA LA CONSTRUCCIÓN DE LA I.E. BARRIO SANTA MARGARITA NUEVA SEDE LUSITANIA | G115: 42338 | H115: N.A. | I115: 1423288157 | J115: 2208.8743 | K115: INSTITUCIONAL OK
A116: 2 | H116: N.A. | J116: 0
A117: 3 | H117: N.A. | J117: 0
A118: 4 | H118: N.A. | J118: 0
A119: 5 | C119: YOHAN FAHIR BERMUDEZ PARRA | J119: 0
A120: 6 | C120: YOHAN FAHIR BERMUDEZ PARRA | J120: 0
...

Sheet Resumen Evaluación
A1: =+'K-Kr Constructor'!A1:F1 -> FONDO FINANCIERO DE PROYECTOS DE DESARROLLO FONADE DEPARTAMENTO PARA LA PROSPERIDAD SOCIAL -DPS CONVENIO INTERADMINISTRATIVO Nº 212080 INTERVENTORÍA TÉCNICA, ADMINISTRATIVA Y DE CONTROL PRESUPUESTAL PARA LA CONSTRUCCIÓN DEL CENTRO INTEGRADO COMUNITARIO CISCO SAN JOSÉ – FASE I, MUNICIPIO DE MANIZALES – CALDAS CONVOCATORIA SIMPLIFICADA CSI 005-2018
B2: OFERENTE : | C2: 1 | D2: =VLOOKUP(C2,Conformación!$A$5:$N$131,2,FALSE) -> CONSULTORIA ESTRUCTURAL Y DE CONSTRUCCION S.A.S. - CEYCO INGENIERIA SAS | H2: OFERENTE : | I2: 2 | J2: =VLOOKUP(I2,Conformación!$A$5:$N$131,2,FALSE) -> NELSY LIDIA CRUZ SUAREZ | N2: OFERENTE : | O2: 3 | P2: =VLOOKUP(O2,Conformación!$A$5:$N$131,2,FALSE) -> CONSTRUCTORA JAIME URIBE S.A.S | T2: OFERENTE : | U2: 4 | V2: =VLOOKUP(U2,Conformación!$A$5:$N$131,2,FALSE) -> CONSORCIO INTER SAN JOSE | Z2: OFERENTE : | AA2: 5 | AB2: =VLOOKUP(AA2,Conformación!$A$5:$N$131,2,FALSE) -> CIVING INGENIEROS CONTRATISTAS S.A.S.
C3: =VLOOKUP(C2,Conformación!$A$5:$N$131,4,FALSE) -> (CONSULTORIA ESTRUCTURAL Y DE CONSTRUCCION S.A.S. - CEYCO INGENIERIA SAS 100% - 0% - 0%- 0%- 0%) | I3: =VLOOKUP(I2,Conformación!$A$5:$N$131,4,FALSE) -> (NELSY LIDIA CRUZ SUAREZ 100% - 0% - 0%- 0%- 0%) | O3: =VLOOKUP(O2,Conformación!$A$5:$N$131,4,FALSE) -> (CONSTRUCTORA JAIME URIBE S.A.S 100% - 0% - 0%- 0%- 0%) | U3: =VLOOKUP(U2,Conformación!$A$5:$N$131,4,FALSE) -> (YOHAN FAHIR BERMUDEZ PARRA 65% - FEDERICO GARCIA ARBELAEZ 35% - 0%- 0%- 0%) | AA3: =VLOOKUP(AA2,Conformación!$A$5:$N$131,4,FALSE) -> (CIVING INGENIEROS CONTRATISTAS S.A.S. 100% - 0% - 0%- 0%- 0%)
A6: DOCUMENTO | C6: SI | D6: NO | E6: Folio/fecha/valor/M2/SMMLV | F6: OBSERVACIONES | G6: DOCUMENTO | I6: SI | J6: NO | K6: Folio/fecha/valor/M2/SMMLV | L6: OBSERVACIONES | M6: DOCUMENTO | O6: SI | P6: NO | Q6: Folio/fecha/valor/M2/SMMLV | R6: OBSERVACIONES | S6: DOCUMENTO | U6: SI | V6: NO | W6: Folio/fecha/valor/M2/SMMLV | X6: OBSERVACIONES | Y6: DOCUMENTO | AA6: SI | AB6: NO | AC6: Folio/fecha/valor/M2/SMMLV | AD6: OBSERVACIONES
A7: REQUISITOS MÍNIMOS EXIGIDOS | G7: REQUISITOS MÍNIMOS EXIGIDOS | M7: REQUISITOS MÍNIMOS EXIGIDOS | S7: REQUISITOS MÍNIMOS EXIGIDOS | Y7: REQUISITOS MÍNIMOS EXIGIDOS
A8: 5,1,1 | B8: ASPECTOS JURIDICOS | G8: 5,1,1 | H8: ASPECTOS JURIDICOS | M8: 5,1,1 | N8: ASPECTOS JURIDICOS | S8: 5,1,1 | T8: ASPECTOS JURIDICOS | Y8: 5,1,1 | Z8: ASPECTOS JURIDICOS
A9: 5.1.1.1 | B9: Carta de Presentación de la Oferta | C9: X | E9: 2 A 4 | F9: =IF(C9="X","CUMPLE","NO CUMPLE") -> CUMPLE | G9: 5.1.1.1 | H9: Carta de Presentación de la Oferta | I9: X | K9: 1 A 3 | L9: =IF(I9="X","CUMPLE","NO CUMPLE") -> CUMPLE | M9: 5.1.1.1 | N9: Carta de Presentación de la Oferta | R9: =IF(O9="X","CUMPLE","NO CUMPLE") -> NO CUMPLE | S9: 5.1.1.1 | T9: Carta de Presentación de la Oferta | X9: =IF(U9="X","CUMPLE","NO CUMPLE") -> NO CUMPLE | Y9: 5.1.1.1 | Z9: Carta de Presentación de la Oferta | AD9: =IF(AA9="X","CUMPLE","NO CUMPLE") -> NO CUMPLE
A10: 5.1.1.2 | B10: Acreditación de la Existencia y Representación Legal | C10: X | E10: 10 A 21 | F10: =IF(C10="X","CUMPLE","NO CUMPLE") -> CUMPLE | G10: 5.1.1.2 | H10: Acreditación de la Existencia y Representación Legal | I10: X | K10: 8 A 12 | L10: =IF(I10="X","CUMPLE","NO CUMPLE") -> CUMPLE | M10: 5.1.1.2 | N10: Acreditación de la Existencia y Representación Legal | R10: =IF(O10="X","CUMPLE","NO CUMPLE") -> NO CUMPLE | S10: 5.1.1.2 | T10: Acreditación de la Existencia y Representación Legal | X10: =IF(U10="X","CUMPLE","NO CUMPLE") -> NO CUMPLE | Y10: 5.1.1.2 | Z10: Acreditación de la Existencia y Representación Legal | AD10: =IF(AA10="X","CUMPLE","NO CUMPLE") -> NO CUMPLE
A11: 5.1.1.3 | B11: Documento de Constitución del Consorcio o Unión Temporal | C11: X | E11: 22 A 23 | F11: =IF(C11="X","CUMPLE","NO CUMPLE") -> CUMPLE | G11: 5.1.1.3 | H11: Documento de Constitución del Consorcio o Unión Temporal | I11: X | K11: 13 A 14 | L11: =IF(I11="X","CUMPLE","NO CUMPLE") -> CUMPLE | M11: 5.1.1.3 | N11: Documento de Constitución del Consorcio o Unión Temporal | R11: =IF(O11="X","CUMPLE","NO CUMPLE") -> NO CUMPLE | S11: 5.1.1.3 | T11: Documento de Constitución del Consorcio o Unión Temporal | X11: =IF(U11="X","CUMPLE","NO CUMPLE") -> NO CUMPLE | Y11: 5.1.1.3 | Z11: Documento de Constitución del Consorcio o Unión Temporal | AD11: =IF(AA11="X","CUMPLE","NO CUMPLE") -> NO CUMPLE
A12: 5.1.1.4 | B12: RUP Registro Único del Proponente (30 Días) | C12: X | E12: 24 A 82 | F12: =IF(C12="X","CUMPLE","NO CUMPLE") -> CUMPLE | G12: 5.1.1.4 | H12: RUP Registro Único del Proponente (30 Días) | I12: X | K12: 15 A 39 | L12: =IF(I12="X","CUMPLE","NO CUMPLE") -> CUMPLE | M12: 5.1.1.4 | N12: RUP Registro Único del Proponente (30 Días) | R12: =IF(O12="X","CUMPLE","NO CUMPLE") -> NO CUMPLE | S12: 5.1.1.4 | T12: RUP Registro Único del Proponente (30 Días) | X12: =IF(U12="X","CUMPLE","NO CUMPLE") -> NO CUMPLE | Y12: 5.1.1.4 | Z12: RUP Registro Único del Proponente (30 Días) | AD12: =IF(AA12="X","CUMPLE","NO CUMPLE") -> NO CUMPLE
A13: 5.1.1.5 | B13: Garantia de Seriedad de la oferta | C13: X | E13: 84 A 90 | F13: =IF(C13="X","CUMPLE","NO CUMPLE") -> CUMPLE | G13: 5.1.1.5 | H13: Garantia de Seriedad de la oferta | I13: X | K13: 44 A 47 | L13: =IF(I13="X","CUMPLE","NO CUMPLE") -> CUMPLE | M13: 5.1.1.5 | N13: Garantia de Seriedad de la oferta | R13: =IF(O13="X","CUMPLE","NO CUMPLE") -> NO CUMPLE | S13: 5.1.1.5 | T13: Garantia de Seriedad de la oferta | X13: =IF(U13="X","CUMPLE","NO CUMPLE") -> NO CUMPLE | Y13: 5.1.1.5 | Z13: Garantia de Seriedad de la oferta | AD13: =IF(AA13="X","CUMPLE","NO CUMPLE") -> NO CUMPLE
A14: 5.1.1.6 | B14: Certificación de Pagos al Sistema de Seguridad Social y de Aportes Parafiscales | C14: X | E14: 92 A 96 | F14: =IF(C14="X","CUMPLE","NO CUMPLE") -> CUMPLE | G14: 5.1.1.6 | H14: Certificación de Pagos al Sistema de Seguridad Social y de Aportes Parafiscales | I14: X | K14: 40 A 43 | L14: =IF(I14="X","CUMPLE","NO CUMPLE") -> CUMPLE | M14: 5.1.1.6 | N14: Certificación de Pagos al Sistema de Seguridad Social y de Aportes Parafiscales | R14: =IF(O14="X","CUMPLE","NO CUMPLE") -> NO CUMPLE | S14: 5.1.1.6 | T14: Certificación de Pagos al Sistema de Seguridad Social y de Aportes Parafiscales | X14: =IF(U14="X","CUMPLE","NO CUMPLE") -> NO CUMPLE | Y14: 5.1.1.6 | Z14: Certificación de Pagos al Sistema de Seguridad Social y de Aportes Parafiscales | AD14: =IF(AA14="X","CUMPLE","NO CUMPLE") -> NO CUMPLE
A15: 5.1.1.8 | B15: Verificación de no inclusión en el boletín de responsables fiscales | C15: X | E15: 98 A 104 | F15: =IF(C15="X","CUMPLE","NO CUMPLE") -> CUMPLE | G15: 5.1.1.8 | H15: Verificación de no inclusión en el boletín de responsables fiscales | I15: X | K15: 48 A 49 | L15: =IF(I15="X","CUMPLE","NO CUMPLE") -> CUMPLE | M15: 5.1.1.8 | N15: Verificación de no inclusión en el boletín de responsables fiscales | R15: =IF(O15="X","CUMPLE","NO CUMPLE") -> NO CUMPLE | S15: 5.1.1.8 | T15: Verificación de no inclusión en el boletín de responsables fiscales | X15: =IF(U15="X","CUMPLE","NO CUMPLE") -> NO CUMPLE | Y15: 5.1.1.8 | Z15: Verificación de no inclusión en el boletín de responsables fiscales | AD15: =IF(AA15="X","CUMPLE","NO CUMPLE") -> NO CUMPLE
A16: 5.1.1.9 | B16: Verificación del sistema de información de registro de sanciones y causas de inhabilidad (SIRI) de la Procuraduría General De La Nación | C16: X | F16: =IF(C16="X","CUMPLE","NO CUMPLE") -> CUMPLE | G16: 5.1.1.9 | H16: Verificación del sistema de información de registro de sanciones y causas de inhabilidad (SIRI) de la Procuraduría General De La Nación | I16: X | L16: =IF(I16="X","CUMPLE","NO CUMPLE") -> CUMPLE | M16: 5.1.1.9 | N16: Verificación del sistema de información de registro de sanciones y causas de inhabilidad (SIRI) de la Procuraduría General De La Nación | R16: =IF(O16="X","CUMPLE","NO CUMPLE") -> NO CUMPLE | S16: 5.1.1.9 | T16: Verificación del sistema de información de registro de sanciones y causas de inhabilidad (SIRI) de la Procuraduría General De La Nación | X16: =IF(U16="X","CUMPLE","NO CUMPLE") -> NO CUMPLE | Y16: 5.1.1.9 | Z16: Verificación del sistema de información de registro de sanciones y causas de inhabilidad (SIRI) de la Procuraduría General De La Nación | AD16: =IF(AA16="X","CUMPLE","NO CUMPLE") -> NO CUMPLE
A17: 5.1.1.10 | B17: Verificación de antecedentes judiciales del Ministerio De Defensa Nacional – Policía Nacional. | C17: X | F17: =IF(C17="X","CUMPLE","NO CUMPLE") -> CUMPLE | G17: 5.1.1.10 | H17: Verificación de antecedentes judiciales del Ministerio De Defensa Nacional – Policía Nacional. | I17: X | L17: =IF(I17="X","CUMPLE","NO CUMPLE") -> CUMPLE | M17: 5.1.1.10 | N17: Verificación de antecedentes judiciales del Ministerio De Defensa Nacional – Policía Nacional. | R17: =IF(O17="X","CUMPLE","NO CUMPLE") -> NO CUMPLE | S17: 5.1.1.10 | T17: Verificación de antecedentes judiciales del Ministerio De Defensa Nacional – Policía Nacional. | X17: =IF(U17="X","CUMPLE","NO CUMPLE") -> NO CUMPLE | Y17: 5.1.1.10 | Z17: Verificación de antecedentes judiciales del Ministerio De Defensa Nacional – Policía Nacional. | AD17: =IF(AA17="X","CUMPLE","NO CUMPLE") -> NO CUMPLE
A18: DOCUMENTACIÓN ACLARATORIA ENTREGADA POR LOS OFERENTES DE LOS ASPECTOS JURÍDICOS | G18: DOCUMENTACIÓN ACLARATORIA ENTREGADA POR LOS OFERENTES DE LOS ASPECTOS JURÍDICOS | M18: DOCUMENTACIÓN ACLARATORIA ENTREGADA POR LOS OFERENTES DE LOS ASPECTOS JURÍDICOS | S18: DOCUMENTACIÓN ACLARATORIA ENTREGADA POR LOS OFERENTES DE LOS ASPECTOS JURÍDICOS | Y18: DOCUMENTACIÓN ACLARATORIA ENTREGADA POR LOS OFERENTES DE LOS ASPECTOS JURÍDICOS
A19: CONCLUSIÓN EVALUACION ASPECTOS JURÍDICOS | C19: =+IF(AND(F9="CUMPLE",F10="CUMPLE",F11="CUMPLE",F12="CUMPLE",F13="CUMPLE",F14="CUMPLE",F15="CUMPLE",F16="CUMPLE",F17="CUMPLE"),"CUMPLE","NO CUMPLE") -> CUMPLE | G19: CONCLUSIÓN EVALUACION ASPECTOS JURÍDICOS | I19: =+IF(AND(L9="CUMPLE",L10="CUMPLE",L11="CUMPLE",L12="CUMPLE",L13="CUMPLE",L14="CUMPLE",L15="CUMPLE",L16="CUMPLE",L17="CUMPLE"),"CUMPLE","NO CUMPLE") -> CUMPLE | M19: CONCLUSIÓN EVALUACION ASPECTOS JURÍDICOS | O19: =+IF(AND(R9="CUMPLE",R10="CUMPLE",R11="CUMPLE",R12="CUMPLE",R13="CUMPLE",R14="CUMPLE",R15="CUMPLE",R16="CUMPLE",R17="CUMPLE"),"CUMPLE","NO CUMPLE") -> NO CUMPLE | S19: CONCLUSIÓN EVALUACION ASPECTOS JURÍDICOS | U19: =+IF(AND(X9="CUMPLE",X10="CUMPLE",X11="CUMPLE",X12="CUMPLE",X13="CUMPLE",X14="CUMPLE",X15="CUMPLE",X16="CUMPLE",X17="CUMPLE"),"CUMPLE","NO CUMPLE") -> NO CUMPLE | Y19: CONCLUSIÓN EVALUACION ASPECTOS JURÍDICOS | AA19: =+IF(AND(AD9="CUMPLE",AD10="CUMPLE",AD11="CUMPLE",AD12="CUMPLE",AD13="CUMPLE",AD14="CUMPLE",AD15="CUMPLE",AD16="CUMPLE",AD17="CUMPLE"),"CUMPLE","NO CUMPLE") -> NO CUMPLE
A21: 5.1.2 | B21: REQUISITOS HABILITANTES FINANCIEROS | G21: 3.2.2. | H21: CAPACIDAD FINANCIERA | M21: 3.2.2. | N21: CAPACIDAD FINANCIERA | S21: 3.2.2. | T21: CAPACIDAD FINANCIERA | Y21: 3.2.2. | Z21: CAPACIDAD FINANCIERA
B22: RUP Registro Único del Proponente (30 Días) (FECHA DE CADA UNO DE LOS INTEGRANTES) | C22: X | E22: 42607 | F22: =IF(C22="X","CUMPLE","NO CUMPLE") -> CUMPLE | H22: RUP Registro Único del Proponente (30 Días) (FECHA DE CADA UNO DE LOS INTEGRANTES) | I22: X | K22: 03/08/2016 10/08/2016 | L22: =IF(I22="X","CUMPLE","NO CUMPLE") -> CUMPLE | N22: RUP Registro Único del Proponente (30 Días) (FECHA DE CADA UNO DE LOS INTEGRANTES) | R22: =IF(O22="X","CUMPLE","NO CUMPLE") -> NO CUMPLE | T22: RUP Registro Único del Proponente (30 Días) (FECHA DE CADA UNO DE LOS INTEGRANTES) | X22: =IF(U22="X","CUMPLE","NO CUMPLE") -> NO CUMPLE | Z22: RUP Registro Único del Proponente (30 Días) (FECHA DE CADA UNO DE LOS INTEGRANTES) | AD22: =IF(AA22="X","CUMPLE","NO CUMPLE") -> NO CUMPLE
B23: CT = ≥ 50% PEE (60% PEE SIN ANTICIPO) | C23: X | E23: SI | F23: =IF(E23="SI","CUMPLE","NO CUMPLE") -> CUMPLE | H23: CT = ≥ 50% PEE (60% PEE SIN ANTICIPO) | I23: x | K23: SI | L23: =IF(K23="SI","CUMPLE","NO CUMPLE") -> CUMPLE | N23: CT = ≥ 50% PEE (60% PEE SIN ANTICIPO) | O23: X | R23: =IF(Q23="SI","CUMPLE","NO CUMPLE") -> NO CUMPLE | T23: CT = ≥ 50% PEE (60% PEE SIN ANTICIPO) | U23: X | X23: =IF(W23="SI","CUMPLE","NO CUMPLE") -> NO CUMPLE | Z23: CT = ≥ 50% PEE (60% PEE SIN ANTICIPO) | AA23: X | AD23: =IF(AC23="SI","CUMPLE","NO CUMPLE") -> NO CUMPLE
B24: LIQ = AC / PC ≥ 2.0 | C24: X | E24: SI | F24: =IF(E24="SI","CUMPLE","NO CUMPLE") -> CUMPLE | H24: LIQ = AC / PC ≥ 2.0 | I24: x | K24: SI | L24: =IF(K24="SI","CUMPLE","NO CUMPLE") -> CUMPLE | N24: LIQ = AC / PC ≥ 2.0 | O24: X | R24: =IF(Q24="SI","CUMPLE","NO CUMPLE") -> NO CUMPLE | T24: LIQ = AC / PC ≥ 2.0 | U24: X | X24: =IF(W24="SI","CUMPLE","NO CUMPLE") -> NO CUMPLE | Z24: LIQ = AC / PC ≥ 1,0 | AA24: X | AD24: =IF(AC24="SI","CUMPLE","NO CUMPLE") -> NO CUMPLE
B25: NE = PT / AT ≤ 0.50 | C25: X | E25: SI | F25: =IF(E25="SI","CUMPLE","NO CUMPLE") -> CUMPLE | H25: NE = PT / AT ≤ 0.50 | I25: x | K25: SI | L25: =IF(K25="SI","CUMPLE","NO CUMPLE") -> CUMPLE | N25: NE = PT / AT ≤ 0.50 | O25: X | R25: =IF(Q25="SI","CUMPLE","NO CUMPLE") -> NO CUMPLE | T25: NE = PT / AT ≤ 0.50 | U25: X | X25: =IF(W25="SI","CUMPLE","NO CUMPLE") -> NO CUMPLE | Z25: NE = PT / AT ≤ 0,70 | AA25: X | AD25: =IF(AC25="SI","CUMPLE","NO CUMPLE") -> NO CUMPLE
B26: RCI = UO/GI ≥ 2.0 | C26: X | E26: SI | F26: =IF(E26="SI","CUMPLE","NO CUMPLE") -> CUMPLE | H26: RCI = UO/GI ≥ 2.0 | I26: x | K26: SI | L26: =IF(K26="SI","CUMPLE","NO CUMPLE") -> CUMPLE | N26: RCI = UO/GI ≥ 2.0 | O26: X | R26: =IF(Q26="SI","CUMPLE","NO CUMPLE") -> NO CUMPLE | T26: RCI = UO/GI ≥ 2.0 | U26: X | X26: =IF(W26="SI","CUMPLE","NO CUMPLE") -> NO CUMPLE | Z26: RCI = UO/GI ≥ 2.0 | AA26: X | AD26: =IF(AC26="SI","CUMPLE","NO CUMPLE") -> NO CUMPLE
B27: RP = UO/P ≥ 8% | C27: X | E27: SI | F27: =IF(E27="SI","CUMPLE","NO CUMPLE") -> CUMPLE | H27: RP = UO/P ≥ 8% | I27: x | K27: SI | L27: =IF(K27="SI","CUMPLE","NO CUMPLE") -> CUMPLE | N27: RP = UO/P ≥ 8% | O27: X | R27: =IF(Q27="SI","CUMPLE","NO CUMPLE") -> NO CUMPLE | T27: RP = UO/P ≥ 8% | U27: X | X27: =IF(W27="SI","CUMPLE","NO CUMPLE") -> NO CUMPLE | Z27: RP = UO/P ≥ 8% | AA27: X | AD27: =IF(AC27="SI","CUMPLE","NO CUMPLE") -> NO CUMPLE
B28: RA = UO/AT ≥ 5% | C28: X | E28: SI | F28: =IF(E28="SI","CUMPLE","NO CUMPLE") -> CUMPLE | H28: RA = UO/AT ≥ 5% | I28: x | K28: SI | L28: =IF(K28="SI","CUMPLE","NO CUMPLE") -> CUMPLE | N28: RA = UO/AT ≥ 5% | O28: X | R28: =IF(Q28="SI","CUMPLE","NO CUMPLE") -> NO CUMPLE | T28: RA = UO/AT ≥ 5% | U28: X | X28: =IF(W28="SI","CUMPLE","NO CUMPLE") -> NO CUMPLE | Z28: RA = UO/AT ≥ 5% | AA28: X | AD28: =IF(AC28="SI","CUMPLE","NO CUMPLE") -> NO CUMPLE
A29: DOCUMENTACIÓN ACLARATORIA ENTREGADA POR LOS OFERENTES DE LA CAPACIDAD FINANCIERA | C29: NO SE REQUIRIO | G29: DOCUMENTACIÓN ACLARATORIA ENTREGADA POR LOS OFERENTES DE LA CAPACIDAD FINANCIERA | M29: DOCUMENTACIÓN ACLARATORIA ENTREGADA POR LOS OFERENTES DE LA CAPACIDAD FINANCIERA | S29: DOCUMENTACIÓN ACLARATORIA ENTREGADA POR LOS OFERENTES DE LA CAPACIDAD FINANCIERA | Y29: DOCUMENTACIÓN ACLARATORIA ENTREGADA POR LOS OFERENTES DE LA CAPACIDAD FINANCIERA
A30: CONCLUSIÓN EVALUACION CAPACIDAD FINANCIERA | C30: =+IF(AND(F22="CUMPLE",F23="CUMPLE",F24="CUMPLE",F25="CUMPLE",F26="CUMPLE",F27="CUMPLE",F28="CUMPLE"),"CUMPLE","NO CUMPLE") -> CUMPLE | G30: CONCLUSIÓN EVALUACION CAPACIDAD FINANCIERA | I30: =+IF(AND(L22="CUMPLE",L23="CUMPLE",L24="CUMPLE",L25="CUMPLE",L26="CUMPLE",L27="CUMPLE",L28="CUMPLE"),"CUMPLE","NO CUMPLE") -> CUMPLE | M30: CONCLUSIÓN EVALUACION CAPACIDAD FINANCIERA | O30: =+IF(AND(R22="CUMPLE",R23="CUMPLE",R24="CUMPLE",R25="CUMPLE",R26="CUMPLE",R27="CUMPLE",R28="CUMPLE"),"CUMPLE","NO CUMPLE") -> NO CUMPLE | S30: CONCLUSIÓN EVALUACION CAPACIDAD FINANCIERA | U30: =+IF(AND(X22="CUMPLE",X23="CUMPLE",X24="CUMPLE",X25="CUMPLE",X26="CUMPLE",X27="CUMPLE",X28="CUMPLE"),"CUMPLE","NO CUMPLE") -> NO CUMPLE | Y30: CONCLUSIÓN EVALUACION CAPACIDAD FINANCIERA | AA30: =+IF(AND(AD22="CUMPLE",AD23="CUMPLE",AD24="CUMPLE",AD25="CUMPLE",AD26="CUMPLE",AD27="CUMPLE",AD28="CUMPLE"),"CUMPLE","NO CUMPLE") -> NO CUMPLE
B32: EXPERIENCIA ESPECÍFICA | G32: 3.2.3 | H32: EXPERIENCIA ESPECÍFICA | M32: 3.2.3 | N32: EXPERIENCIA ESPECÍFICA | S32: 3.2.3 | T32: EXPERIENCIA ESPECÍFICA | Y32: 3.2.3 | Z32: EXPERIENCIA ESPECÍFICA
A34: 3.2.3.3. | B34: Capacidad de contratación (K) y capacidad residual (Kr) – Formato 06 | G34: 3.2.3.3. | H34: Capacidad de contratación (K) y capacidad residual (Kr) – Formato 06 | M34: 3.2.3.3. | N34: Capacidad de contratación (K) y capacidad residual (Kr) – Formato 06 | S34: 3.2.3.3. | T34: Capacidad de contratación (K) y capacidad residual (Kr) – Formato 06 | Y34: 3.2.3.3. | Z34: Capacidad de contratación (K) y capacidad residual (Kr) – Formato 06
B35: 80% del valor del PEE (Para el caso que el oferente acepte el anticipo) 100% del valor del PEE (Para el caso que el oferente prescinda del anticipo) | C35: X | F35: =IF(C35="X","CUMPLE","NO CUMPLE") -> CUMPLE | H35: 80% del valor del PEE (Para el caso que el oferente acepte el anticipo) 100% del valor del PEE (Para el caso que el oferente prescinda del anticipo) | I35: X | L35: =IF(I35="X","CUMPLE","NO CUMPLE") -> CUMPLE | N35: 80% del valor del PEE (Para el caso que el oferente acepte el anticipo) 100% del valor del PEE (Para el caso que el oferente prescinda del anticipo) | R35: =IF(O35="X","CUMPLE","NO CUMPLE") -> NO CUMPLE | T35: 80% del valor del PEE (Para el caso que el oferente acepte el anticipo) 100% del valor del PEE (Para el caso que el oferente prescinda del anticipo) | X35: =IF(U35="X","CUMPLE","NO CUMPLE") -> NO CUMPLE | Z35: 80% del valor del PEE (Para el caso que el oferente acepte el anticipo) 100% del valor del PEE (Para el caso que el oferente prescinda del anticipo) | AD35: =IF(AA35="X","CUMPLE","NO CUMPLE") -> NO CUMPLE
A36: 5.1.3 | B36: EXPERIENCIA ESPECÍFICA DEL OFERENTE | H36: EXPERIENCIA ESPECÍFICA DEL OFERENTE | N36: EXPERIENCIA ESPECÍFICA DEL OFERENTE | T36: EXPERIENCIA ESPECÍFICA DEL OFERENTE | Z36: EXPERIENCIA ESPECÍFICA DEL OFERENTE
B37: =+'Exp. oferente'!A6 -> INTERVENTORÍA A LA CONSTRUCCIÓN Y/O AMPLIACIÓN DE EDIFICACIONES | F37: =+IF(AND(C38="X",C39="X",C40="X",C41="X",C42="X"),"CUMPLE","NO CUMPLE") -> CUMPLE | H37: =+'Exp. oferente'!A6 -> INTERVENTORÍA A LA CONSTRUCCIÓN Y/O AMPLIACIÓN DE EDIFICACIONES | L37: =+IF(AND(I38="X",I39="X",I40="X",I41="X",I42="X"),"CUMPLE","NO CUMPLE") -> CUMPLE | N37: =+'Exp. oferente'!A6 -> INTERVENTORÍA A LA CONSTRUCCIÓN Y/O AMPLIACIÓN DE EDIFICACIONES | R37: =+IF(AND(O38="X",O39="X",O40="X",O41="X",O42="X"),"CUMPLE","NO CUMPLE") -> NO CUMPLE | T37: =+'Exp. oferente'!A6 -> INTERVENTORÍA A LA CONSTRUCCIÓN Y/O AMPLIACIÓN DE EDIFICACIONES | X37: =+IF(AND(U38="X",U39="X",U40="X",U41="X",U42="X"),"CUMPLE","NO CUMPLE") -> NO CUMPLE | Z37: =+'Exp. oferente'!A6 -> INTERVENTORÍA A LA CONSTRUCCIÓN Y/O AMPLIACIÓN DE EDIFICACIONES | AD37: =+IF(AND(AA38="X",AA39="X",AA40="X",AA41="X",AA42="X"),"CUMPLE","NO CUMPLE") -> NO CUMPLE
B38: =+'Exp. oferente'!F22 -> Realizar la Interventoría técnica, administrativa y financiera de la construcción de la primera etapa de la unidad intermedia de Salud de los barrios del sur en el municipio de Ibagué, Departamento del Tolima | C38: X | E38: =+CONCATENATE('Exp. oferente'!H22,CHAR(10),TEXT('Exp. oferente'!G22,"DD"),"/",TEXT('Exp. oferente'!G22,"MMMM"),"/",TEXT('Exp. oferente'!G22,"YYYY"), CHAR(10),DOLLAR('Exp. oferente'!I22)) -> N.A. 03/diciembre/2010 XDR124,782,087.00 | H38: =+'Exp. oferente'!F46 -> INTERVENTORÍA AL CONTRATO DE OBRA CUYO OBJETO ES LA CONSTRUCCIÓN DEL JARDÍN MANUELISTA - REGISTRO No. 3929 | I38: X | K38: =+CONCATENATE('Exp. oferente'!H46,CHAR(10),TEXT('Exp. oferente'!G46,"DD"),"/",TEXT('Exp. oferente'!G46,"MMMM"),"/",TEXT('Exp. oferente'!G46,"YYYY"), CHAR(10),DOLLAR('Exp. oferente'!I46)) -> N.A. 30/noviembre/2016 XDR620,000,000.00 | N38: =+'Exp. oferente'!F69 -> INTERVENTORIA DE LAS OBRAS DE CONSTRUCCION DE LA INSTITUCION EDUCATIVA FREDONIA | Q38: =+CONCATENATE('Exp. oferente'!H69,CHAR(10),TEXT('Exp. oferente'!G69,"DD"),"/",TEXT('Exp. oferente'!G69,"MMMM"),"/",TEXT('Exp. oferente'!G69,"YYYY"), CHAR(10),DOLLAR('Exp. oferente'!I69)) -> N.A. 12/septiembre/2011 XDR180,673,118.00 | T38: =+'Exp. oferente'!#REF! -> #REF! | W38: =+CONCATENATE('Exp. oferente'!#REF!,CHAR(10),TEXT('Exp. oferente'!#REF!,"DD"),"/",TEXT('Exp. oferente'!#REF!,"MMMM"),"/",TEXT('Exp. oferente'!#REF!,"YYYY"), CHAR(10),DOLLAR('Exp. oferente'!#REF!)) -> #REF! | Z38: =+'Exp. oferente'!#REF! -> #REF! | AC38: =+CONCATENATE('Exp. oferente'!#REF!,CHAR(10),TEXT('Exp. oferente'!#REF!,"DD"),"/",TEXT('Exp. oferente'!#REF!,"MMMM"),"/",TEXT('Exp. oferente'!#REF!,"YYYY"), CHAR(10),DOLLAR('Exp. oferente'!#REF!)) -> #REF!
B39: =+'Exp. oferente'!F23 -> Interventoría técnica, administrativa y financiera para la construcción y dotación de un centro de desarrollo infantil en la inspección de la Libertad municipio de el RETORNO departamento del Guaviare | C39: X | E39: =+CONCATENATE('Exp. oferente'!H23,CHAR(10),TEXT('Exp. oferente'!G23,"DD"),"/",TEXT('Exp. oferente'!G23,"MMMM"),"/",TEXT('Exp. oferente'!G23,"YYYY"), CHAR(10),DOLLAR('Exp. oferente'!I23)) -> N.A. 24/octubre/2014 XDR0.00 | H39: =+'Exp. oferente'!F47 -> INTERVENTORIA TÉCNICA FINANCIERA, ADMINISTRATIVA, JURÍDICA Y CONTABLE DEL PROYECTO AMPLIACIÓN, ADECUACIÓN Y DOTACIÓN DE EQUIPOS Y MUEBLES DEL ALMACÉN DE ARMAMENTO AÉREO Y LA TORRE DE SECADO DE PARACAÍDAS DEL COMANDO AÉREO DE COMBATE No 2 UBICADO EN LA CIUDAD DE VILLAVICENCIO- META. | I39: X | K39: =+CONCATENATE('Exp. oferente'!H47,CHAR(10),TEXT('Exp. oferente'!G47,"DD"),"/",TEXT('Exp. oferente'!G47,"MMMM"),"/",TEXT('Exp. oferente'!G47,"YYYY"), CHAR(10),DOLLAR('Exp. oferente'!I47)) -> N.A. 10/octubre/2016 XDR0.00 | N39: =+'Exp. oferente'!F70 -> INTERVENTORIA TECNICA, ADMINISTRATIVA Y FINANCIERA AL CONTRATO DE EJECUCION DE LAS OBRAS NECESARIAS Y COMPLEMENTARIAS PARA LA TERMINACION DEL EDIFICIO DEL COSTADO NORTE EN EL COLEGIO VENECIA, DE LA LOCALIDAD 6a DE TUNJUELITO | Q39: =+CONCATENATE('Exp. oferente'!H70,CHAR(10),TEXT('Exp. oferente'!G70,"DD"),"/",TEXT('Exp. oferente'!G70,"MMMM"),"/",TEXT('Exp. oferente'!G70,"YYYY"), CHAR(10),DOLLAR('Exp. oferente'!I70)) -> N.A. 17/enero/2015 XDR0.00 | T39: =+'Exp. oferente'!#REF! -> #REF! | W39: =+CONCATENATE('Exp. oferente'!#REF!,CHAR(10),TEXT('Exp. oferente'!#REF!,"DD"),"/",TEXT('Exp. oferente'!#REF!,"MMMM"),"/",TEXT('Exp. oferente'!#REF!,"YYYY"), CHAR(10),DOLLAR('Exp. oferente'!#REF!)) -> #REF! | Z39: =+'Exp. oferente'!#REF! -> #REF! | AC39: =+CONCATENATE('Exp. oferente'!#REF!,CHAR(10),TEXT('Exp. oferente'!#REF!,"DD"),"/",TEXT('Exp. oferente'!#REF!,"MMMM"),"/",TEXT('Exp. oferente'!#REF!,"YYYY"), CHAR(10),DOLLAR('Exp. oferente'!#REF!)) -> #REF!
B40: =+'Exp. oferente'!F24 -> Contratar Interventoría técnica, administrativa, financiera, ambiental y jurídica a las obras que se generen en el cumplimiento del contrato de obra cuyo objeto es "Contratar la construcción de un polideportivo cubierto en el corregimiento Olaya herrera del municipio de Ortega, Tolima, en ejecución del convenio interadministrativo No. 695 de 2014 suscrito con Coldeportes | C40: X | E40: =+CONCATENATE('Exp. oferente'!H24,CHAR(10),TEXT('Exp. oferente'!G24,"DD"),"/",TEXT('Exp. oferente'!G24,"MMMM"),"/",TEXT('Exp. oferente'!G24,"YYYY"), CHAR(10),DOLLAR('Exp. oferente'!I24)) -> N.A. 20/marzo/2016 XDR0.00 | H40: =+'Exp. oferente'!F48 -> 0 | I40: X | K40: =+CONCATENATE('Exp. oferente'!H48,CHAR(10),TEXT('Exp. oferente'!G48,"DD"),"/",TEXT('Exp. oferente'!G48,"MMMM"),"/",TEXT('Exp. oferente'!G48,"YYYY"), CHAR(10),DOLLAR('Exp. oferente'!I48)) -> 00/enero/1900 XDR0.00 | N40: =+'Exp. oferente'!F71 -> 0 | Q40: =+CONCATENATE('Exp. oferente'!H71,CHAR(10),TEXT('Exp. oferente'!G71,"DD"),"/",TEXT('Exp. oferente'!G71,"MMMM"),"/",TEXT('Exp. oferente'!G71,"YYYY"), CHAR(10),DOLLAR('Exp. oferente'!I71)) -> 00/enero/1900 XDR0.00 | T40: =+'Exp. oferente'!#REF! -> #REF! | W40: =+CONCATENATE('Exp. oferente'!#REF!,CHAR(10),TEXT('Exp. oferente'!#REF!,"DD"),"/",TEXT('Exp. oferente'!#REF!,"MMMM"),"/",TEXT('Exp. oferente'!#REF!,"YYYY"), CHAR(10),DOLLAR('Exp. oferente'!#REF!)) -> #REF! | Z40: =+'Exp. oferente'!#REF! -> #REF! | AC40: =+CONCATENATE('Exp. oferente'!#REF!,CHAR(10),TEXT('Exp. oferente'!#REF!,"DD"),"/",TEXT('Exp. oferente'!#REF!,"MMMM"),"/",TEXT('Exp. oferente'!#REF!,"YYYY"), CHAR(10),DOLLAR('Exp. oferente'!#REF!)) -> #REF!
B41: =+'Exp. oferente'!F25 -> Interventoría técnica, administrativa y financiera para la "construcción del centro de integración ciudadana en el sector urbano del municipio de rioblanco | C41: X | E41: =+CONCATENATE('Exp. oferente'!H25,CHAR(10),TEXT('Exp. oferente'!G25,"DD"),"/",TEXT('Exp. oferente'!G25,"MMMM"),"/",TEXT('Exp. oferente'!G25,"YYYY"), CHAR(10),DOLLAR('Exp. oferente'!I25)) -> N.A. 02/octubre/2016 XDR0.00 | H41: =+'Exp. oferente'!F49 -> 0 | I41: X | K41: =+CONCATENATE('Exp. oferente'!H49,CHAR(10),TEXT('Exp. oferente'!G49,"DD"),"/",TEXT('Exp. oferente'!G49,"MMMM"),"/",TEXT('Exp. oferente'!G49,"YYYY"), CHAR(10),DOLLAR('Exp. oferente'!I49)) -> 00/enero/1900 XDR0.00 | N41: =+'Exp. oferente'!F72 -> 0 | Q41: =+CONCATENATE('Exp. oferente'!H72,CHAR(10),TEXT('Exp. oferente'!G72,"DD"),"/",TEXT('Exp. oferente'!G72,"MMMM"),"/",TEXT('Exp. oferente'!G72,"YYYY"), CHAR(10),DOLLAR('Exp. oferente'!I72)) -> 00/enero/1900 XDR0.00 | T41: =+'Exp. oferente'!#REF! -> #REF! | W41: =+CONCATENATE('Exp. oferente'!#REF!,CHAR(10),TEXT('Exp. oferente'!#REF!,"DD"),"/",TEXT('Exp. oferente'!#REF!,"MMMM"),"/",TEXT('Exp. oferente'!#REF!,"YYYY"), CHAR(10),DOLLAR('Exp. oferente'!#REF!)) -> #REF! | Z41: =+'Exp. oferente'!#REF! -> #REF! | AC41: =+CONCATENATE('Exp. oferente'!#REF!,CHAR(10),TEXT('Exp. oferente'!#REF!,"DD"),"/",TEXT('Exp. oferente'!#REF!,"MMMM"),"/",TEXT('Exp. oferente'!#REF!,"YYYY"),CHAR(10),DOLLAR('Exp. oferente'!#REF!)) -> #REF!
B42: =+'Exp. oferente'!F26 -> Realizar la Interventoría técnica, administrativa y financiera de la construcción de la segunda etapa de la unidad intermedia de Salud de los barrios del sur en el municipio de Ibagué, Departamento del Tolima | C42: X | E42: =+CONCATENATE('Exp. oferente'!H26,CHAR(10),TEXT('Exp. oferente'!G26,"DD"),"/",TEXT('Exp. oferente'!G26,"MMMM"),"/",TEXT('Exp. oferente'!G26,"YYYY"), CHAR(10),DOLLAR('Exp. oferente'!I26)) -> N.A. 08/agosto/2012 XDR132,186,100.00 | H42: =+'Exp. oferente'!F50 -> 0 | I42: X | K42: =+CONCATENATE('Exp. oferente'!H50,CHAR(10),TEXT('Exp. oferente'!G50,"DD"),"/",TEXT('Exp. oferente'!G50,"MMMM"),"/",TEXT('Exp. oferente'!G50,"YYYY"), CHAR(10),DOLLAR('Exp. oferente'!I50)) -> 00/enero/1900 XDR0.00 | N42: =+'Exp. oferente'!F73 -> 0 | Q42: =+CONCATENATE('Exp. oferente'!H73,CHAR(10),TEXT('Exp. oferente'!G73,"DD"),"/",TEXT('Exp. oferente'!G73,"MMMM"),"/",TEXT('Exp. oferente'!G73,"YYYY"), CHAR(10),DOLLAR('Exp. oferente'!I73)) -> 00/enero/1900 XDR0.00 | T42: =+'Exp. oferente'!#REF! -> #REF! | W42: =+CONCATENATE('Exp. oferente'!#REF!,CHAR(10),TEXT('Exp. oferente'!#REF!,"DD"),"/",TEXT('Exp. oferente'!#REF!,"MMMM"),"/",TEXT('Exp. oferente'!#REF!,"YYYY"), CHAR(10),DOLLAR('Exp. oferente'!#REF!)) -> #REF! | Z42: =+'Exp. oferente'!#REF! -> #REF! | AC42: =+CONCATENATE('Exp. oferente'!#REF!,CHAR(10),TEXT('Exp. oferente'!#REF!,"DD"),"/",TEXT('Exp. oferente'!#REF!,"MMMM"),"/",TEXT('Exp. oferente'!#REF!,"YYYY"), CHAR(10),DOLLAR('Exp. oferente'!#REF!)) -> #REF!
B43: =+'Exp. oferente'!A7 -> 1) La experiencia debe ser acreditada con la ejecución de MÁXIMO CINCO (05) contratos, cuya sumatoria del valor de sus contratos sea mayor o igual a 2.0 vez el valor del POE, expresado en SMMLV a la fecha de su terminación | F43: =+IF(AND(C44="X"),"CUMPLE","NO CUMPLE") -> CUMPLE | H43: =+'Exp. oferente'!A7 -> 1) La experiencia debe ser acreditada con la ejecución de MÁXIMO CINCO (05) contratos, cuya sumatoria del valor de sus contratos sea mayor o igual a 2.0 vez el valor del POE, expresado en SMMLV a la fecha de su terminación | L43: =+IF(AND(I44="X"),"CUMPLE","NO CUMPLE") -> CUMPLE | N43: =+'Exp. oferente'!A7 -> 1) La experiencia debe ser acreditada con la ejecución de MÁXIMO CINCO (05) contratos, cuya sumatoria del valor de sus contratos sea mayor o igual a 2.0 vez el valor del POE, expresado en SMMLV a la fecha de su terminación | R43: =+IF(AND(O44="X"),"CUMPLE","NO CUMPLE") -> NO CUMPLE | T43: =+'Exp. oferente'!A7 -> 1) La experiencia debe ser acreditada con la ejecución de MÁXIMO CINCO (05) contratos, cuya sumatoria del valor de sus contratos sea mayor o igual a 2.0 vez el valor del POE, expresado en SMMLV a la fecha de su terminación | X43: =+IF(AND(U44="X"),"CUMPLE","NO CUMPLE") -> NO CUMPLE | Z43: =+'Exp. oferente'!A7 -> 1) La experiencia debe ser acreditada con la ejecución de MÁXIMO CINCO (05) contratos, cuya sumatoria del valor de sus contratos sea mayor o igual a 2.0 vez el valor del POE, expresado en SMMLV a la fecha de su terminación | AD43: =+IF(AND(AA44="X"),"CUMPLE","NO CUMPLE") -> NO CUMPLE
C44: X | I44: X
B45: =+'Exp. oferente'!A8 -> 2) Los contratos aportados deben incluir en su alcance u objeto, Interventoría a la construcción de una edificación institucional, con un valor mínimo de 1.0 veces el valor del POE, expresado en SMMLV a la fecha de su terminación. | F45: =+IF(AND(C46="X"),"CUMPLE","NO CUMPLE") -> CUMPLE | H45: =+'Exp. oferente'!A8 -> 2) Los contratos aportados deben incluir en su alcance u objeto, Interventoría a la construcción de una edificación institucional, con un valor mínimo de 1.0 veces el valor del POE, expresado en SMMLV a la fecha de su terminación. | L45: =+IF(AND(I46="X"),"CUMPLE","NO CUMPLE") -> CUMPLE | N45: =+'Exp. oferente'!A8 -> 2) Los contratos aportados deben incluir en su alcance u objeto, Interventoría a la construcción de una edificación institucional, con un valor mínimo de 1.0 veces el valor del POE, expresado en SMMLV a la fecha de su terminación. | R45: =+IF(AND(O46="X"),"CUMPLE","NO CUMPLE") -> NO CUMPLE | T45: =+'Exp. oferente'!A8 -> 2) Los contratos aportados deben incluir en su alcance u objeto, Interventoría a la construcción de una edificación institucional, con un valor mínimo de 1.0 veces el valor del POE, expresado en SMMLV a la fecha de su terminación. | X45: =+IF(AND(U46="X"),"CUMPLE","NO CUMPLE") -> NO CUMPLE | Z45: =+'Exp. oferente'!A8 -> 2) Los contratos aportados deben incluir en su alcance u objeto, Interventoría a la construcción de una edificación institucional, con un valor mínimo de 1.0 veces el valor del POE, expresado en SMMLV a la fecha de su terminación. | AD45: =+IF(AND(AA46="X"),"CUMPLE","NO CUMPLE") -> NO CUMPLE
C46: X | I46: X
A47: DOCUMENTACIÓN ACLARATORIA ENTREGADA POR LOS OFERENTES DE LA EXPERIENCIA ESPECÍFICA | G47: DOCUMENTACIÓN ACLARATORIA ENTREGADA POR LOS OFERENTES DE LA EXPERIENCIA ESPECÍFICA | M47: DOCUMENTACIÓN ACLARATORIA ENTREGADA POR LOS OFERENTES DE LA EXPERIENCIA ESPECÍFICA | S47: DOCUMENTACIÓN ACLARATORIA ENTREGADA POR LOS OFERENTES DE LA EXPERIENCIA ESPECÍFICA | Y47: DOCUMENTACIÓN ACLARATORIA ENTREGADA POR LOS OFERENTES DE LA EXPERIENCIA ESPECÍFICA
A48: CONCLUSIÓN EVALUACION EXPERIENCIA ESPECÍFICA | C48: =+IF(AND(F37="CUMPLE",F43="CUMPLE",F45="CUMPLE"),"CUMPLE","NO CUMPLE") -> CUMPLE | G48: CONCLUSIÓN EVALUACION EXPERIENCIA ESPECÍFICA | I48: =+IF(AND(L37="CUMPLE",L43="CUMPLE",L45="CUMPLE"),"CUMPLE","NO CUMPLE") -> CUMPLE | M48: CONCLUSIÓN EVALUACION EXPERIENCIA ESPECÍFICA | O48: =+IF(AND(R37="CUMPLE",R43="CUMPLE",R45="CUMPLE"),"CUMPLE","NO CUMPLE") -> NO CUMPLE | S48: CONCLUSIÓN EVALUACION EXPERIENCIA ESPECÍFICA | U48: =+IF(AND(X37="CUMPLE",X43="CUMPLE",X45="CUMPLE"),"CUMPLE","NO CUMPLE") -> NO CUMPLE | Y48: CONCLUSIÓN EVALUACION EXPERIENCIA ESPECÍFICA | AA48: =+IF(AND(AD37="CUMPLE",AD43="CUMPLE",AD45="CUMPLE"),"CUMPLE","NO CUMPLE") -> NO CUMPLE
A49: CONCLUSIÓN DEL OFERENTE | C49: =+IF(AND(F19="CUMPLE",F30="CUMPLE",F48="CUMPLE"),"CUMPLE","NO CUMPLE") -> NO CUMPLE | G49: CONCLUSIÓN DEL OFERENTE | I49: =+IF(AND(L19="CUMPLE",L30="CUMPLE",L48="CUMPLE"),"CUMPLE","NO CUMPLE") -> NO CUMPLE | M49: CONCLUSIÓN DEL OFERENTE | O49: =+IF(AND(R19="CUMPLE",R30="CUMPLE",R48="CUMPLE"),"CUMPLE","NO CUMPLE") -> NO CUMPLE | S49: CONCLUSIÓN DEL OFERENTE | U49: =+IF(AND(X19="CUMPLE",X30="CUMPLE",X48="CUMPLE"),"CUMPLE","NO CUMPLE") -> NO CUMPLE | Y49: CONCLUSIÓN DEL OFERENTE | AA49: =+IF(AND(AD19="CUMPLE",AD30="CUMPLE",AD48="CUMPLE"),"CUMPLE","NO CUMPLE") -> NO CUMPLE
A51: CAUSALES DE RECHAZO (SI APLICA) | G51: CAUSALES DE RECHAZO (SI APLICA) | M51: CAUSALES DE RECHAZO (SI APLICA) | S51: CAUSALES DE RECHAZO (SI APLICA) | Y51: CAUSALES DE RECHAZO (SI APLICA)
A52: OBSERVACIONES ADICIONALES | G52: OBSERVACIONES ADICIONALES | M52: OBSERVACIONES ADICIONALES | S52: OBSERVACIONES ADICIONALES | Y52: OBSERVACIONES ADICIONALES
A53: CONCLUSIÓN FINAL DE LA EVALUACIÓN DEL OFERENTE | C53: NO CUMPLE | G53: CONCLUSIÓN FINAL DE LA EVALUACIÓN DEL OFERENTE | I53: NO CUMPLE | M53: CONCLUSIÓN FINAL DE LA EVALUACIÓN DEL OFERENTE | O53: NO CUMPLE | S53: CONCLUSIÓN FINAL DE LA EVALUACIÓN DEL OFERENTE | U53: NO CUMPLE | Y53: CONCLUSIÓN FINAL DE LA EVALUACIÓN DEL OFERENTE | AA53: NO CUMPLE
A586: NO CUMPLE | G586: NO CUMPLE | M586: NO CUMPLE | S586: NO CUMPLE | Y586: NO CUMPLE
A587: CUMPLE | G587: CUMPLE | M587: CUMPLE | S587: CUMPLE | Y587: CUMPLE
A588: PENDIENTE | G588: PENDIENTE | M588: PENDIENTE | S588: PENDIENTE | Y588: PENDIENTE
A589: NO HABILITADO | G589: NO HABILITADO | M589: NO HABILITADO | S589: NO HABILITADO | Y589: NO HABILITADO
A590: HABILITADO | G590: HABILITADO | M590: HABILITADO | S590: HABILITADO | Y590: HABILITADO
A591: RECHAZADO | G591: RECHAZADO | M591: RECHAZADO | S591: RECHAZADO | Y591: RECHAZADO
A592: PENDIENTE | G592: PENDIENTE | M592: PENDIENTE | S592: PENDIENTE | Y592: PENDIENTE

Sheet Exp. oferente ADICIONAL
A1: FONDO FINANCIERO DE PROYECTOS DE DESARROLLO FONADE DEPARTAMENTO PARA LA PROSPERIDAD SOCIAL -DPS CONVENIO INTERADMINISTRATIVO Nº 212080 INTERVENTORÍA TÉCNICA, ADMINISTRATIVA Y DE CONTROL PRESUPUESTAL PARA LA CONSTRUCCIÓN DEL CENTRO INTEGRADO COMUNITARIO CISCO SAN JOSÉ – FASE I, MUNICIPIO DE MANIZALES – CALDAS CONVOCATORIA SIMPLIFICADA CSI 005-2018
A3: EXPERIENCIA ADICIONAL TÉCNICA DEL OFERENTE
A5: El oferente debe acreditar en su oferta, que cuenta con experiencia específica en:
A6: INTERVENTORÍA A LA CONSTRUCCIÓN Y/O AMPLIACIÓN DE EDIFICACIONES INSTITUCIONALES
A7: Un (1) Contrato Adicional ≥ 0.5 veces el POE | G7: 25 puntos
A8: Dos (2) Contratos Adicionales cuya sumatoria sea ≥ 1. una vez el POE. | G8: 50 puntos
J11: SMMLV
F12: ≥ 0.5 veces el POE | G12: 102.44627 | J12: 204.89253
H13: presup.of | I13: 160070650 | J13: SMMLV
H14: SMMLV 2018 | I14: 781242 | J14: 204.89253
B17: Oferente | C17: 1 | D17: CONSULTORIA ESTRUCTURAL Y DE CONSTRUCCION S.A.S. - CEYCO INGENIERIA SAS
D18: (CONSULTORIA ESTRUCTURAL Y DE CONSTRUCCION S.A.S. - CEYCO INGENIERIA SAS 100% - 0% - 0%- 0%- 0%)
A21: No | B21: PROPIETARIO O ENTIDAD CONTRATANTE | C21: APORTADA POR | D21: % en Cto | E21: CONSECUTIVO RUP | F21: OBJETO | G21: Fecha de Terminación | H21: Folio | I21: VALOR | J21: SMMLV | K21: CALIFICACION
A22: 1 | H22: N.A. | J22: 0
A23: 2 | H23: N.A. | J23: 0
A24: 3 | J24: 0
A25: 4 | J25: 0
A26: 5 | J26: 0
A27: 6 | J27: 0
A28: 7 | J28: 0
A29: 8 | J29: 0
A30: 9 | J30: 0
A31: 10 | J31: 0
J32: TOTAL
B41: Oferente | C41: 2 | D41: NELSY LIDIA CRUZ SUAREZ
D42: (NELSY LIDIA CRUZ SUAREZ 100% - 0% - 0%- 0%- 0%)
A45: No | B45: PROPIETARIO O ENTIDAD CONTRATANTE | C45: APORTADA POR | D45: % en Cto | E45: CONSECUTIVO RUP | F45: OBJETO | G45: Fecha de Terminación | H45: Folio | I45: VALOR | J45: SMMLV | K45: CALIFICACION
A46: 1 | H46: N.A. | J46: 0
A47: 2 | H47: N.A. | J47: 0
A48: 3 | J48: 0
A49: 4 | J49: 0
A50: 5 | J50: 0
A51: 6 | J51: 0
A52: 7 | J52: 0
A53: 8 | J53: 0
A54: 9 | J54: 0
J55: TOTAL
B64: Oferente | C64: 3 | D64: CONSTRUCTORA JAIME URIBE S.A.S
D65: (CONSTRUCTORA JAIME URIBE S.A.S 100% - 0% - 0%- 0%- 0%)
A68: No | B68: PROPIETARIO O ENTIDAD CONTRATANTE | C68: APORTADA POR | D68: % en Cto | E68: CONSECUTIVO RUP | F68: OBJETO | G68: Fecha de Terminación | H68: Folio | I68: VALOR | J68: SMMLV | K68: CALIFICACION
A69: 1 | H69: N.A. | J69: 0
A70: 2 | H70: N.A. | J70: 0
A71: 3 | J71: 0
A72: 4 | J72: 0
A73: 5 | J73: 0
A74: 6 | J74: 0
A75: 7 | J75: 0
A76: 8 | J76: 0
A77: 9 | J77: 0
J78: TOTAL
B81: Oferente | C81: 4 | D81: CONSORCIO INTER SAN JOSE
D82: (YOHAN FAHIR BERMUDEZ PARRA 65% - FEDERICO GARCIA ARBELAEZ 35% - 0%- 0%- 0%)
A85: No | B85: PROPIETARIO O ENTIDAD CONTRATANTE | C85: APORTADA POR | D85: % en Cto | E85: CONSECUTIVO RUP | F85: OBJETO | G85: Fecha de Terminación | H85: Folio | I85: VALOR | J85: SMMLV | K85: CALIFICACION
A86: 1 | J86: 0
A87: 2 | J87: 0
A88: 3 | J88: 0
A89: 4 | J89: 0
A90: 5 | J90: 0
A91: 6 | J91: 0
A92: 7 | J92: 0
A93: 8 | J93: 0
A94: 9 | J94: 0
J95: TOTAL
B98: Oferente | C98: 5 | D98: CIVING INGENIEROS CONTRATISTAS S.A.S.
D99: (CIVING INGENIEROS CONTRATISTAS S.A.S. 100% - 0% - 0%- 0%- 0%)
A102: No | B102: PROPIETARIO O ENTIDAD CONTRATANTE | C102: APORTADA POR | D102: % en Cto | E102: CONSECUTIVO RUP | F102: OBJETO | G102: Fecha de Terminación | H102: Folio | I102: VALOR | J102: SMMLV | K102: CALIFICACION
A103: 1 | H103: N.A. | J103: 0
A104: 2 | H104: N.A. | J104: 0
A105: 3 | J105: 0
A106: 4 | J106: 0
A107: 5 | J107: 0
A108: 6 | J108: 0
A109: 7 | J109: 0
A110: 8 | J110: 0
A111: 9 | J111: 0
J112: TOTAL
F114: 1.2576567e+08
B115: Oferente | C115: 6 | D115: CONSORCIO CSI005-C&P
D116: (PROMOTORA VALORES S.A.S. 50% - CONSULTAR CON PROFESIONALES Y CIA LTDA 50% - 0%- 0%- 0%)
A119: No | B119: PROPIETARIO O ENTIDAD CONTRATANTE | C119: APORTADA POR | D119: % en Cto | E119: CONSECUTIVO RUP | F119: OBJETO | G119: Fecha de Terminación | H119: Folio | I119: VALOR | J119: SMMLV | K119: CALIFICACION
A120: 1 | H120: N.A. | J120: 0
A121: 2 | H121: N.A. | J121: 0
A122: 3 | J122: 0
A123: 4 | J123: 0
A124: 5 | J124: 0
A125: 6 | J125: 0
A126: 7 | J126: 0
A127: 8 | J127: 0
A128: 9 | J128: 0
J129: TOTAL
B132: Oferente | C132: 7 | D132: CONSTRUCTODO INGENIEROS CONTRATISTAS LTDA.
D133: (CONSTRUCTODO INGENIEROS CONTRATISTAS LTDA. 100% - 0% - 0%- 0%- 0%)
A136: No | B136: PROPIETARIO O ENTIDAD CONTRATANTE | C136: APORTADA POR | D136: % en Cto | E136: CONSECUTIVO RUP | F136: OBJETO | G136: Fecha de Terminación | H136: Folio | I136: VALOR | J136: SMMLV | K136: CALIFICACION
A137: 1 | H137: N.A. | J137: 0
A138: 2 | H138: N.A. | J138: 0
A139: 3 | J139: 0
A140: 4 | J140: 0
A141: 5 | J141: 0
A142: 6 | J142: 0
A143: 7 | J143: 0
...

Sheet Exp. profesionales
A1: FONDO FINANCIERO DE PROYECTOS DE DESARROLLO FONADE DEPARTAMENTO PARA LA PROSPERIDAD SOCIAL -DPS CONVENIO INTERADMINISTRATIVO Nº 212080 INTERVENTORÍA TÉCNICA, ADMINISTRATIVA Y DE CONTROL PRESUPUESTAL PARA LA CONSTRUCCIÓN DEL CENTRO INTEGRADO COMUNITARIO CISCO SAN JOSÉ – FASE I, MUNICIPIO DE MANIZALES – CALDAS CONVOCATORIA SIMPLIFICADA CSI 005-2018
A4: REQUISITOS MINIMOS - PERSONAL PRINCIPAL REQUERIDO - CUMPLE/ NO CUMPLE
A6: CARGO A DESEMPEÑAR | B6: FORMACIÓN ACADÉMICA | C6: TIEMPO MÍNIMO REQUERIDO DE HABER TERMINADO Y APROBADO ESTUDIOS (EN AÑOS) | E6: NUMERO DE PROYECTOS A ACREDITAR | F6: EXPERIENCIA ESPECÍFICA | I6: REQUERIMIENTO PARTICULAR | K6: REQUISITO MINIMO ENSMMLV
A7: Director de Interventoría | B7: Ingeniero Civil y/o Arquitecto | C7: 4 | D7: 41689 | E7: 3 | F7: Director o coordinador de interventoría en proyectos de construcción y/o ampliación de edificaciones | I7: Mínimo uno (1) de los proyectos acreditados deberán estar relacionados con la interventoría a la construcción y/o ampliación de una edificación y cuyo valor sea igual o mayor a 0.5 veces el valor del POE expresado en SMLMV a la fecha de su terminación. | K7: 102.44627
A19: OFERENTE | B19: 1 | C19: CONSULTORIA ESTRUCTURAL Y DE CONSTRUCCION S.A.S. - CEYCO INGENIERIA SAS
C20: (CONSULTORIA ESTRUCTURAL Y DE CONSTRUCCION S.A.S. - CEYCO INGENIERIA SAS 100% - 0% - 0%- 0%- 0%)
A23: CARGO | B23: NOMBRE | C23: TARJETA PROFESIONAL | D23: FECHA EXPEDICIÓN | F23: PROFESION | G23: POSGRADO | H23: OBJETO | I23: FECHA TERMINACIÓN CONTRATO | J23: VALOR | K23: SMMLV | L23: REQUERIMIENTO PARTICULAR QUE ACREDITA | M23: FOLIO | N23: OBSERVACIONES
A24: Director de Interventoría | B24: GUILLERMO ANDRES CAMACHO OBREGON | C24: 25202-105899 | D24: 38064 | E24: CUMPLE EL TIEMPO MÍNIMO REQUERIDO DE HABER TERMINADO Y APROBADO ESTUDIOS | F24: INGENIERO CIVIL | G24: MAGISTER EN INGENIERIA: AREA: CIVIL ESPECIALISTA EN GERENCIA DE PROYECTOS DE CONSTRUCCION E INFRAESTRUCTURA | H24: Realizar la Interventoría técnica, administrativa y financiera de la construcción de la primera etapa de la unidad intermedia de Salud de los barrios del sur en el municipio de Ibagué, Departamento del Tolima | I24: 40515 | J24: 124782087 | K24: 242.29531 | L24: CUMPLE | N24: CUMPLE
H25: Interventoría técnica, administrativa y financiera para la construcción y dotación de un centro de desarrollo infantil en la inspección de la Libertad municipio de el RETORNO departamento del Guaviare | I25: 41936 | J25: 52999008 | K25: 86.037351 | L25: 0
H26: Realizar la Interventoría técnica, administrativa y financiera de la construcción de la segunda etapa de la unidad intermedia de Salud de los barrios del sur en el municipio de Ibagué, Departamento del Tolima | I26: 41129 | J26: 132186100 | K26: 233.25587 | L26: CUMPLE
K27: 0 | L27: 0
K28: 0 | L28: 0
H29: TOTAL | K29: 561.58853
A32: OFERENTE | B32: 2 | C32: NELSY LIDIA CRUZ SUAREZ
C33: (NELSY LIDIA CRUZ SUAREZ 100% - 0% - 0%- 0%- 0%)
A35: CARGO | B35: NOMBRE | C35: TARJETA PROFESIONAL | D35: FECHA EXPEDICIÓN | F35: PROFESION | G35: POSGRADO | H35: OBJETO | I35: FECHA TERMINACIÓN CONTRATO | J35: VALOR | K35: SMMLV | L35: REQUERIMIENTO PARTICULAR QUE ACREDITA | M35: FOLIO | N35: OBSERVACIONES
A36: Director de Interventoría | B36: MAURICIO PERALTA MEJIA | C36: 25202-70063 | D36: 35845 | E36: CUMPLE EL TIEMPO MÍNIMO REQUERIDO DE HABER TERMINADO Y APROBADO ESTUDIOS | F36: INGENIERO CIVIL | H36: INTERVENTORIA DE OBRA A LA CONSTRUCCION DEL EDIFICIO CASANDRA DE LA CIUDAD DE BOGOTA D.C | K36: 0 | L36: 0 | N36: CUAL DE LOS 4 SERAN OBJETO DE EVALUACION
H37: INTERVENTORIA A LA CONSTRUCCION DEL EDIFICIO KOREL - APARTAMENTOS | J37: 389000000 | K37: NO SE EVIDENCIA FECHA DE TERMINACION | L37: 0 | N37: NO CUMPLE NO SE EVIDENCIA FECHA DE TERMINACION DEL PROYECTO SE EVIDENCIAN DOS FECHAS DE INICIO
H38: INTERVENTORIA A LA AMPLIACION ITACA APARTAMENTOS | J38: 269000000 | K38: NO SE EVIDENCIA FECHA DE TERMINACION | L38: 0
H39: INTERVENTORIA A LA CONSTRUCCION DEL EDIFICIO SABANETA | J39: 410000000 | K39: NO SE EVIDENCIA FECHA DE TERMINACION | L39: 0
K40: 0 | L40: 0
H41: TOTAL | K41: 0
A44: OFERENTE | B44: 3 | C44: CONSTRUCTORA JAIME URIBE S.A.S
C45: (CONSTRUCTORA JAIME URIBE S.A.S 100% - 0% - 0%- 0%- 0%)
A47: CARGO | B47: NOMBRE | C47: TARJETA PROFESIONAL | D47: FECHA EXPEDICIÓN | F47: PROFESION | G47: POSGRADO | H47: OBJETO | I47: FECHA TERMINACIÓN CONTRATO | J47: VALOR | K47: SMMLV | L47: REQUERIMIENTO PARTICULAR QUE ACREDITA | M47: FOLIO | N47: OBSERVACIONES
A48: Director de Interventoría | B48: IVÁN GABRIEL LIZARAZO TOBÍAS | C48: 25525-289826 | D48: 37273 | E48: CUMPLE EL TIEMPO MÍNIMO REQUERIDO DE HABER TERMINADO Y APROBADO ESTUDIOS | F48: INGENIERO CIVIL | G48: MAESTRÍA EN INGENIERÍA CIVIL EN EL ÁREA DE PROFUNDIZACIÓN INGENIERÍA Y GERENCIA DE LA CONSTRUCCIÓN | H48: INTERVENTORÍA TÉCNICA JURÍDICA ADMINISTRATIVA FINANCIERA Y CONTABLE PARA LA CONSTRUCCIÓN DE OBRAS DE INFRAESTRUCTURA EN EL BATINF 45 PROSPERO PINZÓN Y BILUD BATALLON LUCIANO DE HUYER | I48: 39646 | J48: 232834567 | K48: 504.51694 | L48: CUMPLE | N48: CUMPLE
H49: INTERVENTORÍA TÉCNICA JURIDA FINANCIERA Y CONTABLE PARA LAS OBRAS DE CONSTRUCCIÓN DE LAS INSTALACIONES DE LA BRIGADA MÓVIL EN QUIBDÓ CHOCO | I49: 39217 | J49: 205670800 | K49: 474.22366 | L49: CUMPLE | N49: ACLARÓ CUMPLE
H50: INTERVENTORÍA PARA LA CONSTRUCCIÓN BLOQUE DE APARTAMENTOS EN EL BARRIO SOTO DEL PARRAL MUNICIPIO DE CALDAS – ANTIOQUIA | I50: 38523 | J50: 52000000 | K50: 136.30406 | L50: CUMPLE | N50: ACLARÓ CUMPLE
K51: 0 | L51: 0
K52: 0 | L52: 0
H53: TOTAL | K53: 1115.0447
A56: OFERENTE | B56: 4 | C56: CONSORCIO INTER SAN JOSE
C57: (YOHAN FAHIR BERMUDEZ PARRA 65% - FEDERICO GARCIA ARBELAEZ 35% - 0%- 0%- 0%)
A59: CARGO | B59: NOMBRE | C59: TARJETA PROFESIONAL | D59: FECHA EXPEDICIÓN | F59: PROFESION | G59: POSGRADO | H59: OBJETO | I59: FECHA TERMINACIÓN CONTRATO | J59: VALOR | K59: SMMLV | L59: REQUERIMIENTO PARTICULAR QUE ACREDITA | M59: FOLIO | N59: OBSERVACIONES
A60: Director de Interventoría | B60: BERMUDEZ PARRA YOHAN FAHIR | C60: 25202-265754 | D60: 41613 | E60: CUMPLE EL TIEMPO MÍNIMO REQUERIDO DE HABER TERMINADO Y APROBADO ESTUDIOS | F60: INGENIERO CIVIL | G60: ESPECIALISTA EN GERENCIA DE PORYECTOS | H60: REALIZAR LA INTERVENTORÍA TÉCNICA, ADMINISTRATIVA, FINANCIERA, LEGAL Y AMBIENTAL PARA LA CONSTRUCCIÓN CASETA COMUNAL VEREDA EL JAZMIN, CORREGIMIENTO DE ALTAGRACIA, CONSTRUCCIÓN CASETA COMUNAL BARRIO PANORAMA UNO, COMUNA CONSOTA, CONSTRUCCIÓN CASETA COMUNAL BARRIO CIUDAD BOQUÍA, COMUNA DEL CAFÉ, CONSTRUCCIÓN CASETA COMUNAL BARRIO TOKIO COMUNA VILLA SANTANA, CONSTRUCCIÓN CASETA COMUNAL BARRIO PUEBLITO PAISA COMUNA CONSOTA, DEL MUNICIPIO DE PEREIRA. | I60: 42366 | J60: 52460794 | K60: 81.416612 | L60: 0
H61: INTERVENTORIA TECNICA ADMINISTRATIVA AMIBIENTAL Y JURIDICA PARA LA AMPLIACION Y ADECUACIÓN DE INFRAESTRUCTURA DEL ESTADERO PACHANGA Y POCHOLA EN LA CIUDAD DE BOGOTA D.C. CONSTANDO DE LA AMPLIACION DEL SALÓN DE EVENTOS Y ADECUACION DE TODA LA INFRAESTRUCTURA EXISTENTE. | I61: 42482 | J61: 86432000 | K61: 125.36297 | L61: CUMPLE
H62: INTERVENTORÍA TÉCNICA, ADMINISTRATIVA Y CONTABLE PARA LA EJECUCIÓN DE LA PRIMERA ETAPA DE OBRA, BAJO LA MODALIDAD DE PRECIOS UNITARIOS FIJOS SIN FÓRMULA DE REAJUSTE, PARA LA INTERVENCIÓN DE REFORZAMIENTO ESTRUCTURAL DE LA PLAZA DE MERCADO DE LA CONCORDIA, LA CONSTRUCCIÓN DE LA GALERÍA SANTAFÉ Y SU ENTORNO INMEDIATO, UBICADA EN LA CARRERA 1 B-#14-62 (ANTIGUA) – CARRERA 1 B #12C-62 (NUEVA) DE LA CIUDAD DE BOGOTÁ D.C” | I62: 43039 | J62: 828564683 | K62: 1123.1471 | L62: CUMPLE
K63: 0 | L63: 0
K64: 0 | L64: 0
H65: TOTAL | K65: 1329.9266
A68: OFERENTE | B68: 5 | C68: CIVING INGENIEROS CONTRATISTAS S.A.S.
C69: (CIVING INGENIEROS CONTRATISTAS S.A.S. 100% - 0% - 0%- 0%- 0%)
A71: CARGO | B71: NOMBRE | C71: TARJETA PROFESIONAL | D71: FECHA EXPEDICIÓN | F71: PROFESION | G71: POSGRADO | H71: OBJETO | I71: FECHA TERMINACIÓN CONTRATO | J71: VALOR | K71: SMMLV | L71: REQUERIMIENTO PARTICULAR QUE ACREDITA | M71: FOLIO | N71: OBSERVACIONES
A72: Director de Interventoría | B72: MARIO ISAIAS PIEDRAHITA SALAZAR | C72: 68202-127289 | D72: 38749 | E72: CUMPLE EL TIEMPO MÍNIMO REQUERIDO DE HABER TERMINADO Y APROBADO ESTUDIOS | F72: INGENIERO CIVIL | G72: MAGISTER EN INGENIERÍA CIVIL EN EL ÁREA DE PROFUNDIZACIÓN INGENIERÍA Y GERENCIA DE LA CONSTRUCCIÓN | H72: INTERVENTORÍA TÉCNICA, ADMINISTRATIVA, LEGAL Y AMBIENTAL PARA LA CONSTRUCCIÓN DE LAS CINCO TORRES DE APARTAMENTOS DE 6 PISOS CADA UNA DEL CONJUNTO RESIDENCIAL LOS GERANIOS EN LA CIUDAD DE IBAGUE | I72: 39933 | J72: 469437602 | K72: 944.73255 | L72: CUMPLE
H73: INTERVENTORÍA TÉCNICA Y ADMINISTRATIVA PARA LA CONSTRUCCIÓN DE TRES BLOQUES DE 6 PISOS EN EL MUNICIPIO DEL CAUCA | I73: 40273 | J73: 494318720 | K73: 959.84217 | L73: CUMPLE
H74: INTERVENTORÍA TÉCNICA Y ADMINISTRATIVA PARA LA CONSTRUCCIÓN DEL EDIFICIO DE OFICINAS "SAN LUIS III" EN LA CIUDAD DE ENVIGADO | I74: 40954 | J74: 495672000 | K74: 874.66384 | L74: CUMPLE
K75: 0 | L75: 0
K76: 0 | L76: 0
H77: TOTAL | K77: 2779.2386
A80: OFERENTE | B80: 6 | C80: CONSORCIO CSI005-C&P
C81: (PROMOTORA VALORES S.A.S. 50% - CONSULTAR CON PROFESIONALES Y CIA LTDA 50% - 0%- 0%- 0%)
A83: CARGO | B83: NOMBRE | C83: TARJETA PROFESIONAL | D83: FECHA EXPEDICIÓN | F83: PROFESION | G83: POSGRADO | H83: OBJETO | I83: FECHA TERMINACIÓN CONTRATO | J83: VALOR | K83: SMMLV | L83: REQUERIMIENTO PARTICULAR QUE ACREDITA | M83: FOLIO | N83: OBSERVACIONES
A84: Director de Interventoría | B84: JAIRO GARCIA GARCIA | C84: 11133 | D84: 26277 | E84: CUMPLE EL TIEMPO MÍNIMO REQUERIDO DE HABER TERMINADO Y APROBADO ESTUDIOS | F84: ARQUITECTO | G84: ESPECIALISTA EN GERENCIA DE PROYECTOS | H84: interventoria para el diseño y construccion de la unidad regional hospital nuevo de monteria en el departamento de cordoba | I84: 36341 | J84: 253590000 | K84: 1072.4435 | L84: CUMPLE
H85: interventoria para la realizacion de los estudios, diseños generales yb la construccion del politecnico comunitario Altablanca de la localidad de usaquen | I85: 38199 | J85: 40849325 | K85: 114.10426 | L85: CUMPLE
H86: INTERVENTORIA TECNICA, ADMINISTRATIVA Y DE CONTROL PRESUPUESTAL A LOS ESTUDIOS TECNICOS, DISEÑOS Y CONSTRUCCION DE UNA INFRAESTRUCTURA EDUCATIVA EN LA INSTITUCION EDUCATIVA CARVAJAL BORRERO, SEDE CACIQUE GUATAVITA, LOCALIZADA EN EL MUNICIPIO DE CALI, VALLE DEL CAUCA | I86: 41192 | J86: 112527192 | K86: 198.56572 | L86: CUMPLE
K87: 0 | L87: 0
K88: 0 | L88: 0
K89: 1385.1135
A92: OFERENTE | B92: 7 | C92: CONSTRUCTODO INGENIEROS CONTRATISTAS LTDA.
C93: (CONSTRUCTODO INGENIEROS CONTRATISTAS LTDA. 100% - 0% - 0%- 0%- 0%)
A95: CARGO | B95: NOMBRE | C95: TARJETA PROFESIONAL | D95: FECHA EXPEDICIÓN | F95: PROFESION | G95: POSGRADO | H95: OBJETO | I95: FECHA TERMINACIÓN CONTRATO | J95: VALOR | K95: SMMLV | L95: REQUERIMIENTO PARTICULAR QUE ACREDITA | M95: FOLIO | N95: OBSERVACIONES
A96: Director de Interventoría | B96: HENRY ALBERTO CASTRO REINA | C96: 25202-093184 | D96: 37483 | E96: CUMPLE EL TIEMPO MÍNIMO REQUERIDO DE HABER TERMINADO Y APROBADO ESTUDIOS | F96: INGENIERO CIVIL | G96: ESPECIALISTA EN GERENCIA DE OBRA | H96: INTERVENTORIA TECNICA ADMINISTRATIVA, FINANCIERA Y AMBIENTAL DE LA CONSTRUCCION DE OBRAS BLOQUE II DE LAS ESCUELAS LA ASUNCION LOS ROSALES; LA ESMERALDA MUNICIPIO DE MARINILLA | I96: 39999 | J96: 102567894 | K96: 206.41556 | L96: CUMPLE
H97: INTERVENTORIA PARA LA CONSTRUCCION DE LAS OBRAS, DE ACUERDO A LAS ESPECIFICACIONES TECNICAS Y CANTIDADES DE OBRA ENTREGADAS POR LA SECRETARIA DE EDUCACION DEL DISTRITO DE LA INSTITUCION EDUCATIVA DISTRITAL LEON DE GREIFF DE LA LOCALIDAD DE CIUDAD BOLIVAR | I97: 40667 | J97: 142145543 | K97: 265.39496 | L97: CUMPLE
H98: INTERVENTORIA TECNICA ADMINISTRATIVA Y FINANCIERA PARA ATENDER LAS INSTITUCIONES EDUCATIVAS EN LOS MUNICIPIOS DE ARANZAZU, FILADELFIA, VILLA MARIA, LA DORADA, MANZANARES, MARQUETALIA, PENSILVANIA, SAMANA Y VICTORIA EN EL DEPARTAMENTO DE CALDAS | I98: 41248 | K98: 0 | L98: 0 | N98: VERIFICAR ALCANCE
K99: 0 | L99: 0
K100: 0 | L100: 0
K101: 471.81053
A104: OFERENTE | B104: 8 | C104: ORTEGA ROLDAN Y CIA LTDA
C105: (ORTEGA ROLDAN Y CIA LTDA 100% - 0% - 0%- 0%- 0%)
A107: CARGO | B107: NOMBRE | C107: TARJETA PROFESIONAL | D107: FECHA EXPEDICIÓN | F107: PROFESION | G107: POSGRADO | H107: OBJETO | I107: FECHA TERMINACIÓN CONTRATO | J107: VALOR | K107: SMMLV | L107: REQUERIMIENTO PARTICULAR QUE ACREDITA | M107: FOLIO | N107: OBSERVACIONES
A108: Director de Interventoría | B108: Jaime Antonio Ortega Restrepo | C108: 12612 | D108: 26841 | E108: CUMPLE EL TIEMPO MÍNIMO REQUERIDO DE HABER TERMINADO Y APROBADO ESTUDIOS | F108: INGENIERO CIVIL | G108: ESPECIALISTA EN GERENCIA DE OBRA | H108: Interventoría técnica, administrativa y contable para la Construción del edificio Avignon | I108: 36000 | J108: 52800000 | K108: 259.04448 | L108: CUMPLE
H109: Interventoría técnica, administrativa y contable para la Construción del proyecto Bayiri 10 | I109: 35572 | J109: 49544531 | K109: 288.04123 | L109: CUMPLE
H110: Interventoría técnica y administrativa para la Construcción del edificio "FUERZA DE VENTAS DE CREDITO DE CONSUMO" | I110: 37617 | J110: 8516667 | K110: 27.562029
K111: 0 | L111: 0
K112: 0 | L112: 0
K113: 574.64773
A116: OFERENTE | B116: 9 | C116: PROYECTISTAS ASOCIADOS S.A.S.
C117: (PROYECTISTAS ASOCIADOS S.A.S. 100% - 0% - 0%- 0%- 0%)
A119: CARGO | B119: NOMBRE | C119: TARJETA PROFESIONAL | D119: FECHA EXPEDICIÓN | F119: PROFESION | G119: POSGRADO | H119: OBJETO | I119: FECHA TERMINACIÓN CONTRATO | J119: VALOR | K119: SMMLV | L119: REQUERIMIENTO PARTICULAR QUE ACREDITA | M119: FOLIO | N119: OBSERVACIONES
A120: Director de Interventoría | B120: Oscar Eduardo Teatino Vargas | C120: 25202-50946 | D120: 34473 | E120: CUMPLE EL TIEMPO MÍNIMO REQUERIDO DE HABER TERMINADO Y APROBADO ESTUDIOS | F120: INGENIERO CIVIL | G120: Especialista en gerencia financiera | H120: Interventoría, técnica, administrativa financiera y ambiental al contrato de obra pública resultante de la licitación pública No. 001-2015 que tiene por objeto construcción de la fase II de la Villa Olímpica del municipio de Gachancipa- Cundinamarca | I120: 42551 | J120: 0 | K120: 0 | N120: NO CUMPLE No es edificación de conformidad con las definiciones del proceso
H121: Interventoría técnica administrativa y ambiental al contrato de obra pública No. 004-2013 que tiene por objeto construcción placa para cancha múltiple una gradería y cubierta para polideportivo vereda Roble Sur en el Municipio de Gachancipa Departamento de Cundinamarca | I121: 41731 | J121: 0 | K121: 0 | N121: NO CUMPLE No es edificación de conformidad con las definiciones del proceso
H122: Interventoría técnica administrativa financiera y ambiental al contrato de obra pública resultante de la licitación pública No. 008-2015 que tiene por objeto la construcción de una cancha de microfútbol en el municipio de Gachancipa Cundinamarca | I122: 42724 | J122: 0 | K122: 0 | N122: NO CUMPLE No es edificación de conformidad con las definiciones del proceso
K123: 0 | L123: 0
K124: 0 | L124: 0
K125: 0
A128: OFERENTE | B128: 10 | C128: INGENIERIA DE PROYECTOS S.A.S.
C129: (INGENIERIA DE PROYECTOS S.A.S. 100% - 0% - 0%- 0%- 0%)
A131: CARGO | B131: NOMBRE | C131: TARJETA PROFESIONAL | D131: FECHA EXPEDICIÓN | F131: PROFESION | G131: POSGRADO | H131: OBJETO | I131: FECHA TERMINACIÓN CONTRATO | J131: VALOR | K131: SMMLV | L131: REQUERIMIENTO PARTICULAR QUE ACREDITA | M131: FOLIO | N131: OBSERVACIONES
A132: Director de Interventoría | B132: Oscar Correa Gomez | C132: 25202-01008 | D132: 29292 | E132: CUMPLE EL TIEMPO MÍNIMO REQUERIDO DE HABER TERMINADO Y APROBADO ESTUDIOS | F132: INGENIERO CIVIL | G132: MAESTRIA EN INGENIERIA CIVIL | H132: Interventoría integral de la construcción de la Institución Educativa arroyo de piedra – sede arroyo de las canoas – objeto del contrato No 115 de 2013 y de la reconstrucción (construcción de obras) de 4 sedes educativas en el Municipio de Campo de la Cruz – ATLANTICO, objeto de los contratos 135, 136 y 137 de 2013 | I132: 42380 | J132: 3023941773 | K132: 4385.995 | L132: CUMPLE
H133: INTERVENTORIA TECNICA, ADMINISTRATIVA Y DE CONTROL PRESUPUESTAL A LOS ESTUDIOS, DISEÑO Y CONSTRUCCION DE HOGARES MULTIPLES PARA EL ICBF Y EL MINISTERIO DE EDUCACION NACIONAL, CORRESPONDIENTES A LOS SIGUIENTES MUNICIPIOS: GRUPO 5: VITERBO, CALDAS. | I133: 40481 | J133: 84100232 | K133: 163.30142 | L133: CUMPLE
H134: INTERVENTORÍA TÉCNICA, ADMINISTRATIVA Y FINANCIERA A LOS DISEÑOS, ESTUDIOS TÉCNICOS Y A LA CONSTRUCCIÓN DE SIETE (7) AULAS Y UNA (1) BATERÍA SANITARIA EN LA INSTITUCIÓN EDUCATIVA JORGE ELIECER GAITAN, EN EL MUNICIPIO DE BARRANCO DE LOBA, DEPARTAMENTO DE BOLIVAR | I134: 39976 | J134: 75881887 | K134: 152.71058
K135: 0 | L135: 0
K136: 0 | L136: 0
K137: 4702.007

Sheet Exp. profesinal años
A1: =+'[9]K-Kr Constructor'!A1:F1 -> FONDO FINANCIERO DE PROYECTOS DE DESARROLLO FONADE ESCUELA SUPERIOR DE ADMINISTRACIÓN PÚBLICA - ESAP REVISIÓN Y AJUSTE DE DISEÑOS Y CONSTRUCCIÓN DE CAMPUS UNIVERSITARIOS PARA LA IMPLEMENTACIÓN DE PROGRAMAS DE FORMACIÓN EDUCATIVA SUPERIOR DE LA ESAP. CONVOCATORIA PÚBLICA CPU-015-2017 | S1: 1957 | T1: 155.4
S2: 1958 | T2: 155.4
S3: 1959 | T3: 155.4
A4: REQUISITOS MINIMOS - PERSONAL PRINCIPAL REQUERIDO - CUMPLE/ NO CUMPLE | S4: 1960 | T4: 198
S5: 1961
A6: CARGO A DESEMPEÑAR | B6: FORMACIÓN ACADÉMICA | C6: TIEMPO MÍNIMO REQUERIDO DE HABER TERMINADO Y APROBADO ESTUDIOS (EN AÑOS) | E6: AÑOS A ACREDITAR | F6: EXPERIENCIA ESPECÍFICA | S6: 1962 | T6: 300
A7: Director general del proyecto | B7: Arquitecto o Ingeniero civil con postgrado en gerencia y/o dirección de proyectos | C7: 12 | D7: 38508 | E7: 5 | F7: Director General y/o Director y/o coordinador, en Construcción de edificaciones | S7: 1963 | T7: 420
S8: 1964 | T8: 420
S9: 1965 | T9: 420
S10: 1966 | T10: 420
S11: 1967 | T11: 420
S12: 1968 | T12: 420
S13: 1969 | T13: 519
S14: 1970 | T14: 519
S15: 1971 | T15: 519
S16: 1972 | T16: 660
S17: 1973 | T17: 660
S18: 1974 | T18: 900
S19: 1975 | T19: 1200
S20: 1976 | T20: 1560
A21: OFERENTE | B21: 1 | C21: =VLOOKUP(B21,Conformación!$A$5:$N$131,2,FALSE) -> CONSULTORIA ESTRUCTURAL Y DE CONSTRUCCION S.A.S. - CEYCO INGENIERIA SAS | S21: 1977 | T21: 1770
C22: =VLOOKUP(B21,[9]Conformación!$A$5:$N$129,4,FALSE) -> ( 0% - 0% - 0%- 0%- 0%) | S22: 1978 | T22: 2580
S23: 1979 | T23: 3450
S24: 1980 | T24: 4500
A25: CARGO | B25: NOMBRE | C25: TARJETA PROFESIONAL | D25: FECHA EXPEDICIÓN | F25: PROFESION | G25: POSGRADO | H25: OBJETO | I25: FECHA INICIO CONTRATO | J25: FECHA TERMINACIÓN CONTRATO | K25: TOTAL DIAS | L25: AÑOS | M25: MESES | N25: DIAS | O25: FOLIO | P25: OBSERVACIONES | S25: 1981 | T25: 5700
A26: =+A7 -> Director general del proyecto | E26: =IF(D26=0,0,IF(D26<D$7,"CUMPLE EL TIEMPO MÍNIMO REQUERIDO DE HABER TERMINADO Y APROBADO ESTUDIOS","NO CUMPLE EL TIEMPO MÍNIMO REQUERIDO DE HABER TERMINADO Y APROBADO ESTUDIOS")) -> 0 | K26: =DAYS360(I26,J26) -> 0 | L26: =ROUNDDOWN(K26/360,0) -> 0 | M26: =ROUNDDOWN((K26-(L26*360))/30,0) -> 0 | N26: =+K26-(L26*360)-(M26*30) -> 0 | S26: 1982 | T26: 7410
K27: =DAYS360(I27,J27) -> 0 | L27: =ROUNDDOWN(K27/360,0) -> 0 | M27: =ROUNDDOWN((K27-(L27*360))/30,0) -> 0 | N27: =+K27-(L27*360)-(M27*30) -> 0 | S27: 1983 | T27: 9261
K28: =DAYS360(I28,J28) -> 0 | L28: =ROUNDDOWN(K28/360,0) -> 0 | M28: =ROUNDDOWN((K28-(L28*360))/30,0) -> 0 | N28: =+K28-(L28*360)-(M28*30) -> 0 | S28: 1984 | T28: 11298
K29: =DAYS360(I29,J29) -> 0 | L29: =ROUNDDOWN(K29/360,0) -> 0 | M29: =ROUNDDOWN((K29-(L29*360))/30,0) -> 0 | N29: =+K29-(L29*360)-(M29*30) -> 0 | S29: 1985 | T29: 13557
K30: =DAYS360(I30,J30) -> 0 | L30: =ROUNDDOWN(K30/360,0) -> 0 | M30: =ROUNDDOWN((K30-(L30*360))/30,0) -> 0 | N30: =+K30-(L30*360)-(M30*30) -> 0 | S30: 1986 | T30: 16811.4
K31: =DAYS360(I31,J31) -> 0 | L31: =ROUNDDOWN(K31/360,0) -> 0 | M31: =ROUNDDOWN((K31-(L31*360))/30,0) -> 0 | N31: =+K31-(L31*360)-(M31*30) -> 0 | S31: 1987 | T31: 20510
K32: =DAYS360(I32,J32) -> 0 | L32: =ROUNDDOWN(K32/360,0) -> 0 | M32: =ROUNDDOWN((K32-(L32*360))/30,0) -> 0 | N32: =+K32-(L32*360)-(M32*30) -> 0
H33: TOTAL | L33: =SUM(L26:L32) -> 0 | M33: =SUM(M26:M32) -> 0 | N33: =SUM(N26:N32) -> 0 | P33: =+IF(L33>=$E$7,"CUMPLE","NO CUMPLE") -> NO CUMPLE
S34: 1988 | T34: 25637.4
S35: 1989 | T35: 32559.6
A36: OFERENTE | B36: 2 | C36: =VLOOKUP(B36,Conformación!$A$5:$N$131,2,FALSE) -> NELSY LIDIA CRUZ SUAREZ | S36: 1990 | T36: 41025
C37: =VLOOKUP(B36,[9]Conformación!$A$5:$N$129,4,FALSE) -> ( 0% - 0% - 0%- 0%- 0%) | S37: 1991 | T37: 51716.1
S38: 1992 | T38: 65190
A39: CARGO | B39: NOMBRE | C39: TARJETA PROFESIONAL | D39: FECHA EXPEDICIÓN | F39: PROFESION | G39: PROFESION | H39: OBJETO | I39: FECHA INICIO CONTRATO | J39: FECHA TERMINACIÓN CONTRATO | K39: TOTAL DIAS | L39: AÑOS | M39: MESES | N39: DIAS | O39: FOLIO | P39: OBSERVACIONES | S39: 1993 | T39: 81510
A40: =A$7 -> Director general del proyecto | E40: =IF(D40=0,0,IF(D40<D$7,"CUMPLE EL TIEMPO MÍNIMO REQUERIDO DE HABER TERMINADO Y APROBADO ESTUDIOS","NO CUMPLE EL TIEMPO MÍNIMO REQUERIDO DE HABER TERMINADO Y APROBADO ESTUDIOS")) -> 0 | K40: =DAYS360(I40,J40) -> 0 | L40: =ROUNDDOWN(K40/360,0) -> 0 | M40: =ROUNDDOWN((K40-(L40*360))/30,0) -> 0 | N40: =+K40-(L40*360)-(M40*30) -> 0 | S40: 1994 | T40: 98700
K41: =DAYS360(I41,J41) -> 0 | L41: =ROUNDDOWN(K41/360,0) -> 0 | M41: =ROUNDDOWN((K41-(L41*360))/30,0) -> 0 | N41: =+K41-(L41*360)-(M41*30) -> 0 | S41: 1995 | T41: 118933.5
K42: =DAYS360(I42,J42) -> 0 | L42: =ROUNDDOWN(K42/360,0) -> 0 | M42: =ROUNDDOWN((K42-(L42*360))/30,0) -> 0 | N42: =+K42-(L42*360)-(M42*30) -> 0 | S42: 1996 | T42: 142125
K43: =DAYS360(I43,J43) -> 0 | L43: =ROUNDDOWN(K43/360,0) -> 0 | M43: =ROUNDDOWN((K43-(L43*360))/30,0) -> 0 | N43: =+K43-(L43*360)-(M43*30) -> 0 | S43: 1997 | T43: 172005
K44: =DAYS360(I44,J44) -> 0 | L44: =ROUNDDOWN(K44/360,0) -> 0 | M44: =ROUNDDOWN((K44-(L44*360))/30,0) -> 0 | N44: =+K44-(L44*360)-(M44*30) -> 0 | S44: 1998 | T44: 203826
K45: =DAYS360(I45,J45) -> 0 | L45: =ROUNDDOWN(K45/360,0) -> 0 | M45: =ROUNDDOWN((K45-(L45*360))/30,0) -> 0 | N45: =+K45-(L45*360)-(M45*30) -> 0 | S45: 1999 | T45: 236460
K46: =DAYS360(I46,J46) -> 0 | L46: =ROUNDDOWN(K46/360,0) -> 0 | M46: =ROUNDDOWN((K46-(L46*360))/30,0) -> 0 | N46: =+K46-(L46*360)-(M46*30) -> 0 | S46: 2000 | T46: 260100
H47: TOTAL | L47: =SUM(L40:L46) -> 0 | M47: =SUM(M40:M46) -> 0 | N47: =SUM(N40:N46) -> 0 | P47: =+IF(L47>=$E$7,"CUMPLE","NO CUMPLE") -> NO CUMPLE | S47: 2001 | T47: 286000
S48: 2002 | T48: 309000
S49: 2003 | T49: 332000
A50: OFERENTE | B50: 3 | C50: =VLOOKUP(B50,Conformación!$A$5:$N$131,2,FALSE) -> CONSTRUCTORA JAIME URIBE S.A.S | S50: 2004 | T50: 358000
C51: =VLOOKUP(B50,[9]Conformación!$A$5:$N$129,4,FALSE) -> ( 0% - 0% - 0%- 0%- 0%) | S51: 2005 | T51: 381500
S52: 2006 | T52: 408000
A53: CARGO | B53: NOMBRE | C53: TARJETA PROFESIONAL | D53: FECHA EXPEDICIÓN | F53: PROFESION | G53: PROFESION | H53: OBJETO | I53: FECHA INICIO CONTRATO | J53: FECHA TERMINACIÓN CONTRATO | K53: TOTAL DIAS | L53: AÑOS | M53: MESES | N53: DIAS | O53: FOLIO | P53: OBSERVACIONES | S53: 2007 | T53: 433700
A54: =A$7 -> Director general del proyecto | E54: =IF(D54=0,0,IF(D54<D$7,"CUMPLE EL TIEMPO MÍNIMO REQUERIDO DE HABER TERMINADO Y APROBADO ESTUDIOS","NO CUMPLE EL TIEMPO MÍNIMO REQUERIDO DE HABER TERMINADO Y APROBADO ESTUDIOS")) -> 0 | K54: =DAYS360(I54,J54) -> 0 | L54: =ROUNDDOWN(K54/360,0) -> 0 | M54: =ROUNDDOWN((K54-(L54*360))/30,0) -> 0 | N54: =+K54-(L54*360)-(M54*30) -> 0 | S54: 2008 | T54: 461500
K55: =DAYS360(I55,J55) -> 0 | L55: =ROUNDDOWN(K55/360,0) -> 0 | M55: =ROUNDDOWN((K55-(L55*360))/30,0) -> 0 | N55: =+K55-(L55*360)-(M55*30) -> 0 | S55: 2009 | T55: 496900
K56: =DAYS360(I56,J56) -> 0 | L56: =ROUNDDOWN(K56/360,0) -> 0 | M56: =ROUNDDOWN((K56-(L56*360))/30,0) -> 0 | N56: =+K56-(L56*360)-(M56*30) -> 0 | S56: 2010 | T56: 515000
K57: =DAYS360(I57,J57) -> 0 | L57: =ROUNDDOWN(K57/360,0) -> 0 | M57: =ROUNDDOWN((K57-(L57*360))/30,0) -> 0 | N57: =+K57-(L57*360)-(M57*30) -> 0 | S57: 2011 | T57: 535600
K58: =DAYS360(I58,J58) -> 0 | L58: =ROUNDDOWN(K58/360,0) -> 0 | M58: =ROUNDDOWN((K58-(L58*360))/30,0) -> 0 | N58: =+K58-(L58*360)-(M58*30) -> 0 | S58: 2012 | T58: 566700
K59: =DAYS360(I59,J59) -> 0 | L59: =ROUNDDOWN(K59/360,0) -> 0 | M59: =ROUNDDOWN((K59-(L59*360))/30,0) -> 0 | N59: =+K59-(L59*360)-(M59*30) -> 0 | S59: 2013 | T59: 581900
K60: =DAYS360(I60,J60) -> 0 | L60: =ROUNDDOWN(K60/360,0) -> 0 | M60: =ROUNDDOWN((K60-(L60*360))/30,0) -> 0 | N60: =+K60-(L60*360)-(M60*30) -> 0 | S60: 2014 | T60: 616000
H61: TOTAL | L61: =SUM(L54:L60) -> 0 | M61: =SUM(M54:M60) -> 0 | N61: =SUM(N54:N60) -> 0 | P61: =+IF(L61>=$E$7,"CUMPLE","NO CUMPLE") -> NO CUMPLE | S61: 2015 | T61: 644350
S62: 2016 | T62: 689500
S63: 2017 | T63: 737717
A64: OFERENTE | B64: 4 | C64: =VLOOKUP(B64,Conformación!$A$5:$N$131,2,FALSE) -> CONSORCIO INTER SAN JOSE
C65: =VLOOKUP(B64,[9]Conformación!$A$5:$N$129,4,FALSE) -> ( 0% - 0% - 0%- 0%- 0%)
A67: CARGO | B67: NOMBRE | C67: TARJETA PROFESIONAL | D67: FECHA EXPEDICIÓN | F67: PROFESION | G67: PROFESION | H67: OBJETO | I67: FECHA INICIO CONTRATO | J67: FECHA TERMINACIÓN CONTRATO | K67: TOTAL DIAS | L67: AÑOS | M67: MESES | N67: DIAS | O67: FOLIO | P67: OBSERVACIONES
A68: =A$7 -> Director general del proyecto | E68: =IF(D68=0,0,IF(D68<D$7,"CUMPLE EL TIEMPO MÍNIMO REQUERIDO DE HABER TERMINADO Y APROBADO ESTUDIOS","NO CUMPLE EL TIEMPO MÍNIMO REQUERIDO DE HABER TERMINADO Y APROBADO ESTUDIOS")) -> 0 | K68: =DAYS360(I68,J68) -> 0 | L68: =ROUNDDOWN(K68/360,0) -> 0 | M68: =ROUNDDOWN((K68-(L68*360))/30,0) -> 0 | N68: =+K68-(L68*360)-(M68*30) -> 0
K69: =DAYS360(I69,J69) -> 0 | L69: =ROUNDDOWN(K69/360,0) -> 0 | M69: =ROUNDDOWN((K69-(L69*360))/30,0) -> 0 | N69: =+K69-(L69*360)-(M69*30) -> 0
K70: =DAYS360(I70,J70) -> 0 | L70: =ROUNDDOWN(K70/360,0) -> 0 | M70: =ROUNDDOWN((K70-(L70*360))/30,0) -> 0 | N70: =+K70-(L70*360)-(M70*30) -> 0
K71: =DAYS360(I71,J71) -> 0 | L71: =ROUNDDOWN(K71/360,0) -> 0 | M71: =ROUNDDOWN((K71-(L71*360))/30,0) -> 0 | N71: =+K71-(L71*360)-(M71*30) -> 0
K72: =DAYS360(I72,J72) -> 0 | L72: =ROUNDDOWN(K72/360,0) -> 0 | M72: =ROUNDDOWN((K72-(L72*360))/30,0) -> 0 | N72: =+K72-(L72*360)-(M72*30) -> 0
K73: =DAYS360(I73,J73) -> 0 | L73: =ROUNDDOWN(K73/360,0) -> 0 | M73: =ROUNDDOWN((K73-(L73*360))/30,0) -> 0 | N73: =+K73-(L73*360)-(M73*30) -> 0
K74: =DAYS360(I74,J74) -> 0 | L74: =ROUNDDOWN(K74/360,0) -> 0 | M74: =ROUNDDOWN((K74-(L74*360))/30,0) -> 0 | N74: =+K74-(L74*360)-(M74*30) -> 0
H75: TOTAL | L75: =SUM(L68:L74) -> 0 | M75: =SUM(M68:M74) -> 0 | N75: =SUM(N68:N74) -> 0 | P75: =+IF(L75>=$E$7,"CUMPLE","NO CUMPLE") -> NO CUMPLE
A78: OFERENTE | B78: 5 | C78: =VLOOKUP(B78,Conformación!$A$5:$N$131,2,FALSE) -> CIVING INGENIEROS CONTRATISTAS S.A.S.
C79: =VLOOKUP(B78,[9]Conformación!$A$5:$N$129,4,FALSE) -> ( 0% - 0% - 0%- 0%- 0%)
A81: CARGO | B81: NOMBRE | C81: TARJETA PROFESIONAL | D81: FECHA EXPEDICIÓN | F81: PROFESION | G81: PROFESION | H81: OBJETO | I81: FECHA INICIO CONTRATO | J81: FECHA TERMINACIÓN CONTRATO | K81: TOTAL DIAS | L81: AÑOS | M81: MESES | N81: DIAS | O81: FOLIO | P81: OBSERVACIONES
A82: =A$7 -> Director general del proyecto | E82: =IF(D82=0,0,IF(D82<D$7,"CUMPLE EL TIEMPO MÍNIMO REQUERIDO DE HABER TERMINADO Y APROBADO ESTUDIOS","NO CUMPLE EL TIEMPO MÍNIMO REQUERIDO DE HABER TERMINADO Y APROBADO ESTUDIOS")) -> 0 | K82: =DAYS360(I82,J82) -> 0 | L82: =ROUNDDOWN(K82/360,0) -> 0 | M82: =ROUNDDOWN((K82-(L82*360))/30,0) -> 0 | N82: =+K82-(L82*360)-(M82*30) -> 0
K83: =DAYS360(I83,J83) -> 0 | L83: =ROUNDDOWN(K83/360,0) -> 0 | M83: =ROUNDDOWN((K83-(L83*360))/30,0) -> 0 | N83: =+K83-(L83*360)-(M83*30) -> 0
K84: =DAYS360(I84,J84) -> 0 | L84: =ROUNDDOWN(K84/360,0) -> 0 | M84: =ROUNDDOWN((K84-(L84*360))/30,0) -> 0 | N84: =+K84-(L84*360)-(M84*30) -> 0
K85: =DAYS360(I85,J85) -> 0 | L85: =ROUNDDOWN(K85/360,0) -> 0 | M85: =ROUNDDOWN((K85-(L85*360))/30,0) -> 0 | N85: =+K85-(L85*360)-(M85*30) -> 0
K86: =DAYS360(I86,J86) -> 0 | L86: =ROUNDDOWN(K86/360,0) -> 0 | M86: =ROUNDDOWN((K86-(L86*360))/30,0) -> 0 | N86: =+K86-(L86*360)-(M86*30) -> 0
K87: =DAYS360(I87,J87) -> 0 | L87: =ROUNDDOWN(K87/360,0) -> 0 | M87: =ROUNDDOWN((K87-(L87*360))/30,0) -> 0 | N87: =+K87-(L87*360)-(M87*30) -> 0
K88: =DAYS360(I88,J88) -> 0 | L88: =ROUNDDOWN(K88/360,0) -> 0 | M88: =ROUNDDOWN((K88-(L88*360))/30,0) -> 0 | N88: =+K88-(L88*360)-(M88*30) -> 0
H89: TOTAL | L89: =SUM(L82:L88) -> 0 | M89: =SUM(M82:M88) -> 0 | N89: =SUM(N82:N88) -> 0 | P89: =+IF(L89>=$E$7,"CUMPLE","NO CUMPLE") -> NO CUMPLE

Sheet Exp. profesionales ADICIONAL
A1: FONDO FINANCIERO DE PROYECTOS DE DESARROLLO FONADE DEPARTAMENTO PARA LA PROSPERIDAD SOCIAL -DPS CONVENIO INTERADMINISTRATIVO Nº 212080 INTERVENTORÍA TÉCNICA, ADMINISTRATIVA Y DE CONTROL PRESUPUESTAL PARA LA CONSTRUCCIÓN DEL CENTRO INTEGRADO COMUNITARIO CISCO SAN JOSÉ – FASE I, MUNICIPIO DE MANIZALES – CALDAS CONVOCATORIA SIMPLIFICADA CSI 005-2018
A4: EXPERIENCIA ADICIONAL - PERSONAL PRINCIPAL REQUERIDO
A6: CARGO A DESEMPEÑAR | B6: POSGRADO | E6: NUMERO DE PROYECTOS A ACREDITAR | F6: EXPERIENCIA ESPECÍFICA | I6: REQUERIMIENTO PARTICULAR | K6: REQUISITO MINIMO EN SMMLV
A7: Director de Interventoría | B7: Maestría en el Área de Gerencia de proyectos | D7: 15 puntos | E7: 1 | F7: Director o coordinador de interventoría en proyectos de construcción y/o ampliación de edificaciones | I7: Un (1) Proyecto cuyo valor esté entre 0.5 y 1.0 veces el POE, expresado en SMMLV | K7: 102,45 204,89 | L7: 15 puntos | M7: 102.44627
B8: Especialización en el Área de Gerencia de proyectos | D8: 10 puntos | M8: 204.89253
A19: OFERENTE | B19: 1 | C19: CONSULTORIA ESTRUCTURAL Y DE CONSTRUCCION S.A.S. - CEYCO INGENIERIA SAS
C20: (CONSULTORIA ESTRUCTURAL Y DE CONSTRUCCION S.A.S. - CEYCO INGENIERIA SAS 100% - 0% - 0%- 0%- 0%)
A23: CARGO | B23: NOMBRE | C23: TARJETA PROFESIONAL | D23: FECHA EXPEDICIÓN | F23: PROFESION | G23: POSGRADO | H23: OBJETO | I23: FECHA TERMINACIÓN CONTRATO | J23: VALOR | K23: SMMLV | L23: PUNTAJE Más experiencia específica | M23: PUNTAJE Estudios adicionales de posgrados
A24: Director de Interventoría | B24: GUILLERMO ANDRES CAMACHO OBREGON | C24: 25202-105899 | D24: 38064 | E24: CUMPLE EL TIEMPO MÍNIMO REQUERIDO DE HABER TERMINADO Y APROBADO ESTUDIOS | F24: INGENIERO CIVIL | G24: MAGISTER EN INGENIERIA: AREA: CIVIL ESPECIALISTA EN GERENCIA DE PROYECTOS DE CONSTRUCCION E INFRAESTRUCTURA | K24: 0
K25: 0 | L25: 0
K26: 0 | L26: 0
K27: 0 | L27: 0
K28: 0 | L28: 0
H29: TOTAL | K29: 0
L30: PUNTAJE TOTAL | M30: 0
A32: OFERENTE | B32: 2 | C32: NELSY LIDIA CRUZ SUAREZ
C33: (NELSY LIDIA CRUZ SUAREZ 100% - 0% - 0%- 0%- 0%)
A35: CARGO | B35: NOMBRE | C35: TARJETA PROFESIONAL | D35: FECHA EXPEDICIÓN | F35: PROFESION | G35: POSGRADO | H35: OBJETO | I35: FECHA TERMINACIÓN CONTRATO | J35: VALOR | K35: SMMLV | L35: PUNTAJE Más experiencia específica | M35: PUNTAJE Estudios adicionales de posgrados
A36: Director de Interventoría | B36: MAURICIO PERALTA MEJIA | C36: 25202-70063 | D36: 35845 | E36: CUMPLE EL TIEMPO MÍNIMO REQUERIDO DE HABER TERMINADO Y APROBADO ESTUDIOS | F36: INGENIERO CIVIL | G36: NO SE EVIDENCIA | K36: 0
K37: 0 | L37: 0
K38: 0 | L38: 0
K39: 0 | L39: 0
K40: 0 | L40: 0
H41: TOTAL | K41: 0
L42: PUNTAJE TOTAL | M42: 0
A44: OFERENTE | B44: 3 | C44: CONSTRUCTORA JAIME URIBE S.A.S
C45: (CONSTRUCTORA JAIME URIBE S.A.S 100% - 0% - 0%- 0%- 0%)
A47: CARGO | B47: NOMBRE | C47: TARJETA PROFESIONAL | D47: FECHA EXPEDICIÓN | F47: PROFESION | G47: POSGRADO | H47: OBJETO | I47: FECHA TERMINACIÓN CONTRATO | J47: VALOR | K47: SMMLV | L47: PUNTAJE Más experiencia específica | M47: PUNTAJE Estudios adicionales de posgrados
A48: Director de Interventoría | B48: IVÁN GABRIEL LIZARAZO TOBÍAS | C48: 25525-289826 | D48: 37273 | E48: CUMPLE EL TIEMPO MÍNIMO REQUERIDO DE HABER TERMINADO Y APROBADO ESTUDIOS | F48: INGENIERO CIVIL | G48: MAESTRÍA EN INGENIERÍA CIVIL EN EL ÁREA DE PROFUNDIZACIÓN INGENIERÍA Y GERENCIA DE LA CONSTRUCCIÓN
K49: 0 | L49: 0
K50: 0 | L50: 0
K51: 0 | L51: 0
K52: 0 | L52: 0
H53: TOTAL | K53: 0
L54: PUNTAJE TOTAL | M54: 0
A56: OFERENTE | B56: 4 | C56: CONSORCIO INTER SAN JOSE
C57: (YOHAN FAHIR BERMUDEZ PARRA 65% - FEDERICO GARCIA ARBELAEZ 35% - 0%- 0%- 0%)
A59: CARGO | B59: NOMBRE | C59: TARJETA PROFESIONAL | D59: FECHA EXPEDICIÓN | F59: PROFESION | G59: POSGRADO | H59: OBJETO | I59: FECHA TERMINACIÓN CONTRATO | J59: VALOR | K59: SMMLV | L59: PUNTAJE Más experiencia específica | M59: PUNTAJE Estudios adicionales de posgrados
A60: Director de Interventoría | B60: BERMUDEZ PARRA YOHAN FAHIR | C60: 25202-265754 | D60: 41613 | E60: CUMPLE EL TIEMPO MÍNIMO REQUERIDO DE HABER TERMINADO Y APROBADO ESTUDIOS | F60: INGENIERO CIVIL | G60: ESPECIALISTA EN GERENCIA DE PORYECTOS | K60: 0
K61: 0 | L61: 0
K62: 0 | L62: 0
K63: 0 | L63: 0
K64: 0 | L64: 0
H65: TOTAL | K65: 0
L66: PUNTAJE TOTAL | M66: 0
A68: OFERENTE | B68: 5 | C68: CIVING INGENIEROS CONTRATISTAS S.A.S.
C69: (CIVING INGENIEROS CONTRATISTAS S.A.S. 100% - 0% - 0%- 0%- 0%)
A71: CARGO | B71: NOMBRE | C71: TARJETA PROFESIONAL | D71: FECHA EXPEDICIÓN | F71: PROFESION | G71: POSGRADO | H71: OBJETO | I71: FECHA TERMINACIÓN CONTRATO | J71: VALOR | K71: SMMLV | L71: PUNTAJE Más experiencia específica | M71: PUNTAJE Estudios adicionales de posgrados
A72: Director de Interventoría | B72: MARIO ISAIAS PIEDRAHITA SALAZAR | C72: 68202-127289 | D72: 38749 | E72: CUMPLE EL TIEMPO MÍNIMO REQUERIDO DE HABER TERMINADO Y APROBADO ESTUDIOS | F72: INGENIERO CIVIL | G72: MAGISTER EN INGENIERÍA CIVIL EN EL ÁREA DE PROFUNDIZACIÓN INGENIERÍA Y GERENCIA DE LA CONSTRUCCIÓN | K72: 0
K73: 0 | L73: 0
K74: 0 | L74: 0
K75: 0 | L75: 0
K76: 0 | L76: 0
H77: TOTAL | K77: 0
L78: PUNTAJE TOTAL | M78: 0
A80: OFERENTE | B80: 6 | C80: CONSORCIO CSI005-C&P
C81: (PROMOTORA VALORES S.A.S. 50% - CONSULTAR CON PROFESIONALES Y CIA LTDA 50% - 0%- 0%- 0%)
A83: CARGO | B83: NOMBRE | C83: TARJETA PROFESIONAL | D83: FECHA EXPEDICIÓN | F83: PROFESION | G83: POSGRADO | H83: OBJETO | I83: FECHA TERMINACIÓN CONTRATO | J83: VALOR | K83: SMMLV | L83: PUNTAJE Más experiencia específica | M83: PUNTAJE Estudios adicionales de posgrados
A84: Director de Interventoría | B84: JAIRO GARCIA GARCIA | C84: 11133 | D84: 26277 | E84: CUMPLE EL TIEMPO MÍNIMO REQUERIDO DE HABER TERMINADO Y APROBADO ESTUDIOS | F84: ARQUITECTO | G84: ESPECIALISTA EN GERENCIA DE PROYECTOS | K84: 0
K85: 0 | L85: 0
K86: 0 | L86: 0
K87: 0 | L87: 0
K88: 0 | L88: 0
H89: TOTAL | K89: 0
L90: PUNTAJE TOTAL | M90: 0
A93: OFERENTE | B93: 7 | C93: CONSTRUCTODO INGENIEROS CONTRATISTAS LTDA.
C94: (CONSTRUCTODO INGENIEROS CONTRATISTAS LTDA. 100% - 0% - 0%- 0%- 0%)
A96: CARGO | B96: NOMBRE | C96: TARJETA PROFESIONAL | D96: FECHA EXPEDICIÓN | F96: PROFESION | G96: POSGRADO | H96: OBJETO | I96: FECHA TERMINACIÓN CONTRATO | J96: VALOR | K96: SMMLV | L96: PUNTAJE Más experiencia específica | M96: PUNTAJE Estudios adicionales de posgrados
A97: Director de Interventoría | B97: HENRY ALBERTO CASTRO REINA | C97: 25202-093184 | D97: 37483 | E97: CUMPLE EL TIEMPO MÍNIMO REQUERIDO DE HABER TERMINADO Y APROBADO ESTUDIOS | F97: INGENIERO CIVIL | G97: ESPECIALISTA EN GERENCIA DE OBRA | K97: 0
K98: 0 | L98: 0
K99: 0 | L99: 0
K100: 0 | L100: 0
K101: 0 | L101: 0
H102: TOTAL | K102: 0
L103: PUNTAJE TOTAL | M103: 0
A106: OFERENTE | B106: 8 | C106: ORTEGA ROLDAN Y CIA LTDA
C107: (ORTEGA ROLDAN Y CIA LTDA 100% - 0% - 0%- 0%- 0%)
A109: CARGO | B109: NOMBRE | C109: TARJETA PROFESIONAL | D109: FECHA EXPEDICIÓN | F109: PROFESION | G109: POSGRADO | H109: OBJETO | I109: FECHA TERMINACIÓN CONTRATO | J109: VALOR | K109: SMMLV | L109: PUNTAJE Más experiencia específica | M109: PUNTAJE Estudios adicionales de posgrados
A110: Director de Interventoría | B110: Jaime Antonio Ortega Restrepo | C110: 12612 | D110: 26841 | E110: CUMPLE EL TIEMPO MÍNIMO REQUERIDO DE HABER TERMINADO Y APROBADO ESTUDIOS | F110: INGENIERO CIVIL | G110: ESPECIALISTA EN GERENCIA DE OBRA | K110: 0
K111: 0 | L111: 0
K112: 0 | L112: 0
K113: 0 | L113: 0
K114: 0 | L114: 0
H115: TOTAL | K115: 0
L116: PUNTAJE TOTAL | M116: 0
A119: OFERENTE | B119: 9 | C119: PROYECTISTAS ASOCIADOS S.A.S.
C120: (PROYECTISTAS ASOCIADOS S.A.S. 100% - 0% - 0%- 0%- 0%)
A122: CARGO | B122: NOMBRE | C122: TARJETA PROFESIONAL | D122: FECHA EXPEDICIÓN | F122: PROFESION | G122: POSGRADO | H122: OBJETO | I122: FECHA TERMINACIÓN CONTRATO | J122: VALOR | K122: SMMLV | L122: PUNTAJE Más experiencia específica | M122: PUNTAJE Estudios adicionales de posgrados
A123: Director de Interventoría | B123: Oscar Eduardo Teatino Vargas | C123: 25202-50946 | D123: 34473 | E123: CUMPLE EL TIEMPO MÍNIMO REQUERIDO DE HABER TERMINADO Y APROBADO ESTUDIOS | F123: INGENIERO CIVIL | G123: Especialista en gerencia financiera | K123: 0
K124: 0 | L124: 0
K125: 0 | L125: 0
K126: 0 | L126: 0
K127: 0 | L127: 0
H128: TOTAL | K128: 0
L129: PUNTAJE TOTAL | M129: 0
A132: OFERENTE | B132: 10 | C132: INGENIERIA DE PROYECTOS S.A.S.
C133: (INGENIERIA DE PROYECTOS S.A.S. 100% - 0% - 0%- 0%- 0%)
A135: CARGO | B135: NOMBRE | C135: TARJETA PROFESIONAL | D135: FECHA EXPEDICIÓN | F135: PROFESION | G135: POSGRADO | H135: OBJETO | I135: FECHA TERMINACIÓN CONTRATO | J135: VALOR | K135: SMMLV | L135: PUNTAJE Más experiencia específica | M135: PUNTAJE Estudios adicionales de posgrados
A136: Director de Interventoría | B136: Oscar Correa Gomez | C136: 25202-01008 | D136: 29292 | E136: CUMPLE EL TIEMPO MÍNIMO REQUERIDO DE HABER TERMINADO Y APROBADO ESTUDIOS | F136: INGENIERO CIVIL | G136: MAESTRIA EN INGENIERIA CIVIL | H136: INTERVENTORIA TÉCNICA, ADMINISTRATIVA Y DE CONTROL PRESUPUESTAL A: GRUPO 3: LOS ESTUDIOS TÉCNICOS, DISEÑO Y CONSTRUCCIÓN DE UN CENTRO INFANTIL PARA EL ICBF Y EL MEN EN EL MUNICIPIO DE YUMBO EN EL DEPARTAMENTO DEL VALLE | I136: 40745 | J136: 87197032 | K136: 162.80252 | L136: 15 | M136: 15
K137: 0 | L137: 0
...

Sheet Formato 7A
A1: FONDO FINANCIERO DE PROYECTOS DE DESARROLLO FONADE DEPARTAMENTO PARA LA PROSPERIDAD SOCIAL -DPS CONVENIO INTERADMINISTRATIVO Nº 212080 INTERVENTORÍA TÉCNICA, ADMINISTRATIVA Y DE CONTROL PRESUPUESTAL PARA LA CONSTRUCCIÓN DEL CENTRO INTEGRADO COMUNITARIO CISCO SAN JOSÉ – FASE I, MUNICIPIO DE MANIZALES – CALDAS CONVOCATORIA SIMPLIFICADA CSI 005-2018
A4: OFERENTE | B4: 1 | C4: CONSULTORIA ESTRUCTURAL Y DE CONSTRUCCION S.A.S. - CEYCO INGENIERIA SAS | K4: F.M. | L4: 1.95 | M4: REGLAS DE PARTICIPACION
C5: (CONSULTORIA ESTRUCTURAL Y DE CONSTRUCCION S.A.S. - CEYCO INGENIERIA SAS 100% - 0% - 0%- 0%- 0%) | K5: PLAZO | L5: 6 | M5: MESES
K7: FORMATO 11 | M7: 2.4358
A8: FORMATO 07 A
A9: PERSONAL PROFESIONAL
A10: CONCEPTO | B10: A | C10: B | D10: C | E10: D | F10: E | H10: F
A11: Personal Profesional | B11: Cantidad | C11: Sueldo Mes Básico | D11: % Dedicación | E11: F.M. (%) | F11: Valor Mes (AxBxCxD) | H11: No. Meses | I11: Total Parcial (ExF)
A12: Director de Interventoría | B12: 1 | C12: 4300000 | D12: 0.2 | E12: 2.44 | F12: 2098400 | H12: 6 | I12: 12590400 | J12: el F.M. en %
A13: Residente de Interventoría | B13: 1 | C13: 2600000 | D13: 1 | E13: 2.44 | F13: 6344000 | H13: 6 | I13: 38064000
A14: Especialista Eléctrico y/o redes de voz y datos | B14: 1 | C14: 3300000 | D14: 0.2 | E14: 2.44 | F14: 1610400 | H14: 6 | I14: 9662400
E15: 2.44 | F15: 0 | H15: 6 | I15: 0
E16: 2.44 | F16: 0 | H16: 6 | I16: 0
E17: 2.44 | F17: 0 | H17: 6 | I17: 0
E18: 2.44 | F18: 0 | H18: 6 | I18: 0
E19: 2.44 | F19: 0 | H19: 6 | I19: 0
E20: 2.44 | F20: 0 | H20: 6 | I20: 0
F21: 0 | I21: 0
A22: SUBTOTAL COSTO PERSONAL PROFESIONAL (1) | I22: 60316800
A23: PERSONAL TÉCNICO
A24: Personal Técnico | B24: Cantidad | C24: Sueldo Mes Básico | D24: % Dedicación | E24: F.M. % | F24: Valor Mes (AxBxCxD) | H24: No. Meses | I24: Total Parcial (ExF)
A25: Técnico PGIO | B25: 1 | C25: 1500000 | D25: 1 | E25: 2.44 | F25: 3660000 | H25: 6 | I25: 21960000
A26: Inspector de Interventoría | B26: 1 | C26: 1600000 | D26: 1 | E26: 2.44 | F26: 3904000 | H26: 6 | I26: 23424000
A27: Topógrafo | B27: 1 | C27: 2500000 | D27: 0.2 | E27: 2.44 | F27: 1220000 | H27: 6 | I27: 7320000
A28: Cadenero | B28: 1 | C28: 1186816 | D28: 0.2 | E28: 2.44 | F28: 579166 | H28: 6 | I28: 3474996
A29: SUBTOTAL COSTO PERSONAL TECNICO (2) | I29: 56178996
A30: OTROS COSTOS DIRECTOS
A31: Otros costos directos | D31: UND | F31: Cantidad | H31: Vr. Unitario | I31: Total
A32: OFICINA | D32: MES | F32: 6 | H32: 2000000 | I32: 12000000
A33: EQUIPOS DE COMPUTO | D33: GL | F33: 1 | H33: 3000000 | I33: 3000000
A34: PAPELERIA | D34: GL | F34: 1 | H34: 3000000 | I34: 3000000
I35: 0
I36: 0
I37: 0
I38: 0
I39: 0
I40: 0
I41: 0
I42: 0
I43: 0
A44: SUBTOTAL OTROS COSTOS DIRECTOS (3) | I44: 18000000
A45: RESUMEN GENERAL
A46: COSTO TOTAL (1 + 2 + 3) | I46: 134495796
A47: IVA 19% | I47: 25554201
A48: VALOR TOTAL COSTO | I48: 160049997 | J48: VALOR FORMATO 07 | M48: 160050000
A51: OFERENTE | B51: 2 | C51: NELSY LIDIA CRUZ SUAREZ | K51: F.M. | L51: 1.95 | M51: REGLAS DE PARTICIPACION
C52: (NELSY LIDIA CRUZ SUAREZ 100% - 0% - 0%- 0%- 0%) | K52: PLAZO | L52: 6 | M52: MESES
K54: FORMATO 11 | M54: 2
A55: FORMATO 07 A
A56: PERSONAL PROFESIONAL
A57: CONCEPTO | B57: A | C57: B | D57: C | E57: D | F57: E | H57: F
A58: Personal Profesional | B58: Cantidad | C58: Sueldo Mes Básico | D58: % Dedicación | E58: F.M. (%) | F58: Valor Mes (AxBxCxD) | H58: No. Meses | I58: Total Parcial (ExF)
A59: Director de Interventoría | B59: 1 | C59: 4000000 | D59: 0.2 | E59: 2 | F59: 1600000 | H59: 6 | I59: 9600000
A60: Residente de Interventoría | B60: 1 | C60: 3000000 | D60: 1 | E60: 2 | F60: 6000000 | H60: 6 | I60: 36000000
A61: Especialista Eléctrico y/o redes de voz y datos | B61: 1 | C61: 3000000 | D61: 0.2 | E61: 2 | F61: 1200000 | H61: 6 | I61: 7200000
E62: 2 | F62: 0 | H62: 6 | I62: 0
E63: 2 | F63: 0 | H63: 6 | I63: 0
E64: 2 | F64: 0 | H64: 6 | I64: 0
E65: 2 | F65: 0 | H65: 6 | I65: 0
E66: 2 | F66: 0 | H66: 6 | I66: 0
E67: 2 | F67: 0 | H67: 6 | I67: 0
F68: 0 | I68: 0
A69: SUBTOTAL COSTO PERSONAL PROFESIONAL (1) | I69: 52800000
A70: PERSONAL TÉCNICO
A71: Personal Técnico | B71: Cantidad | C71: Sueldo Mes Básico | D71: % Dedicación | E71: F.M. % | F71: Valor Mes (AxBxCxD) | H71: No. Meses | I71: Total Parcial (ExF)
A72: Técnico PGIO | B72: 1 | C72: 2000000 | D72: 1 | E72: 2 | F72: 4000000 | H72: 6 | I72: 24000000
A73: Inspector de Interventoría | B73: 1 | C73: 1500000 | D73: 1 | E73: 2 | F73: 3000000 | H73: 6 | I73: 18000000
A74: Topógrafo | B74: 1 | C74: 1500000 | D74: 0.2 | E74: 2 | F74: 600000 | H74: 6 | I74: 3600000
A75: Cadenero | B75: 1 | C75: 1600000 | D75: 0.2 | E75: 2 | F75: 640000 | H75: 6 | I75: 3840000
A76: Mensajero | B76: 1 | C76: 1300000 | D76: 0.3 | E76: 2 | F76: 780000 | H76: 6 | I76: 4680000
A77: Secretaria | B77: 1 | C77: 1300000 | D77: 0.4 | E77: 2 | F77: 1040000 | H77: 6 | I77: 6240000
A78: SUBTOTAL COSTO PERSONAL TECNICO (2) | I78: 60360000
A79: OTROS COSTOS DIRECTOS
A80: Otros costos directos | D80: UND | F80: Cantidad | H80: Vr. Unitario | I80: Total
A81: Alquiler de oficina | D81: MES | F81: 6 | H81: 1100000 | I81: 6600000
A82: Elaboracion de Informes | D82: MES | F82: 6 | H82: 1100000 | I82: 6600000
A83: Informes y laboratorio | D83: MES | F83: 6 | H83: 1100000 | I83: 6600000
I84: 0
I85: 0
I86: 0
I87: 0
I88: 0
I89: 0
I90: 0
I91: 0
I92: 0
A93: SUBTOTAL OTROS COSTOS DIRECTOS (3) | I93: 19800000
A94: RESUMEN GENERAL
A95: COSTO TOTAL (1 + 2 + 3) | I95: 132960000
A96: IVA 19% | I96: 25262400
A97: VALOR TOTAL COSTO | I97: 158222400 | J97: VALOR FORMATO 07 | M97: 158222400
A100: OFERENTE | B100: 3 | C100: CONSTRUCTORA JAIME URIBE S.A.S | K100: F.M. | L100: 1.95 | M100: REGLAS DE PARTICIPACION
C101: (CONSTRUCTORA JAIME URIBE S.A.S 100% - 0% - 0%- 0%- 0%) | K101: PLAZO | L101: 6 | M101: MESES
K103: FORMATO 11 | M103: 2.32 | N103: VALOR REDONDEADO
A104: FORMATO 07 A
A105: PERSONAL PROFESIONAL
A106: CONCEPTO | B106: A | C106: B | D106: C | E106: D | F106: E | H106: F
A107: Personal Profesional | B107: Cantidad | C107: Sueldo Mes Básico | D107: % Dedicación | E107: F.M. (%) | F107: Valor Mes (AxBxCxD) | H107: No. Meses | I107: Total Parcial (ExF)
A108: Director de Interventoría | B108: 1 | C108: 3500000 | D108: 0.2 | E108: 0.0232 | F108: 16240 | H108: 6 | I108: 97440 | K108: AJUSTAR F.M. EN (%)
A109: Residente de Interventoría | B109: 1 | C109: 3000000 | D109: 1 | E109: 0.0232 | F109: 69600 | H109: 6 | I109: 417600
...

Sheet Formato 11
A2: OFERENTE | B2: 1 | C2: CONSULTORIA ESTRUCTURAL Y DE CONSTRUCCION S.A.S. - CEYCO INGENIERIA SAS
C3: (CONSULTORIA ESTRUCTURAL Y DE CONSTRUCCION S.A.S. - CEYCO INGENIERIA SAS 100% - 0% - 0%- 0%- 0%)
A6: ITEM | B6: DESCRIPCION | D6: %
A7: A | B7: Salario Básico (Nómina Total Mensual) | D7: 1
A8: B | B8: Prestaciones Sociales | D8: 0.2266
A9: C | B9: Sistema de Seguridad Social Integral | D9: 0.3696
A10: D | B10: Otros | D10: 0.05
B11: Subtotal B+C | D11: 0.5962
B12: Subtotal A+B+C+D | D12: 1.6462
A14: ITEM | B14: DESCRIPCION | D14: %
A15: E | B15: Costos Indirectos
A16: E1 | B16: Gastos Generales | D16: 0.4046
A17: E2 | B17: Impuestos, timbres, perfeccionamiento | D17: 0.14
B18: Subtotal (E1+E2) | D18: 0.5446
A20: ITEM | B20: DESCRIPCION | D20: %
A21: F | B21: Honorarios (incluye Gastos contingentes) | D21: 0.245
A23: FACTOR MULTIPLICADOR (A+B+C+D+E+F) | D23: 2.4358
A26: OFERENTE | B26: 2 | C26: NELSY LIDIA CRUZ SUAREZ
C27: (NELSY LIDIA CRUZ SUAREZ 100% - 0% - 0%- 0%- 0%)
A30: ITEM | B30: DESCRIPCION | D30: %
A31: A | B31: Salario Básico (Nómina Total Mensual) | D31: 1
A32: B | B32: Prestaciones Sociales | D32: 0.5133
A33: C | B33: Sistema de Seguridad Social Integral | D33: 0.08
A34: D | B34: Otros | D34: 0.04
B35: Subtotal B+C | D35: 0.5933
B36: Subtotal A+B+C+D | D36: 1.6333
A38: ITEM | B38: DESCRIPCION | D38: %
A39: E | B39: Costos Indirectos
A40: E1 | B40: Gastos Generales | D40: 0.0367
A41: E2 | B41: Impuestos, timbres, perfeccionamiento | D41: 0.22
B42: Subtotal (E1+E2) | D42: 0.2567
A44: ITEM | B44: DESCRIPCION | D44: %
A45: F | B45: Honorarios (incluye Gastos contingentes) | D45: 0.11
A47: FACTOR MULTIPLICADOR (A+B+C+D+E+F) | D47: 2
A49: OFERENTE | B49: 3 | C49: CONSTRUCTORA JAIME URIBE S.A.S
C50: (CONSTRUCTORA JAIME URIBE S.A.S 100% - 0% - 0%- 0%- 0%)
A53: ITEM | B53: DESCRIPCION | D53: %
A54: A | B54: Salario Básico (Nómina Total Mensual) | D54: 1
A55: B | B55: Prestaciones Sociales | D55: 0.582
A56: C | B56: Sistema de Seguridad Social Integral | D56: 0.293
A57: D | B57: Otros | D57: 0.02
B58: Subtotal B+C | D58: 0.875
B59: Subtotal A+B+C+D | D59: 1.895
A61: ITEM | B61: DESCRIPCION | D61: %
A62: E | B62: Costos Indirectos
A63: E1 | B63: Gastos Generales | D63: 0.165
A64: E2 | B64: Impuestos, timbres, perfeccionamiento | D64: 0.034
B65: Subtotal (E1+E2) | D65: 0.199
A67: ITEM | B67: DESCRIPCION | D67: %
A68: F | B68: Honorarios (incluye Gastos contingentes) | D68: 0.226
A70: FACTOR MULTIPLICADOR (A+B+C+D+E+F) | D70: 2.32 | E70: VALOR REDONDEADO
A72: OFERENTE | B72: 4 | C72: CONSORCIO INTER SAN JOSE
C73: (YOHAN FAHIR BERMUDEZ PARRA 65% - FEDERICO GARCIA ARBELAEZ 35% - 0%- 0%- 0%)
A76: ITEM | B76: DESCRIPCION | D76: %
A77: A | B77: Salario Básico (Nómina Total Mensual) | D77: 1
A78: B | B78: Prestaciones Sociales | D78: 0.2183
A79: C | B79: Sistema de Seguridad Social Integral | D79: 0.3646
A80: D | B80: Otros | D80: 0.08
B81: Subtotal B+C | D81: 0.5829
B82: Subtotal A+B+C+D | D82: 1.6629
A84: ITEM | B84: DESCRIPCION | D84: %
A85: E | B85: Costos Indirectos
A86: E1 | B86: Gastos Generales | D86: 0.52
A87: E2 | B87: Impuestos, timbres, perfeccionamiento | D87: 0.25
B88: Subtotal (E1+E2) | D88: 0.77
A90: ITEM | B90: DESCRIPCION | D90: %
A91: F | B91: Honorarios (incluye Gastos contingentes) | D91: 0.4671
A93: FACTOR MULTIPLICADOR (A+B+C+D+E+F) | D93: 2.9
A95: OFERENTE | B95: 5 | C95: CIVING INGENIEROS CONTRATISTAS S.A.S.
C96: (CIVING INGENIEROS CONTRATISTAS S.A.S. 100% - 0% - 0%- 0%- 0%)
A99: ITEM | B99: DESCRIPCION | D99: %
A100: A | B100: Salario Básico (Nómina Total Mensual) | D100: 1
A101: B | B101: Prestaciones Sociales | D101: 0.22
A102: C | B102: Sistema de Seguridad Social Integral | D102: 0.23
A103: D | B103: Otros | D103: 0.25
B104: Subtotal B+C | D104: 0.45
B105: Subtotal A+B+C+D | D105: 1.7
A107: ITEM | B107: DESCRIPCION | D107: %
A108: E | B108: Costos Indirectos
A109: E1 | B109: Gastos Generales | D109: 0.2
A110: E2 | B110: Impuestos, timbres, perfeccionamiento | D110: 0.15
B111: Subtotal (E1+E2) | D111: 0.35
A113: ITEM | B113: DESCRIPCION | D113: %
A114: F | B114: Honorarios (incluye Gastos contingentes) | D114: 0.25
A116: FACTOR MULTIPLICADOR (A+B+C+D+E+F) | D116: 2.3
A118: OFERENTE | B118: 6 | C118: CONSORCIO CSI005-C&P
C119: (PROMOTORA VALORES S.A.S. 50% - CONSULTAR CON PROFESIONALES Y CIA LTDA 50% - 0%- 0%- 0%)
A122: ITEM | B122: DESCRIPCION | D122: %
A123: A | B123: Salario Básico (Nómina Total Mensual) | D123: 1
A124: B | B124: Prestaciones Sociales | D124: 0.2566
A125: C | B125: Sistema de Seguridad Social Integral | D125: 0.3549
A126: D | B126: Otros | D126: 0.2025
B127: Subtotal B+C | D127: 0.6115
B128: Subtotal A+B+C+D | D128: 1.814
A130: ITEM | B130: DESCRIPCION | D130: %
A131: E | B131: Costos Indirectos
A132: E1 | B132: Gastos Generales | D132: 0.386
A133: E2 | B133: Impuestos, timbres, perfeccionamiento | D133: 0.2
B134: Subtotal (E1+E2) | D134: 0.586
A136: ITEM | B136: DESCRIPCION | D136: %
...

Sheet CONSOLIDACIÓN
A1: FONDO FINANCIERO DE PROYECTOS DE DESARROLLO – FONADE
A2: DEPARTAMENTO PARA LA PROSPERIDAD SOCIAL -DPS
A4: CONVENIO INTERADMINISTRATIVO Nº 212080
A6: CONVOCATORIA SIMPLIFICADA CSI 005-2018
A8: INTERVENTORÍA TÉCNICA, ADMINISTRATIVA Y DE CONTROL PRESUPUESTAL PARA LA CONSTRUCCIÓN DEL CENTRO INTEGRADO COMUNITARIO CISCO SAN JOSÉ – FASE I, MUNICIPIO DE MANIZALES – CALDAS
A11: AUDIENCIA DE CIERRE - ORDEN
A15: No | B15: OFERENTE | C15: BALOTA MAYOR CONSOLIDACIÓN OFERENTES
A16: 1 | B16: CEYCO INGENIERIA SAS | C16: 174
A17: 7 | B17: NELSY LIDIA CRUZ SUAREZ | C17: 164
A18: 10 | B18: CONSTRUCTORA JAIME URIBE S.A.S | C18: 123
A19: 4 | B19: CONSORCIO INTER SAN JOSE (YOHAN FAHIR BERMUDEZ PARRA 65% - FEDERICO GARCIA ARBELAEZ 35%) | C19: 91
A20: 8 | B20: CIVING INGENIEROS CONTRATISTAS SAS | C20: 64
A21: 3 | B21: CONSORCIO CSI 005 - C&P (PROMOTORA VALORES S.A.S. 50% - CONSULTAR CON PROFESIONALES Y CIA LTDA 50%) | C21: 56
A22: 2 | B22: CONSTRUCTODO INGENIEROS CONTRATISTAS LTDA | C22: 48
A23: 9 | B23: ORTEGA ROLDAN Y CIA LTDA | C23: 34
A24: 5 | B24: PROYECTISTAS ASOCIADOS SAS | C24: 2
A25: 6 | B25: INGENIERIA DE PROYECTOS S.A.S. - INP S.A.S | C25: 1

Sheet LISTA DE OFERENTES
B1: ='[10]VERIFICACION FORMATO 07'!A1 -> FONDO FINANCIERO DE PROYECTOS DE DESARROLLO – FONADE
B2: ='[10]VERIFICACION FORMATO 07'!A2 -> DEPARTAMENTO PARA LA PROSPERIDAD SOCIAL -DPS
B4: ='[10]VERIFICACION FORMATO 07'!A3 -> CONVENIO INTERADMINISTRATIVO Nº 212080
B6: ='[10]VERIFICACION FORMATO 07'!A6 -> CONVOCATORIA SIMPLIFICADA CSI 005-2018
B8: ='[10]VERIFICACION FORMATO 07'!A8 -> INTERVENTORÍA TÉCNICA, ADMINISTRATIVA Y DE CONTROL PRESUPUESTAL PARA LA CONSTRUCCIÓN DEL CENTRO INTEGRADO COMUNITARIO CISCO SAN JOSÉ – FASE I, MUNICIPIO DE MANIZALES – CALDAS
D11: Presupuesto Total
C12: POE: | D12: 160070650
C13: POE - ETAPA B
B15: Factor Multipl. ATAPA B | D15: 2.02
B17: Nº | C17: OFERENTE | D17: BALOTA MAYOR ORDEN DE OFERENTES EN CASO DE EMPATE | E17: VALOR DE LA INTERVENTORIA ETAPA B | F17: VALOR OFERTA ECONÓMICA | G17: FACTOR MULTIPLICADOR ETAPA B
B18: 1 | C18: =[10]CONSOLIDACIÓN!B16 -> CEYCO INGENIERIA SAS | D18: 101 | F18: 160050000 | G18: 2.15
B19: 2 | C19: =[10]CONSOLIDACIÓN!B17 -> NELSY LIDIA CRUZ SUAREZ | D19: 64 | F19: 158222400 | G19: 2.9
B20: 3 | C20: =[10]CONSOLIDACIÓN!B18 -> CONSTRUCTORA JAIME URIBE S.A.S | D20: 7 | F20: 160034775 | G20: 2.3
B21: 4 | C21: =[10]CONSOLIDACIÓN!B19 -> CONSORCIO INTER SAN JOSE (YOHAN FAHIR BERMUDEZ PARRA 65% - FEDERICO GARCIA ARBELAEZ 35%) | F21: =134512605+25557395 -> 160070000
B22: 5 | C22: =[10]CONSOLIDACIÓN!B20 -> CIVING INGENIEROS CONTRATISTAS SAS | F22: 160021680
B23: 6 | C23: =[10]CONSOLIDACIÓN!B21 -> CONSORCIO CSI 005 - C&P (PROMOTORA VALORES S.A.S. 50% - CONSULTAR CON PROFESIONALES Y CIA LTDA 50%) | F23: 160069002
B24: 7 | C24: =[10]CONSOLIDACIÓN!B22 -> CONSTRUCTODO INGENIEROS CONTRATISTAS LTDA | F24: 159654684
B25: 8 | C25: =[10]CONSOLIDACIÓN!B23 -> ORTEGA ROLDAN Y CIA LTDA | F25: 160007400
B26: 9 | C26: =[10]CONSOLIDACIÓN!B24 -> PROYECTISTAS ASOCIADOS SAS | F26: 160070232
B27: 10 | C27: =[10]CONSOLIDACIÓN!B25 -> INGENIERIA DE PROYECTOS S.A.S. - INP S.A.S | F27: 159814620

Sheet VERIFICACION 
A1: FONDO FINANCIERO DE PROYECTOS DE DESARROLLO – FONADE
A2: DEPARTAMENTO PARA LA PROSPERIDAD SOCIAL -DPS
A3: CONVENIO INTERADMINISTRATIVO Nº 212080
A6: CONVOCATORIA SIMPLIFICADA CSI 005-2018
A8: INTERVENTORÍA TÉCNICA, ADMINISTRATIVA Y DE CONTROL PRESUPUESTAL PARA LA CONSTRUCCIÓN DEL CENTRO INTEGRADO COMUNITARIO CISCO SAN JOSÉ – FASE I, MUNICIPIO DE MANIZALES – CALDAS
A10: OFERTA ECONOMICA
A12: PRESUPUESTO OFICIAL | B12: 160070650
A14: PRESUPUESTO FASE I (A)
A15: PRESUPUESTO FASE II (B)
A16: PRESUPUESTO COMPONENTE INTERVENTORÍA CONTRATO DE OBRA (A+B) | B16: 0
A17: PRESUPUESTO COMPONENTE INTERVENTORÍA AL CONTRATO DE CONSULTORÍA ( C)
A19: OFERENTE | B19: 1 | C19: CEYCO INGENIERIA SAS
A21: SUBTOTAL INTERVENTORIA | B21: 134495798 | C21: 134495798
A22: IVA 19% | B22: 25554202
A23: VALOR TOTAL INTERVENTORIA | C23: 160050000
A25: OFERENTE | B25: 2 | C25: NELSY LIDIA CRUZ SUAREZ
A27: SUBTOTAL INTERVENTORIA | B27: 132960000 | C27: 132960000
A28: IVA 19% | B28: 25262400
A29: VALOR TOTAL INTERVENTORIA | C29: 158222400
A31: OFERENTE | B31: 3 | C31: CONSTRUCTORA JAIME URIBE S.A.S
A33: SUBTOTAL INTERVENTORIA | B33: 134483004 | C33: 134483004
A34: IVA 19% | B34: 25551771
A35: VALOR TOTAL INTERVENTORIA | C35: 160034775
A37: OFERENTE | B37: 4 | C37: CONSORCIO INTER SAN JOSE (YOHAN FAHIR BERMUDEZ PARRA 65% - FEDERICO GARCIA ARBELAEZ 35%)
A39: SUBTOTAL INTERVENTORIA | B39: 134512605 | C39: 134512605
A40: IVA 19% | B40: 25557395
A41: VALOR TOTAL CONSULTORIA | C41: 160070000
A43: OFERENTE | B43: 5 | C43: CIVING INGENIEROS CONTRATISTAS SAS
A45: SUBTOTAL INTERVENTORIA | B45: 134472000 | C45: 134472000
A46: IVA 19% | B46: 25549680
A47: VALOR TOTAL CONSULTORIA | C47: 160021680
A49: OFERENTE | B49: 6 | C49: CONSORCIO CSI 005 - C&P (PROMOTORA VALORES S.A.S. 50% - CONSULTAR CON PROFESIONALES Y CIA LTDA 50%)
A51: SUBTOTAL INTERVENTORIA | B51: 134511766 | C51: 134511766
A52: IVA 19% | B52: 25557236
A53: VALOR TOTAL CONSULTORIA | C53: 160069002
A55: OFERENTE | B55: 7 | C55: CONSTRUCTODO INGENIEROS CONTRATISTAS LTDA
A57: SUBTOTAL INTERVENTORIA | B57: 134163600 | C57: 134163600
A58: IVA 19% | B58: 25491084
A59: VALOR TOTAL CONSULTORIA | C59: 159654684
A61: OFERENTE | B61: 8 | C61: ORTEGA ROLDAN Y CIA LTDA
A63: SUBTOTAL INTERVENTORIA | B63: 134460000 | C63: 134460000
A64: IVA 19% | B64: 25547400
A65: VALOR TOTAL CONSULTORIA | C65: 160007400
A67: OFERENTE | B67: 9 | C67: PROYECTISTAS ASOCIADOS SAS
A69: SUBTOTAL INTERVENTORIA | B69: 134512800 | C69: 134512800
A70: IVA 19% | B70: 25557432
A71: VALOR TOTAL CONSULTORIA | C71: 160070232
A73: OFERENTE | B73: 10 | C73: INGENIERIA DE PROYECTOS S.A.S. - INP S.A.S
A75: SUBTOTAL INTERVENTORIA | B75: 134298000 | C75: 134298000
A76: IVA 19% | B76: 25516620
A77: VALOR TOTAL CONSULTORIA | C77: 159814620
